Workbook

Sheet CONSOLIDADO
A2: ALCALDIA LOCAL DE USAQUEN
C4: OBJETO DE CONTRATO | E4: ='DATOS INICIALES'!D2 -> "INTERVENTORÍA TÉCNICA, ADMINISTRATIVA, FINANCIERA, JURÍDICA, AMBIENTAL Y SOCIAL AL CONTRATO DE OBRA PÚBLICA RESULTANTE DEL PROCESO DE LICITACIÓN PÚBLICA CUYO OBJETO ES: CONTRATAR POR EL SISTEMA DE PRECIOS UNITARIOS Y A MONTO AGOTABLE LA INTERVENCIÓN DE LOS ELEMENTOS DE LA MALLA VIAL LOCAL E INTERMEDIA Y/O ESPACIO PÚBLICO DE LA LOCALIDAD DE USAQUÉN EN BOGOTÁ CON OBRAS Y ACTIVIDADES DE CONSERVACIÓN"
C5: VALOR DEL CONTRATO | E5: ='DATOS INICIALES'!G4 -> FDLUSA-CMA-003-2025 | J5: ='DATOS INICIALES'!C5 -> 1404008910
A7: =CONCATENATE("RESUMEN DE EVALUACIÓN REQUISITOS HABILITANTES - ",'DATOS INICIALES'!G4) -> RESUMEN DE EVALUACIÓN REQUISITOS HABILITANTES - FDLUSA-CMA-003-2025
A9: No. | B9: NOMBRE DEL PROPONENTE | C9: CANTIDAD DE INTEGRANTES | D9: % PARTICIPACION | E9: EVALUACIÓN TÉCNICA | G9: EVALUACIÓN JURÍDICA | H9: EVALUACIÓN FINANCIERA | I9: OFERTA ECONOMICA | J9: RESULTADO EVALUACIÓN | K9: OBSERVACIONES
A11: 1 | B11: =+PROPONENTES!B10 -> GRUPO METRO COLOMBIA SAS | C11: =+PROPONENTES!M10 -> 1 | D11: =+PROPONENTES!N10 -> 1 | E11: =+'1'!$I$11 -> CUMPLE | G11: CUMPLE | H11: CUMPLE | I11: CUMPLE | J11: =IF(AND(E11="",G11="",H11="",I11=""),"",IF(AND(E11="CUMPLE",G11="CUMPLE",H11="CUMPLE",I11="CUMPLE"),"HABILITADO","INHABILITADO")) -> HABILITADO
A12: 2 | B12: =+PROPONENTES!B11 -> CONSORCIO INTERVIAS USAQUEN AI | C12: =+PROPONENTES!M11 -> 2 | D12: =+PROPONENTES!N11 -> 1 | E12: =+'2'!$I$11 -> CUMPLE | G12: CUMPLE | H12: CUMPLE | I12: CUMPLE | J12: =IF(AND(E12="",G12="",H12="",I12=""),"",IF(AND(E12="CUMPLE",G12="CUMPLE",H12="CUMPLE",I12="CUMPLE"),"HABILITADO","INHABILITADO")) -> HABILITADO
A13: 3 | B13: =+PROPONENTES!B12 -> CONSORCIO PROYECTA VIAL | C13: =+PROPONENTES!M12 -> 2 | D13: =+PROPONENTES!N12 -> 1 | E13: =+'3'!$I$11 -> CUMPLE | G13: CUMPLE | H13: CUMPLE | I13: CUMPLE | J13: =IF(AND(E13="",G13="",H13="",I13=""),"",IF(AND(E13="CUMPLE",G13="CUMPLE",H13="CUMPLE",I13="CUMPLE"),"HABILITADO","INHABILITADO")) -> HABILITADO
A14: 4 | B14: =+PROPONENTES!B13 -> PROYECTOS E INTERVENTORIAS S.A.S. | C14: =+PROPONENTES!M13 -> 1 | D14: =+PROPONENTES!N13 -> 1 | E14: =+'4'!$I$11 -> CUMPLE | G14: CUMPLE | H14: CUMPLE | I14: CUMPLE | J14: =IF(AND(E14="",G14="",H14="",I14=""),"",IF(AND(E14="CUMPLE",G14="CUMPLE",H14="CUMPLE",I14="CUMPLE"),"HABILITADO","INHABILITADO")) -> HABILITADO
A15: 5 | B15: =+PROPONENTES!B14 -> CONSORCIO GAB VIAL USAQUEN 2025 | C15: =+PROPONENTES!M14 -> 2 | D15: =+PROPONENTES!N14 -> 1 | E15: =+'5'!$I$11 -> CUMPLE | G15: CUMPLE | H15: CUMPLE | I15: CUMPLE | J15: =IF(AND(E15="",G15="",H15="",I15=""),"",IF(AND(E15="CUMPLE",G15="CUMPLE",H15="CUMPLE",I15="CUMPLE"),"HABILITADO","INHABILITADO")) -> HABILITADO
A16: 6 | B16: =+PROPONENTES!B15 -> CONSORCIO INTER TS 03 | C16: =+PROPONENTES!M15 -> 2 | D16: =+PROPONENTES!N15 -> 1 | E16: =+'6'!$I$11 -> CUMPLE | G16: CUMPLE | H16: CUMPLE | I16: CUMPLE | J16: =IF(AND(E16="",G16="",H16="",I16=""),"",IF(AND(E16="CUMPLE",G16="CUMPLE",H16="CUMPLE",I16="CUMPLE"),"HABILITADO","INHABILITADO")) -> HABILITADO
A17: 7 | B17: =+PROPONENTES!B16 -> CONSORCIO PB | C17: =+PROPONENTES!M16 -> 2 | D17: =+PROPONENTES!N16 -> 1 | E17: =+'7'!$I$11 -> NO CUMPLE | G17: CUMPLE | H17: CUMPLE | I17: NO CUMPLE | J17: =IF(AND(E17="",G17="",H17="",I17=""),"",IF(AND(E17="CUMPLE",G17="CUMPLE",H17="CUMPLE",I17="CUMPLE"),"HABILITADO","INHABILITADO")) -> INHABILITADO | K17: No subsano
A18: 8 | B18: =+PROPONENTES!B17 -> Inveler Consultoría S.A.S. | C18: =+PROPONENTES!M17 -> 1 | D18: =+PROPONENTES!N17 -> 1 | E18: =+'8'!$I$11 -> NO CUMPLE | G18: CUMPLE | H18: CUMPLE | I18: NO CUMPLE | J18: =IF(AND(E18="",G18="",H18="",I18=""),"",IF(AND(E18="CUMPLE",G18="CUMPLE",H18="CUMPLE",I18="CUMPLE"),"HABILITADO","INHABILITADO")) -> INHABILITADO | K18: No subsano
A19: 9 | B19: =+PROPONENTES!B18 -> CONSORCIO VYE USAQUÉN | C19: =+PROPONENTES!M18 -> 2 | D19: =+PROPONENTES!N18 -> 1 | E19: =+'9'!$I$11 -> CUMPLE | G19: CUMPLE | H19: CUMPLE | I19: CUMPLE | J19: =IF(AND(E19="",G19="",H19="",I19=""),"",IF(AND(E19="CUMPLE",G19="CUMPLE",H19="CUMPLE",I19="CUMPLE"),"HABILITADO","INHABILITADO")) -> HABILITADO
A20: 10 | B20: =+PROPONENTES!B19 -> CONSORCIO INGENIERIA PROES LATAM | C20: =+PROPONENTES!M19 -> 2 | D20: =+PROPONENTES!N19 -> 1 | E20: =+'10'!$I$11 -> CUMPLE | G20: CUMPLE | H20: CUMPLE | I20: CUMPLE | J20: =IF(AND(E20="",G20="",H20="",I20=""),"",IF(AND(E20="CUMPLE",G20="CUMPLE",H20="CUMPLE",I20="CUMPLE"),"HABILITADO","INHABILITADO")) -> HABILITADO
A21: 11 | B21: =+PROPONENTES!B20 -> COMPAÑÍA DE PROYECTOS TÉCNICOS CPT S.A. | C21: =+PROPONENTES!M20 -> 1 | D21: =+PROPONENTES!N20 -> 1 | E21: =+'11'!$I$11 -> CUMPLE | G21: CUMPLE | H21: CUMPLE | I21: CUMPLE | J21: =IF(AND(E21="",G21="",H21="",I21=""),"",IF(AND(E21="CUMPLE",G21="CUMPLE",H21="CUMPLE",I21="CUMPLE"),"HABILITADO","INHABILITADO")) -> HABILITADO
A22: 12 | B22: =+PROPONENTES!B21 -> CONSORCIO 3797 KAPROY USAQUEN | C22: =+PROPONENTES!M21 -> 2 | D22: =+PROPONENTES!N21 -> 1 | E22: =+'12'!$I$11 -> CUMPLE | G22: CUMPLE | H22: CUMPLE | I22: CUMPLE | J22: =IF(AND(E22="",G22="",H22="",I22=""),"",IF(AND(E22="CUMPLE",G22="CUMPLE",H22="CUMPLE",I22="CUMPLE"),"HABILITADO","INHABILITADO")) -> HABILITADO
A23: 13 | B23: =+PROPONENTES!B22 -> CONSORCIO MIRALTA | C23: =+PROPONENTES!M22 -> 2 | D23: =+PROPONENTES!N22 -> 1 | E23: =+'13'!$I$11 -> CUMPLE | G23: CUMPLE | H23: CUMPLE | I23: CUMPLE | J23: =IF(AND(E23="",G23="",H23="",I23=""),"",IF(AND(E23="CUMPLE",G23="CUMPLE",H23="CUMPLE",I23="CUMPLE"),"HABILITADO","INHABILITADO")) -> HABILITADO
A24: 14 | B24: =+PROPONENTES!B23 -> INT TERRA | C24: =+PROPONENTES!M23 -> 1 | D24: =+PROPONENTES!N23 -> 1 | E24: =+'14'!$I$11 -> CUMPLE | G24: CUMPLE | H24: CUMPLE | I24: CUMPLE | J24: =IF(AND(E24="",G24="",H24="",I24=""),"",IF(AND(E24="CUMPLE",G24="CUMPLE",H24="CUMPLE",I24="CUMPLE"),"HABILITADO","INHABILITADO")) -> HABILITADO
A25: 15 | B25: =+PROPONENTES!B24 -> CONSORCIO SAN RAFAEL | C25: =+PROPONENTES!M24 -> 2 | D25: =+PROPONENTES!N24 -> 1 | E25: =+'15'!$I$11 -> CUMPLE | G25: CUMPLE | H25: CUMPLE | I25: CUMPLE | J25: =IF(AND(E25="",G25="",H25="",I25=""),"",IF(AND(E25="CUMPLE",G25="CUMPLE",H25="CUMPLE",I25="CUMPLE"),"HABILITADO","INHABILITADO")) -> HABILITADO
A26: 16 | B26: =+PROPONENTES!B25 -> CONSORCIO INTER MALLA USAQUEN | C26: =+PROPONENTES!M25 -> 2 | D26: =+PROPONENTES!N25 -> 1 | E26: =+'16'!$I$11 -> CUMPLE | G26: CUMPLE | H26: NO CUMPLE | I26: CUMPLE | J26: =IF(AND(E26="",G26="",H26="",I26=""),"",IF(AND(E26="CUMPLE",G26="CUMPLE",H26="CUMPLE",I26="CUMPLE"),"HABILITADO","INHABILITADO")) -> INHABILITADO
A27: 17 | B27: =+PROPONENTES!B26 -> GAVINCO INGENIEROS CONSULTORES SAS | C27: =+PROPONENTES!M26 -> 1 | D27: =+PROPONENTES!N26 -> 1 | E27: =+'17'!$I$11 -> CUMPLE | G27: CUMPLE | H27: CUMPLE | I27: CUMPLE | J27: =IF(AND(E27="",G27="",H27="",I27=""),"",IF(AND(E27="CUMPLE",G27="CUMPLE",H27="CUMPLE",I27="CUMPLE"),"HABILITADO","INHABILITADO")) -> HABILITADO
A28: 18 | B28: =+PROPONENTES!B27 -> INGEOCILCON S.A.S. | C28: =+PROPONENTES!M27 -> 1 | D28: =+PROPONENTES!N27 -> 1 | E28: =+'18'!$I$11 -> CUMPLE | G28: CUMPLE | H28: CUMPLE | I28: CUMPLE | J28: =IF(AND(E28="",G28="",H28="",I28=""),"",IF(AND(E28="CUMPLE",G28="CUMPLE",H28="CUMPLE",I28="CUMPLE"),"HABILITADO","INHABILITADO")) -> HABILITADO
A29: 19 | B29: =+PROPONENTES!B28 -> CONSORCIO TORCA | C29: =+PROPONENTES!M28 -> 3 | D29: =+PROPONENTES!N28 -> 1 | E29: =+'19'!$I$11 -> CUMPLE | G29: CUMPLE | H29: CUMPLE | I29: CUMPLE | J29: =IF(AND(E29="",G29="",H29="",I29=""),"",IF(AND(E29="CUMPLE",G29="CUMPLE",H29="CUMPLE",I29="CUMPLE"),"HABILITADO","INHABILITADO")) -> HABILITADO
A30: 20 | B30: =+PROPONENTES!B29 -> CONSORCIO INTER USAQUEN JGK | C30: =+PROPONENTES!M29 -> 2 | D30: =+PROPONENTES!N29 -> 1 | E30: =+'20'!$I$11 -> CUMPLE | G30: CUMPLE | H30: CUMPLE | I30: CUMPLE | J30: =IF(AND(E30="",G30="",H30="",I30=""),"",IF(AND(E30="CUMPLE",G30="CUMPLE",H30="CUMPLE",I30="CUMPLE"),"HABILITADO","INHABILITADO")) -> HABILITADO
A31: 21 | B31: =+PROPONENTES!B30 -> CONSORCIO LGI USAQUÉN | C31: =+PROPONENTES!M30 -> 2 | D31: =+PROPONENTES!N30 -> 1 | E31: =+'21'!$I$11 -> CUMPLE | G31: CUMPLE | H31: CUMPLE | I31: CUMPLE | J31: =IF(AND(E31="",G31="",H31="",I31=""),"",IF(AND(E31="CUMPLE",G31="CUMPLE",H31="CUMPLE",I31="CUMPLE"),"HABILITADO","INHABILITADO")) -> HABILITADO
A32: 22 | B32: =+PROPONENTES!B31 -> CONSORCIO INTERDESARROLLO USAQUÉN | C32: =+PROPONENTES!M31 -> 2 | D32: =+PROPONENTES!N31 -> 1 | E32: =+'22'!$I$11 -> CUMPLE | G32: CUMPLE | H32: CUMPLE | I32: CUMPLE | J32: =IF(AND(E32="",G32="",H32="",I32=""),"",IF(AND(E32="CUMPLE",G32="CUMPLE",H32="CUMPLE",I32="CUMPLE"),"HABILITADO","INHABILITADO")) -> HABILITADO
A33: 23 | B33: =+PROPONENTES!B32 -> COBA B&C SAS | C33: =+PROPONENTES!M32 -> 1 | D33: =+PROPONENTES!N32 -> 1 | E33: =+'23'!$I$11 -> CUMPLE | G33: CUMPLE | H33: CUMPLE | I33: CUMPLE | J33: =IF(AND(E33="",G33="",H33="",I33=""),"",IF(AND(E33="CUMPLE",G33="CUMPLE",H33="CUMPLE",I33="CUMPLE"),"HABILITADO","INHABILITADO")) -> HABILITADO
A34: 24 | B34: =+PROPONENTES!B33 -> CONSORCIO USAQUEN 3M | C34: =+PROPONENTES!M33 -> 3 | D34: =+PROPONENTES!N33 -> 1 | E34: =+'24'!$I$11 -> CUMPLE | G34: CUMPLE | H34: CUMPLE | I34: CUMPLE | J34: =IF(AND(E34="",G34="",H34="",I34=""),"",IF(AND(E34="CUMPLE",G34="CUMPLE",H34="CUMPLE",I34="CUMPLE"),"HABILITADO","INHABILITADO")) -> HABILITADO
A35: 25 | B35: =+PROPONENTES!B34 -> CB INGENIEROS SAS | C35: =+PROPONENTES!M34 -> 1 | D35: =+PROPONENTES!N34 -> 1 | E35: =+'25'!$I$11 -> CUMPLE | G35: CUMPLE | H35: CUMPLE | I35: CUMPLE | J35: =IF(AND(E35="",G35="",H35="",I35=""),"",IF(AND(E35="CUMPLE",G35="CUMPLE",H35="CUMPLE",I35="CUMPLE"),"HABILITADO","INHABILITADO")) -> HABILITADO
A36: 26 | B36: =+PROPONENTES!B35 -> PD USAQUEN | C36: =+PROPONENTES!M35 -> 2 | D36: =+PROPONENTES!N35 -> 1 | E36: =+'26'!$I$11 -> CUMPLE | G36: CUMPLE | H36: CUMPLE | I36: CUMPLE | J36: =IF(AND(E36="",G36="",H36="",I36=""),"",IF(AND(E36="CUMPLE",G36="CUMPLE",H36="CUMPLE",I36="CUMPLE"),"HABILITADO","INHABILITADO")) -> HABILITADO
A37: 27 | B37: =+PROPONENTES!B36 -> VICOS USAQUEN | C37: =+PROPONENTES!M36 -> 3 | D37: =+PROPONENTES!N36 -> 1 | E37: =+'27'!$I$11 -> CUMPLE | G37: CUMPLE | H37: CUMPLE | I37: CUMPLE | J37: =IF(AND(E37="",G37="",H37="",I37=""),"",IF(AND(E37="CUMPLE",G37="CUMPLE",H37="CUMPLE",I37="CUMPLE"),"HABILITADO","INHABILITADO")) -> HABILITADO
A38: 28 | B38: =+PROPONENTES!B37 -> CONSORCIO INTERVENTORIA COANDINA | C38: =+PROPONENTES!M37 -> 2 | D38: =+PROPONENTES!N37 -> 1 | E38: =+'28'!$I$11 -> CUMPLE | G38: CUMPLE | H38: CUMPLE | I38: CUMPLE | J38: =IF(AND(E38="",G38="",H38="",I38=""),"",IF(AND(E38="CUMPLE",G38="CUMPLE",H38="CUMPLE",I38="CUMPLE"),"HABILITADO","INHABILITADO")) -> HABILITADO
A39: 29 | B39: =+PROPONENTES!B38 -> CONSORCIO USAQUEN AVANZA MIC | C39: =+PROPONENTES!M38 -> 3 | D39: =+PROPONENTES!N38 -> 1 | E39: =+'29'!$I$11 -> CUMPLE | G39: CUMPLE | H39: CUMPLE | I39: CUMPLE | J39: =IF(AND(E39="",G39="",H39="",I39=""),"",IF(AND(E39="CUMPLE",G39="CUMPLE",H39="CUMPLE",I39="CUMPLE"),"HABILITADO","INHABILITADO")) -> HABILITADO
A40: 30 | B40: =+PROPONENTES!B39 -> CONSORCIO INTER-USAQUEN 003 HCPC | C40: =+PROPONENTES!M39 -> 3 | D40: =+PROPONENTES!N39 -> 1 | E40: =+'30'!$I$11 -> CUMPLE | G40: CUMPLE | H40: CUMPLE | I40: CUMPLE | J40: =IF(AND(E40="",G40="",H40="",I40=""),"",IF(AND(E40="CUMPLE",G40="CUMPLE",H40="CUMPLE",I40="CUMPLE"),"HABILITADO","INHABILITADO")) -> HABILITADO
A41: 31 | B41: =+PROPONENTES!B40 -> CONSORCIO VIAS USA 2025 | C41: =+PROPONENTES!M40 -> 2 | D41: =+PROPONENTES!N40 -> 1 | E41: =+'31'!$I$11 -> CUMPLE | G41: CUMPLE | H41: CUMPLE | I41: CUMPLE | J41: =IF(AND(E41="",G41="",H41="",I41=""),"",IF(AND(E41="CUMPLE",G41="CUMPLE",H41="CUMPLE",I41="CUMPLE"),"HABILITADO","INHABILITADO")) -> HABILITADO
A42: 32 | B42: =+PROPONENTES!B41 -> CONSORCIO VIAL TAED USAQUEN | C42: =+PROPONENTES!M41 -> 2 | D42: =+PROPONENTES!N41 -> 1 | E42: =+'32'!$I$11 -> NO CUMPLE | G42: CUMPLE | H42: CUMPLE | I42: CUMPLE | J42: =IF(AND(E42="",G42="",H42="",I42=""),"",IF(AND(E42="CUMPLE",G42="CUMPLE",H42="CUMPLE",I42="CUMPLE"),"HABILITADO","INHABILITADO")) -> INHABILITADO | K42: No subsano
A43: 33 | B43: =+PROPONENTES!B42 -> COLOMBOINGENIERIA S.A.S. | C43: =+PROPONENTES!M42 -> 1 | D43: =+PROPONENTES!N42 -> 1 | E43: =+'33'!$I$11 -> NO CUMPLE | G43: CUMPLE | H43: CUMPLE | I43: CUMPLE | J43: =IF(AND(E43="",G43="",H43="",I43=""),"",IF(AND(E43="CUMPLE",G43="CUMPLE",H43="CUMPLE",I43="CUMPLE"),"HABILITADO","INHABILITADO")) -> INHABILITADO | K43: No subsano
A44: 34 | B44: =+PROPONENTES!B43 -> URBANO - USAQUEN 03 | C44: =+PROPONENTES!M43 -> 2 | D44: =+PROPONENTES!N43 -> 1 | E44: =+'34'!$I$11 -> CUMPLE | G44: NO CUMPLE | H44: CUMPLE | I44: CUMPLE | J44: =IF(AND(E44="",G44="",H44="",I44=""),"",IF(AND(E44="CUMPLE",G44="CUMPLE",H44="CUMPLE",I44="CUMPLE"),"HABILITADO","INHABILITADO")) -> INHABILITADO
A45: 35 | B45: =+PROPONENTES!B44 -> CONSORCIO INTERUSAQUEN RH | C45: =+PROPONENTES!M44 -> 2 | D45: =+PROPONENTES!N44 -> 1 | E45: =+'35'!$I$11 -> CUMPLE | G45: CUMPLE | H45: CUMPLE | I45: CUMPLE | J45: =IF(AND(E45="",G45="",H45="",I45=""),"",IF(AND(E45="CUMPLE",G45="CUMPLE",H45="CUMPLE",I45="CUMPLE"),"HABILITADO","INHABILITADO")) -> HABILITADO
A46: 36 | B46: =+PROPONENTES!B45 -> CONSORCIO USAQUEN 2025 | C46: =+PROPONENTES!M45 -> 2 | D46: =+PROPONENTES!N45 -> 1 | E46: =+'36'!$I$11 -> CUMPLE | G46: CUMPLE | H46: CUMPLE | I46: CUMPLE | J46: =IF(AND(E46="",G46="",H46="",I46=""),"",IF(AND(E46="CUMPLE",G46="CUMPLE",H46="CUMPLE",I46="CUMPLE"),"HABILITADO","INHABILITADO")) -> HABILITADO
A47: 37 | B47: =+PROPONENTES!B46 -> PRODEINCOL S.A.S. | C47: =+PROPONENTES!M46 -> 1 | D47: =+PROPONENTES!N46 -> 1 | E47: =+'37'!$I$11 -> CUMPLE | G47: CUMPLE | H47: CUMPLE | I47: CUMPLE | J47: =IF(AND(E47="",G47="",H47="",I47=""),"",IF(AND(E47="CUMPLE",G47="CUMPLE",H47="CUMPLE",I47="CUMPLE"),"HABILITADO","INHABILITADO")) -> HABILITADO
A48: 38 | B48: =+PROPONENTES!B47 -> PROYECTOS TECNICOS DE COLOMBIA SAS | C48: =+PROPONENTES!M47 -> 1 | D48: =+PROPONENTES!N47 -> 1 | E48: =+'38'!$I$11 -> CUMPLE | G48: CUMPLE | H48: CUMPLE | I48: CUMPLE | J48: =IF(AND(E48="",G48="",H48="",I48=""),"",IF(AND(E48="CUMPLE",G48="CUMPLE",H48="CUMPLE",I48="CUMPLE"),"HABILITADO","INHABILITADO")) -> HABILITADO
A49: 39 | B49: =+PROPONENTES!B48 -> CONSORCIO INTERPROVIAS USQ | C49: =+PROPONENTES!M48 -> 2 | D49: =+PROPONENTES!N48 -> 1 | E49: =+'39'!$I$11 -> CUMPLE | G49: CUMPLE | H49: CUMPLE | I49: CUMPLE | J49: =IF(AND(E49="",G49="",H49="",I49=""),"",IF(AND(E49="CUMPLE",G49="CUMPLE",H49="CUMPLE",I49="CUMPLE"),"HABILITADO","INHABILITADO")) -> HABILITADO
A50: 40 | B50: =+PROPONENTES!B49 -> CONSORCIO INTER Y19 | C50: =+PROPONENTES!M49 -> 2 | D50: =+PROPONENTES!N49 -> 1 | E50: =+'40'!$I$11 -> CUMPLE | G50: CUMPLE | H50: CUMPLE | I50: CUMPLE | J50: =IF(AND(E50="",G50="",H50="",I50=""),"",IF(AND(E50="CUMPLE",G50="CUMPLE",H50="CUMPLE",I50="CUMPLE"),"HABILITADO","INHABILITADO")) -> HABILITADO
A51: 41 | B51: =+PROPONENTES!B50 -> CONSORCIO INTER AXPROCOL | C51: =+PROPONENTES!M50 -> 2 | D51: =+PROPONENTES!N50 -> 1 | E51: =+'41'!$I$11 -> NO CUMPLE | G51: CUMPLE | H51: CUMPLE | I51: CUMPLE | J51: =IF(AND(E51="",G51="",H51="",I51=""),"",IF(AND(E51="CUMPLE",G51="CUMPLE",H51="CUMPLE",I51="CUMPLE"),"HABILITADO","INHABILITADO")) -> INHABILITADO
A52: 42 | B52: =+PROPONENTES!B51 -> CONSERVACIÓN USAQUEN IC | C52: =+PROPONENTES!M51 -> 2 | D52: =+PROPONENTES!N51 -> 1 | E52: =+'42'!$I$11 -> CUMPLE | G52: CUMPLE | H52: CUMPLE | I52: CUMPLE | J52: =IF(AND(E52="",G52="",H52="",I52=""),"",IF(AND(E52="CUMPLE",G52="CUMPLE",H52="CUMPLE",I52="CUMPLE"),"HABILITADO","INHABILITADO")) -> HABILITADO
A53: 43 | B53: =+PROPONENTES!B52 -> CONSORCIO HGR–INCON 13 | C53: =+PROPONENTES!M52 -> 2 | D53: =+PROPONENTES!N52 -> 1 | E53: =+'43'!$I$11 -> CUMPLE | G53: CUMPLE | H53: CUMPLE | I53: CUMPLE | J53: =IF(AND(E53="",G53="",H53="",I53=""),"",IF(AND(E53="CUMPLE",G53="CUMPLE",H53="CUMPLE",I53="CUMPLE"),"HABILITADO","INHABILITADO")) -> HABILITADO
A54: 44 | B54: =+PROPONENTES!B53 -> DF CONSULTORIA SAS | C54: =+PROPONENTES!M53 -> 1 | D54: =+PROPONENTES!N53 -> 1 | E54: =+'44'!$I$11 -> CUMPLE | G54: CUMPLE | H54: CUMPLE | I54: CUMPLE | J54: =IF(AND(E54="",G54="",H54="",I54=""),"",IF(AND(E54="CUMPLE",G54="CUMPLE",H54="CUMPLE",I54="CUMPLE"),"HABILITADO","INHABILITADO")) -> HABILITADO
A55: 45 | B55: =+PROPONENTES!B54 -> ARINCO SAS | C55: =+PROPONENTES!M54 -> 1 | D55: =+PROPONENTES!N54 -> 1 | E55: =+'45'!$I$11 -> CUMPLE | G55: CUMPLE | H55: CUMPLE | I55: CUMPLE | J55: =IF(AND(E55="",G55="",H55="",I55=""),"",IF(AND(E55="CUMPLE",G55="CUMPLE",H55="CUMPLE",I55="CUMPLE"),"HABILITADO","INHABILITADO")) -> HABILITADO
A56: 46 | B56: =+PROPONENTES!B55 -> MALLAUSA | C56: =+PROPONENTES!M55 -> 3 | D56: =+PROPONENTES!N55 -> 1 | E56: =+'46'!$I$11 -> CUMPLE | G56: CUMPLE | H56: CUMPLE | I56: CUMPLE | J56: =IF(AND(E56="",G56="",H56="",I56=""),"",IF(AND(E56="CUMPLE",G56="CUMPLE",H56="CUMPLE",I56="CUMPLE"),"HABILITADO","INHABILITADO")) -> HABILITADO
A57: 47 | B57: =+PROPONENTES!B56 -> CONSORCIO VÍAS URBANAS P&C-U-2025 | C57: =+PROPONENTES!M56 -> 2 | D57: =+PROPONENTES!N56 -> 1 | E57: =+'47'!$I$11 -> CUMPLE | G57: CUMPLE | H57: CUMPLE | I57: CUMPLE | J57: =IF(AND(E57="",G57="",H57="",I57=""),"",IF(AND(E57="CUMPLE",G57="CUMPLE",H57="CUMPLE",I57="CUMPLE"),"HABILITADO","INHABILITADO")) -> HABILITADO
A58: 48 | B58: =+PROPONENTES!B57 -> GES-USAQUEN-003 | C58: =+PROPONENTES!M57 -> 2 | D58: =+PROPONENTES!N57 -> 1 | E58: =+'48'!$I$11 -> CUMPLE | G58: CUMPLE | H58: CUMPLE | I58: NO CUMPLE | J58: =IF(AND(E58="",G58="",H58="",I58=""),"",IF(AND(E58="CUMPLE",G58="CUMPLE",H58="CUMPLE",I58="CUMPLE"),"HABILITADO","INHABILITADO")) -> INHABILITADO | K58: No subsano
A59: 49 | B59: =+PROPONENTES!B58 -> CONSORCIO SOLIING USAQUEN | C59: =+PROPONENTES!M58 -> 2 | D59: =+PROPONENTES!N58 -> 1 | E59: =+'49'!$I$11 -> CUMPLE | G59: CUMPLE | H59: CUMPLE | I59: CUMPLE | J59: =IF(AND(E59="",G59="",H59="",I59=""),"",IF(AND(E59="CUMPLE",G59="CUMPLE",H59="CUMPLE",I59="CUMPLE"),"HABILITADO","INHABILITADO")) -> HABILITADO
A60: 50 | B60: =+PROPONENTES!B59 -> INEXIA | C60: =+PROPONENTES!M59 -> 1 | D60: =+PROPONENTES!N59 -> 1 | E60: =+'50'!$I$11 -> CUMPLE | G60: CUMPLE | H60: CUMPLE | I60: CUMPLE | J60: =IF(AND(E60="",G60="",H60="",I60=""),"",IF(AND(E60="CUMPLE",G60="CUMPLE",H60="CUMPLE",I60="CUMPLE"),"HABILITADO","INHABILITADO")) -> HABILITADO
A61: 51 | B61: =+PROPONENTES!B60 -> INCOLTA S.A.S. | C61: =+PROPONENTES!M60 -> 1 | D61: =+PROPONENTES!N60 -> 1 | E61: =+'51'!$I$11 -> CUMPLE | G61: CUMPLE | H61: CUMPLE | I61: CUMPLE | J61: =IF(AND(E61="",G61="",H61="",I61=""),"",IF(AND(E61="CUMPLE",G61="CUMPLE",H61="CUMPLE",I61="CUMPLE"),"HABILITADO","INHABILITADO")) -> HABILITADO
A62: 52 | B62: =+PROPONENTES!B61 -> DIN INGENIERIA SAS | C62: =+PROPONENTES!M61 -> 1 | D62: =+PROPONENTES!N61 -> 1 | E62: =+'52'!$I$11 -> CUMPLE | G62: CUMPLE | H62: CUMPLE | I62: CUMPLE | J62: =IF(AND(E62="",G62="",H62="",I62=""),"",IF(AND(E62="CUMPLE",G62="CUMPLE",H62="CUMPLE",I62="CUMPLE"),"HABILITADO","INHABILITADO")) -> HABILITADO
A63: 53 | B63: =+PROPONENTES!B62 -> UNIOBRAS DEL ORIENTE S.A.S | C63: =+PROPONENTES!M62 -> 1 | D63: =+PROPONENTES!N62 -> 1 | E63: =+'53'!$I$11 -> NO CUMPLE | G63: CUMPLE | H63: CUMPLE | I63: CUMPLE | J63: =IF(AND(E63="",G63="",H63="",I63=""),"",IF(AND(E63="CUMPLE",G63="CUMPLE",H63="CUMPLE",I63="CUMPLE"),"HABILITADO","INHABILITADO")) -> INHABILITADO | K63: Se determinó que los contratos aportados para certificar experiencia corresponden a subcontratos. Debido a lo anterior, el proponente no cumple con el requisito exigido, ya que no adjunto la documentación necesaria para acreditar un subcontrato.
A64: 54 | B64: =+PROPONENTES!B63 -> INGESCOR S.A.S. | C64: =+PROPONENTES!M63 -> 1 | D64: =+PROPONENTES!N63 -> 1 | E64: =+'54'!$I$11 -> CUMPLE | G64: CUMPLE | H64: CUMPLE | I64: CUMPLE | J64: =IF(AND(E64="",G64="",H64="",I64=""),"",IF(AND(E64="CUMPLE",G64="CUMPLE",H64="CUMPLE",I64="CUMPLE"),"HABILITADO","INHABILITADO")) -> HABILITADO
A65: 55 | B65: =+PROPONENTES!B64 -> CONSORCIO FENIX | C65: =+PROPONENTES!M64 -> 2 | D65: =+PROPONENTES!N64 -> 1 | E65: =+'55'!$I$11 -> CUMPLE | G65: CUMPLE | H65: CUMPLE | I65: NO CUMPLE | J65: =IF(AND(E65="",G65="",H65="",I65=""),"",IF(AND(E65="CUMPLE",G65="CUMPLE",H65="CUMPLE",I65="CUMPLE"),"HABILITADO","INHABILITADO")) -> INHABILITADO | K65: No subsano
A66: 56 | B66: =+PROPONENTES!B65 -> INGOSER SAS | C66: =+PROPONENTES!M65 -> 1 | D66: =+PROPONENTES!N65 -> 1 | E66: =+'56'!$I$11 -> CUMPLE | G66: CUMPLE | H66: CUMPLE | I66: CUMPLE | J66: =IF(AND(E66="",G66="",H66="",I66=""),"",IF(AND(E66="CUMPLE",G66="CUMPLE",H66="CUMPLE",I66="CUMPLE"),"HABILITADO","INHABILITADO")) -> HABILITADO
A67: 57 | B67: =+PROPONENTES!B66 -> EUROESTUDIOS INGENIEROS DE CONSULTA SAS | C67: =+PROPONENTES!M66 -> 1 | D67: =+PROPONENTES!N66 -> 1 | E67: =+'57'!$I$11 -> CUMPLE | G67: NO CUMPLE | H67: CUMPLE | I67: CUMPLE | J67: =IF(AND(E67="",G67="",H67="",I67=""),"",IF(AND(E67="CUMPLE",G67="CUMPLE",H67="CUMPLE",I67="CUMPLE"),"HABILITADO","INHABILITADO")) -> INHABILITADO
A68: 58 | B68: =+PROPONENTES!B67 -> CONSORCIO CUARZO 37 | C68: =+PROPONENTES!M67 -> 2 | D68: =+PROPONENTES!N67 -> 1 | E68: =+'58'!$I$11 -> CUMPLE | G68: CUMPLE | H68: CUMPLE | I68: CUMPLE | J68: =IF(AND(E68="",G68="",H68="",I68=""),"",IF(AND(E68="CUMPLE",G68="CUMPLE",H68="CUMPLE",I68="CUMPLE"),"HABILITADO","INHABILITADO")) -> HABILITADO
A69: 59 | B69: =+PROPONENTES!B68 -> INGENIERIA MASTER S.A.S. | C69: =+PROPONENTES!M68 -> 1 | D69: =+PROPONENTES!N68 -> 1 | E69: =+'59'!$I$11 -> CUMPLE | G69: CUMPLE | H69: CUMPLE | I69: CUMPLE | J69: =IF(AND(E69="",G69="",H69="",I69=""),"",IF(AND(E69="CUMPLE",G69="CUMPLE",H69="CUMPLE",I69="CUMPLE"),"HABILITADO","INHABILITADO")) -> HABILITADO
A70: 60 | B70: =+PROPONENTES!B69 -> CONSULTORES DONOVAN SAS | C70: =+PROPONENTES!M69 -> 1 | D70: =+PROPONENTES!N69 -> 1 | E70: =+'60'!$I$11 -> CUMPLE | G70: CUMPLE | H70: CUMPLE | I70: CUMPLE | J70: =IF(AND(E70="",G70="",H70="",I70=""),"",IF(AND(E70="CUMPLE",G70="CUMPLE",H70="CUMPLE",I70="CUMPLE"),"HABILITADO","INHABILITADO")) -> HABILITADO
A71: 61 | B71: =+PROPONENTES!B70 -> VERBENAL 25 | C71: =+PROPONENTES!M70 -> 2 | D71: =+PROPONENTES!N70 -> 0 | E71: =+'61'!$I$11 -> CUMPLE | G71: CUMPLE | H71: CUMPLE | I71: CUMPLE | J71: =IF(AND(E71="",G71="",H71="",I71=""),"",IF(AND(E71="CUMPLE",G71="CUMPLE",H71="CUMPLE",I71="CUMPLE"),"HABILITADO","INHABILITADO")) -> HABILITADO
A72: 62 | B72: =+PROPONENTES!B71 -> CONSORCIO GL USAQUEN 2025 | C72: =+PROPONENTES!M71 -> 2 | D72: =+PROPONENTES!N71 -> 1 | E72: =+'62'!$I$11 -> CUMPLE | G72: CUMPLE | H72: CUMPLE | I72: CUMPLE | J72: =IF(AND(E72="",G72="",H72="",I72=""),"",IF(AND(E72="CUMPLE",G72="CUMPLE",H72="CUMPLE",I72="CUMPLE"),"HABILITADO","INHABILITADO")) -> HABILITADO
A73: 63 | B73: =+PROPONENTES!B72 -> TORRES & ASOCIADOS | C73: =+PROPONENTES!M72 -> 1 | D73: =+PROPONENTES!N72 -> 1 | E73: =+'63'!$I$11 -> NO CUMPLE | G73: CUMPLE | H73: CUMPLE | I73: CUMPLE | J73: =IF(AND(E73="",G73="",H73="",I73=""),"",IF(AND(E73="CUMPLE",G73="CUMPLE",H73="CUMPLE",I73="CUMPLE"),"HABILITADO","INHABILITADO")) -> INHABILITADO | K73: Se determinó que los contratos aportados para certificar experiencia corresponden a subcontratos. Debido a lo anterior, el proponente no cumple con el requisito exigido, ya que no adjunto la documentación necesaria para acreditar un subcontrato.
A74: 64 | B74: =+PROPONENTES!B73 -> TRIPLE C SAS | C74: =+PROPONENTES!M73 -> 1 | D74: =+PROPONENTES!N73 -> 1 | E74: =+'64'!$I$11 -> CUMPLE | G74: CUMPLE | H74: CUMPLE | I74: CUMPLE | J74: =IF(AND(E74="",G74="",H74="",I74=""),"",IF(AND(E74="CUMPLE",G74="CUMPLE",H74="CUMPLE",I74="CUMPLE"),"HABILITADO","INHABILITADO")) -> HABILITADO
A75: 65 | B75: =+PROPONENTES!B74 -> CONSORCIO VERTEX | C75: =+PROPONENTES!M74 -> 2 | D75: =+PROPONENTES!N74 -> 1 | E75: =+'65'!$I$11 -> CUMPLE | G75: CUMPLE | H75: CUMPLE | I75: CUMPLE | J75: =IF(AND(E75="",G75="",H75="",I75=""),"",IF(AND(E75="CUMPLE",G75="CUMPLE",H75="CUMPLE",I75="CUMPLE"),"HABILITADO","INHABILITADO")) -> HABILITADO
A76: 66 | B76: =+PROPONENTES!B75 -> UMBRELLA INTERNATIONAL S.A.S | C76: =+PROPONENTES!M75 -> 1 | D76: =+PROPONENTES!N75 -> 1 | E76: =+'66'!$I$11 -> CUMPLE | G76: CUMPLE | H76: CUMPLE | I76: CUMPLE | J76: =IF(AND(E76="",G76="",H76="",I76=""),"",IF(AND(E76="CUMPLE",G76="CUMPLE",H76="CUMPLE",I76="CUMPLE"),"HABILITADO","INHABILITADO")) -> HABILITADO
A77: 67 | B77: =+PROPONENTES!B76 -> ICE S.A.S. | C77: =+PROPONENTES!M76 -> 1 | D77: =+PROPONENTES!N76 -> 1 | E77: =+'67'!$I$11 -> CUMPLE | G77: NO CUMPLE | H77: CUMPLE | I77: CUMPLE | J77: =IF(AND(E77="",G77="",H77="",I77=""),"",IF(AND(E77="CUMPLE",G77="CUMPLE",H77="CUMPLE",I77="CUMPLE"),"HABILITADO","INHABILITADO")) -> INHABILITADO
A78: 68 | B78: =+PROPONENTES!B77 -> INTERVENTORIA Y CONSTRUCIVILES SAS | C78: =+PROPONENTES!M77 -> 1 | D78: =+PROPONENTES!N77 -> 1 | E78: =+'68'!$I$11 -> CUMPLE | G78: CUMPLE | H78: CUMPLE | I78: CUMPLE | J78: =IF(AND(E78="",G78="",H78="",I78=""),"",IF(AND(E78="CUMPLE",G78="CUMPLE",H78="CUMPLE",I78="CUMPLE"),"HABILITADO","INHABILITADO")) -> HABILITADO
A79: 69 | B79: =+PROPONENTES!B78 -> CONSORCIO BLUCK | C79: =+PROPONENTES!M78 -> 2 | D79: =+PROPONENTES!N78 -> 1 | E79: =+'69'!$I$11 -> CUMPLE | G79: CUMPLE | H79: CUMPLE | I79: CUMPLE | J79: =IF(AND(E79="",G79="",H79="",I79=""),"",IF(AND(E79="CUMPLE",G79="CUMPLE",H79="CUMPLE",I79="CUMPLE"),"HABILITADO","INHABILITADO")) -> HABILITADO
A80: 70 | B80: =+PROPONENTES!B79 -> CONSORCIO DESARROLLO URBANO USAQUEN | C80: =+PROPONENTES!M79 -> 2 | D80: =+PROPONENTES!N79 -> 1 | E80: =+'70'!$I$11 -> CUMPLE | G80: CUMPLE | H80: CUMPLE | I80: CUMPLE | J80: =IF(AND(E80="",G80="",H80="",I80=""),"",IF(AND(E80="CUMPLE",G80="CUMPLE",H80="CUMPLE",I80="CUMPLE"),"HABILITADO","INHABILITADO")) -> HABILITADO
A81: 71 | B81: =+PROPONENTES!B80 -> PIV Ingenieria S.A.S. | C81: =+PROPONENTES!M80 -> 1 | D81: =+PROPONENTES!N80 -> 1 | E81: =+'71'!$I$11 -> CUMPLE | G81: CUMPLE | H81: CUMPLE | I81: CUMPLE | J81: =IF(AND(E81="",G81="",H81="",I81=""),"",IF(AND(E81="CUMPLE",G81="CUMPLE",H81="CUMPLE",I81="CUMPLE"),"HABILITADO","INHABILITADO")) -> HABILITADO
A82: 72 | B82: =+PROPONENTES!B81 -> TECNUMEC S.A.S. | C82: =+PROPONENTES!M81 -> 1 | D82: =+PROPONENTES!N81 -> 1 | E82: =+'72'!$I$11 -> CUMPLE | G82: CUMPLE | H82: CUMPLE | I82: CUMPLE | J82: =IF(AND(E82="",G82="",H82="",I82=""),"",IF(AND(E82="CUMPLE",G82="CUMPLE",H82="CUMPLE",I82="CUMPLE"),"HABILITADO","INHABILITADO")) -> HABILITADO
A83: 73 | B83: =+PROPONENTES!B82 -> ALIANZA INTEGRAL DE PROYECTOS SAS BIC | C83: =+PROPONENTES!M82 -> 1 | D83: =+PROPONENTES!N82 -> 1 | E83: =+'73'!$I$11 -> CUMPLE | G83: CUMPLE | H83: CUMPLE | I83: CUMPLE | J83: =IF(AND(E83="",G83="",H83="",I83=""),"",IF(AND(E83="CUMPLE",G83="CUMPLE",H83="CUMPLE",I83="CUMPLE"),"HABILITADO","INHABILITADO")) -> HABILITADO
A84: 74 | B84: =+PROPONENTES!B83 -> CONSORCIO USAQUÉN VELNEC | C84: =+PROPONENTES!M83 -> 2 | D84: =+PROPONENTES!N83 -> 1 | E84: =+'74'!$I$11 -> CUMPLE | G84: CUMPLE | H84: CUMPLE | I84: CUMPLE | J84: =IF(AND(E84="",G84="",H84="",I84=""),"",IF(AND(E84="CUMPLE",G84="CUMPLE",H84="CUMPLE",I84="CUMPLE"),"HABILITADO","INHABILITADO")) -> HABILITADO
A85: 75 | B85: =+PROPONENTES!B84 -> GEVIAL S.A.S. | C85: =+PROPONENTES!M84 -> 1 | D85: =+PROPONENTES!N84 -> 1 | E85: =+'75'!$I$11 -> CUMPLE | G85: CUMPLE | H85: CUMPLE | I85: CUMPLE | J85: =IF(AND(E85="",G85="",H85="",I85=""),"",IF(AND(E85="CUMPLE",G85="CUMPLE",H85="CUMPLE",I85="CUMPLE"),"HABILITADO","INHABILITADO")) -> HABILITADO
A86: 76 | B86: =+PROPONENTES!B85 -> CONSORCIO HUPK VIAS DE USAQUEN | C86: =+PROPONENTES!M85 -> 2 | D86: =+PROPONENTES!N85 -> 1 | E86: =+'76'!$I$11 -> CUMPLE | G86: CUMPLE | H86: CUMPLE | I86: NO CUMPLE | J86: =IF(AND(E86="",G86="",H86="",I86=""),"",IF(AND(E86="CUMPLE",G86="CUMPLE",H86="CUMPLE",I86="CUMPLE"),"HABILITADO","INHABILITADO")) -> INHABILITADO | K86: No subsano
A87: 77 | B87: =+PROPONENTES!B86 -> EMPRESA DE INFRAESTRUCTURA COLOMBIANA S.A.S | C87: =+PROPONENTES!M86 -> 1 | D87: =+PROPONENTES!N86 -> 1 | E87: =+'77'!$I$11 -> CUMPLE | G87: CUMPLE | H87: CUMPLE | I87: CUMPLE | J87: =IF(AND(E87="",G87="",H87="",I87=""),"",IF(AND(E87="CUMPLE",G87="CUMPLE",H87="CUMPLE",I87="CUMPLE"),"HABILITADO","INHABILITADO")) -> HABILITADO
A88: 78 | B88: =+PROPONENTES!B87 -> CONSORCIO VIAS LOCALES 2025 | C88: =+PROPONENTES!M87 -> 2 | D88: =+PROPONENTES!N87 -> 1 | E88: =+'78'!$I$11 -> CUMPLE | G88: CUMPLE | H88: CUMPLE | I88: CUMPLE | J88: =IF(AND(E88="",G88="",H88="",I88=""),"",IF(AND(E88="CUMPLE",G88="CUMPLE",H88="CUMPLE",I88="CUMPLE"),"HABILITADO","INHABILITADO")) -> HABILITADO
A89: 79 | B89: =+PROPONENTES!B88 -> CONSORCIO MALLA VIAL USA | C89: =+PROPONENTES!M88 -> 2 | D89: =+PROPONENTES!N88 -> 1 | E89: =+'79'!$I$11 -> CUMPLE | G89: CUMPLE | H89: CUMPLE | I89: CUMPLE | J89: =IF(AND(E89="",G89="",H89="",I89=""),"",IF(AND(E89="CUMPLE",G89="CUMPLE",H89="CUMPLE",I89="CUMPLE"),"HABILITADO","INHABILITADO")) -> HABILITADO
A90: 80 | B90: =+PROPONENTES!B89 -> PROBINTEC SAS | C90: =+PROPONENTES!M89 -> 1 | D90: =+PROPONENTES!N89 -> 1 | E90: =+'80'!$I$11 -> NO CUMPLE | G90: CUMPLE | H90: CUMPLE | I90: CUMPLE | J90: =IF(AND(E90="",G90="",H90="",I90=""),"",IF(AND(E90="CUMPLE",G90="CUMPLE",H90="CUMPLE",I90="CUMPLE"),"HABILITADO","INHABILITADO")) -> INHABILITADO | K90: Se determinó que los contratos aportados para certificar experiencia corresponden a subcontratos. Debido a lo anterior, el proponente no cumple con el requisito exigido, ya que no adjunto la documentación necesaria para acreditar un subcontrato.
A91: 81 | B91: =+PROPONENTES!B90 -> ESCALA CCI SAS | C91: =+PROPONENTES!M90 -> 1 | D91: =+PROPONENTES!N90 -> 1 | E91: =+'81'!$I$11 -> CUMPLE | G91: CUMPLE | H91: CUMPLE | I91: CUMPLE | J91: =IF(AND(E91="",G91="",H91="",I91=""),"",IF(AND(E91="CUMPLE",G91="CUMPLE",H91="CUMPLE",I91="CUMPLE"),"HABILITADO","INHABILITADO")) -> HABILITADO
A92: 82 | B92: =+PROPONENTES!B91 -> C. SAN MARTIN 003 | C92: =+PROPONENTES!M91 -> 2 | D92: =+PROPONENTES!N91 -> 1 | E92: =+'82'!$I$11 -> CUMPLE | G92: CUMPLE | H92: CUMPLE | I92: CUMPLE | J92: =IF(AND(E92="",G92="",H92="",I92=""),"",IF(AND(E92="CUMPLE",G92="CUMPLE",H92="CUMPLE",I92="CUMPLE"),"HABILITADO","INHABILITADO")) -> HABILITADO
A93: 83 | B93: =+PROPONENTES!B92 -> CONSORCIO INTERVENTORES GTI 003 | C93: =+PROPONENTES!M92 -> 3 | D93: =+PROPONENTES!N92 -> 1 | E93: =+'83'!$I$11 -> CUMPLE | G93: CUMPLE | H93: CUMPLE | I93: CUMPLE | J93: =IF(AND(E93="",G93="",H93="",I93=""),"",IF(AND(E93="CUMPLE",G93="CUMPLE",H93="CUMPLE",I93="CUMPLE"),"HABILITADO","INHABILITADO")) -> HABILITADO
A94: 84 | B94: =+PROPONENTES!B93 -> INGCONSASAS | C94: =+PROPONENTES!M93 -> 1 | D94: =+PROPONENTES!N93 -> 1 | E94: =+'84'!$I$11 -> CUMPLE | G94: CUMPLE | H94: CUMPLE | I94: CUMPLE | J94: =IF(AND(E94="",G94="",H94="",I94=""),"",IF(AND(E94="CUMPLE",G94="CUMPLE",H94="CUMPLE",I94="CUMPLE"),"HABILITADO","INHABILITADO")) -> HABILITADO
A95: 85 | B95: =+PROPONENTES!B94 -> AESA PROYECTOS SAS | C95: =+PROPONENTES!M94 -> 1 | D95: =+PROPONENTES!N94 -> 1 | E95: =+'85'!$I$11 -> CUMPLE | G95: CUMPLE | H95: CUMPLE | I95: CUMPLE | J95: =IF(AND(E95="",G95="",H95="",I95=""),"",IF(AND(E95="CUMPLE",G95="CUMPLE",H95="CUMPLE",I95="CUMPLE"),"HABILITADO","INHABILITADO")) -> HABILITADO
A96: 86 | B96: =+PROPONENTES!B95 -> C INTERUSAQUEN EI | C96: =+PROPONENTES!M95 -> 2 | D96: =+PROPONENTES!N95 -> 1 | E96: =+'86'!$I$11 -> CUMPLE | G96: CUMPLE | H96: CUMPLE | I96: CUMPLE | J96: =IF(AND(E96="",G96="",H96="",I96=""),"",IF(AND(E96="CUMPLE",G96="CUMPLE",H96="CUMPLE",I96="CUMPLE"),"HABILITADO","INHABILITADO")) -> HABILITADO
A97: 87 | B97: =+PROPONENTES!B96 -> ARCA ARQUITECTURA E INGENIERÍA S.A. | C97: =+PROPONENTES!M96 -> 1 | D97: =+PROPONENTES!N96 -> 1 | E97: =+'87'!$I$11 -> CUMPLE | G97: CUMPLE | H97: CUMPLE | I97: CUMPLE | J97: =IF(AND(E97="",G97="",H97="",I97=""),"",IF(AND(E97="CUMPLE",G97="CUMPLE",H97="CUMPLE",I97="CUMPLE"),"HABILITADO","INHABILITADO")) -> HABILITADO
A98: 88 | B98: =+PROPONENTES!B97 -> CONSORCIO VIAL USAQUEN 2026 | C98: =+PROPONENTES!M97 -> 3 | D98: =+PROPONENTES!N97 -> 1 | E98: =+'88'!$I$11 -> NO CUMPLE | G98: NO CUMPLE | H98: CUMPLE | I98: NO CUMPLE | J98: =IF(AND(E98="",G98="",H98="",I98=""),"",IF(AND(E98="CUMPLE",G98="CUMPLE",H98="CUMPLE",I98="CUMPLE"),"HABILITADO","INHABILITADO")) -> INHABILITADO | K98: No subsano
A99: 89 | B99: =+PROPONENTES!B98 -> CS USAQUEN JINT 3 | C99: =+PROPONENTES!M98 -> 2 | D99: =+PROPONENTES!N98 -> 1 | E99: =+'89'!$I$11 -> CUMPLE | G99: CUMPLE | H99: CUMPLE | I99: CUMPLE | J99: =IF(AND(E99="",G99="",H99="",I99=""),"",IF(AND(E99="CUMPLE",G99="CUMPLE",H99="CUMPLE",I99="CUMPLE"),"HABILITADO","INHABILITADO")) -> HABILITADO
A100: 90 | B100: =+PROPONENTES!B99 -> CONSORCIO MT USAQUEN 2025 | C100: =+PROPONENTES!M99 -> 2 | D100: =+PROPONENTES!N99 -> 1 | E100: =+'90'!$I$11 -> CUMPLE | G100: CUMPLE | H100: NO CUMPLE | I100: CUMPLE | J100: =IF(AND(E100="",G100="",H100="",I100=""),"",IF(AND(E100="CUMPLE",G100="CUMPLE",H100="CUMPLE",I100="CUMPLE"),"HABILITADO","INHABILITADO")) -> INHABILITADO
A101: 91 | B101: =+PROPONENTES!B100 -> CONSORCIO MALLA VIAL USAQUEN | C101: =+PROPONENTES!M100 -> 2 | D101: =+PROPONENTES!N100 -> 1 | E101: =+'91'!$I$11 -> CUMPLE | G101: CUMPLE | H101: CUMPLE | I101: CUMPLE | J101: =IF(AND(E101="",G101="",H101="",I101=""),"",IF(AND(E101="CUMPLE",G101="CUMPLE",H101="CUMPLE",I101="CUMPLE"),"HABILITADO","INHABILITADO")) -> HABILITADO
A102: 92 | B102: =+PROPONENTES!B101 -> TERRA PROYECTOS CIVILES SAS | C102: =+PROPONENTES!M101 -> 1 | D102: =+PROPONENTES!N101 -> 1 | E102: =+'92'!$I$11 -> CUMPLE | G102: CUMPLE | H102: CUMPLE | I102: NO CUMPLE | J102: =IF(AND(E102="",G102="",H102="",I102=""),"",IF(AND(E102="CUMPLE",G102="CUMPLE",H102="CUMPLE",I102="CUMPLE"),"HABILITADO","INHABILITADO")) -> INHABILITADO | K102: No subsano
A103: 93 | B103: =+PROPONENTES!B102 -> ONSORCIO FLU 003 GH 2025 | C103: =+PROPONENTES!M102 -> 2 | D103: =+PROPONENTES!N102 -> 1 | E103: =+'93'!$I$11 -> CUMPLE | G103: NO CUMPLE | H103: CUMPLE | I103: NO CUMPLE | J103: =IF(AND(E103="",G103="",H103="",I103=""),"",IF(AND(E103="CUMPLE",G103="CUMPLE",H103="CUMPLE",I103="CUMPLE"),"HABILITADO","INHABILITADO")) -> INHABILITADO | K103: No subsano
A104: 94 | B104: =+PROPONENTES!B103 -> INGEVAL SAS | C104: =+PROPONENTES!M103 -> 1 | D104: =+PROPONENTES!N103 -> 1 | E104: =+'94'!$I$11 -> NO CUMPLE | G104: CUMPLE | H104: CUMPLE | I104: NO CUMPLE | J104: =IF(AND(E104="",G104="",H104="",I104=""),"",IF(AND(E104="CUMPLE",G104="CUMPLE",H104="CUMPLE",I104="CUMPLE"),"HABILITADO","INHABILITADO")) -> INHABILITADO | K104: No subsano
E105: 6 | H105: 2 | I105: 9 | J105: 13

Sheet PONDERACION
A2: =+'DATOS INICIALES'!A1:I1 -> ALCALDIA LOCAL DE USAQUEN
C4: OBJETO DE CONTRATO | G4: ='DATOS INICIALES'!D2 -> "INTERVENTORÍA TÉCNICA, ADMINISTRATIVA, FINANCIERA, JURÍDICA, AMBIENTAL Y SOCIAL AL CONTRATO DE OBRA PÚBLICA RESULTANTE DEL PROCESO DE LICITACIÓN PÚBLICA CUYO OBJETO ES: CONTRATAR POR EL SISTEMA DE PRECIOS UNITARIOS Y A MONTO AGOTABLE LA INTERVENCIÓN DE LOS ELEMENTOS DE LA MALLA VIAL LOCAL E INTERMEDIA Y/O ESPACIO PÚBLICO DE LA LOCALIDAD DE USAQUÉN EN BOGOTÁ CON OBRAS Y ACTIVIDADES DE CONSERVACIÓN"
C5: VALOR DEL CONTRATO | G5: ='DATOS INICIALES'!G4 -> FDLUSA-CMA-003-2025 | L5: ='DATOS INICIALES'!C5 -> 1404008910
A7: =CONCATENATE("RESUMEN DE EVALUACIÓN PUNTAJE - ",'DATOS INICIALES'!G4) -> RESUMEN DE EVALUACIÓN PUNTAJE - FDLUSA-CMA-003-2025
A9: No. | B9: NOMBRE DEL PROPONENTE | C9: REQUISITOS HABILITANTES | D9: PUNTAJE EXPERIENCIA DEL PROPONENTE 67,5 puntos | E9: PUNTAJE EQUIPO DE TRABAJO (personal clave evaluable) 10 puntos | F9: FACTOR DE SOSTENIBILIDAD 1 punto | G9: PUNTAJE APOYO A LA INDUSTRIA NACIONAL 20 puntos | H9: PUNTAJE VINCULACION DE PERSONAS CON DISCAPACIDAD 1 punto | I9: PUNTAJE EMPRENDIMIENTOS Y EMPRESAS DE MUJERES 0,25 puntos | J9: PUNTAJE MIPYME 0,25 puntos | K9: PUNTAJE TOTAL | L9: ORDEN DE ELEGIBILIDAD | M9: OBSERVACIONES
E10: FORMATO 9 | F10: FORMATO 12 | G10: FORMATO 7 | H10: FORMATO 6 | I10: FORMATO 13
A12: 1 | B12: =+PROPONENTES!B10 -> GRUPO METRO COLOMBIA SAS | C12: =CONSOLIDADO!J11 -> HABILITADO | D12: 63.52355 | E12: 10 | F12: 1 | G12: 20 | H12: 1 | I12: 0.25 | J12: 0.25 | K12: =SUM(D12:J12) -> 96.02355 | L12: =RANK(K12,$K$12:$K$105,0) -> 19
A13: 2 | B13: =+PROPONENTES!B11 -> CONSORCIO INTERVIAS USAQUEN AI | C13: =CONSOLIDADO!J12 -> HABILITADO | D13: 61.567243 | E13: 10 | F13: 1 | G13: 20 | H13: 1 | I13: 0.25 | J13: 0.25 | K13: =SUM(D13:J13) -> 94.067243 | L13: =RANK(K13,$K$12:$K$105,0) -> 30
A14: 3 | B14: =+PROPONENTES!B12 -> CONSORCIO PROYECTA VIAL | C14: =CONSOLIDADO!J13 -> HABILITADO | D14: 65.600973 | E14: 10 | F14: 1 | G14: 20 | H14: 1 | I14: 0.25 | J14: 0.25 | K14: =SUM(D14:J14) -> 98.100973 | L14: =RANK(K14,$K$12:$K$105,0) -> 12
A15: 4 | B15: =+PROPONENTES!B13 -> PROYECTOS E INTERVENTORIAS S.A.S. | C15: =CONSOLIDADO!J14 -> HABILITADO | D15: 49.93661 | E15: 10 | F15: 1 | G15: 20 | H15: 1 | I15: 0.25 | J15: 0.25 | K15: =SUM(D15:J15) -> 82.43661 | L15: =RANK(K15,$K$12:$K$105,0) -> 53
A16: 5 | B16: =+PROPONENTES!B14 -> CONSORCIO GAB VIAL USAQUEN 2025 | C16: =CONSOLIDADO!J15 -> HABILITADO | D16: 48.599114 | E16: 10 | F16: 1 | G16: 20 | H16: 1 | I16: 0.25 | J16: 0.25 | K16: =SUM(D16:J16) -> 81.099114 | L16: =RANK(K16,$K$12:$K$105,0) -> 56
A17: 6 | B17: =+PROPONENTES!B15 -> CONSORCIO INTER TS 03 | C17: =CONSOLIDADO!J16 -> HABILITADO | D17: 54.337329 | E17: 10 | F17: 1 | G17: 20 | H17: 1 | I17: 0.25 | J17: 0.25 | K17: =SUM(D17:J17) -> 86.837329 | L17: =RANK(K17,$K$12:$K$105,0) -> 43
A18: 7 | B18: =+PROPONENTES!B16 -> CONSORCIO PB | C18: =CONSOLIDADO!J17 -> INHABILITADO | D18: INHABILITADO | E18: 10 | F18: 1 | G18: 20 | H18: 0 | I18: 0.25 | J18: 0.25 | K18: =SUM(D18:J18) -> 31.5 | L18: =RANK(K18,$K$12:$K$105,0) -> 90 | M18: EL CERTIFICADO DE DISCAPACIDAD ES APORTADO POR LA EMPRESA BALANCE E INGENIERIA SAS. PERO A LA EVALUACIÓN NO CUMPLE CON EL REQUISITO DEL PLIEGO DE APORTAR EL 40% DE LA EXPERIENCIA EXIGIDA
A19: 8 | B19: =+PROPONENTES!B17 -> Inveler Consultoría S.A.S. | C19: =CONSOLIDADO!J18 -> INHABILITADO | D19: INHABILITADO | E19: 10 | F19: 1 | G19: 20 | H19: 1 | I19: 0.25 | J19: 0.25 | K19: =SUM(D19:J19) -> 32.5 | L19: =RANK(K19,$K$12:$K$105,0) -> 70
A20: 9 | B20: =+PROPONENTES!B18 -> CONSORCIO VYE USAQUÉN | C20: =CONSOLIDADO!J19 -> HABILITADO | D20: 57.263736 | E20: 10 | F20: 1 | G20: 20 | H20: 1 | I20: 0.25 | J20: 0.25 | K20: =SUM(D20:J20) -> 89.763736 | L20: =RANK(K20,$K$12:$K$105,0) -> 35
A21: 10 | B21: =+PROPONENTES!B19 -> CONSORCIO INGENIERIA PROES LATAM | C21: =CONSOLIDADO!J20 -> HABILITADO | D21: 0 | E21: 10 | F21: 1 | G21: 20 | H21: 1 | I21: 0 | J21: 0.25 | K21: =SUM(D21:J21) -> 32.25 | L21: =RANK(K21,$K$12:$K$105,0) -> 87 | M21: NO SE ENCONTRO EL FORMATO 13 EMPRENDIMIENTOS Y EMPRESAS DE MUJERES
A22: 11 | B22: =+PROPONENTES!B20 -> COMPAÑÍA DE PROYECTOS TÉCNICOS CPT S.A. | C22: =CONSOLIDADO!J21 -> HABILITADO | D22: 66.682833 | E22: 10 | F22: 1 | G22: 20 | H22: 1 | I22: 0.25 | J22: 0.25 | K22: =SUM(D22:J22) -> 99.182833 | L22: =RANK(K22,$K$12:$K$105,0) -> 8
A23: 12 | B23: =+PROPONENTES!B21 -> CONSORCIO 3797 KAPROY USAQUEN | C23: =CONSOLIDADO!J22 -> HABILITADO | D23: 62.952964 | E23: 10 | F23: 1 | G23: 20 | H23: 1 | I23: 0.25 | J23: 0.25 | K23: =SUM(D23:J23) -> 95.452964 | L23: =RANK(K23,$K$12:$K$105,0) -> 23
A24: 13 | B24: =+PROPONENTES!B22 -> CONSORCIO MIRALTA | C24: =CONSOLIDADO!J23 -> HABILITADO | D24: 65.914787 | E24: 10 | F24: 1 | G24: 20 | H24: 1 | I24: 0.25 | J24: 0.25 | K24: =SUM(D24:J24) -> 98.414787 | L24: =RANK(K24,$K$12:$K$105,0) -> 10
A25: 14 | B25: =+PROPONENTES!B23 -> INT TERRA | C25: =CONSOLIDADO!J24 -> HABILITADO | D25: 62.272594 | E25: 10 | F25: 1 | G25: 20 | H25: 1 | I25: 0.25 | J25: 0.25 | K25: =SUM(D25:J25) -> 94.772594 | L25: =RANK(K25,$K$12:$K$105,0) -> 28
A26: 15 | B26: =+PROPONENTES!B24 -> CONSORCIO SAN RAFAEL | C26: =CONSOLIDADO!J25 -> HABILITADO | D26: 57.575203 | E26: 10 | F26: 1 | G26: 20 | H26: 1 | I26: 0.25 | J26: 0.25 | K26: =SUM(D26:J26) -> 90.075203 | L26: =RANK(K26,$K$12:$K$105,0) -> 34
A27: 16 | B27: =+PROPONENTES!B25 -> CONSORCIO INTER MALLA USAQUEN | C27: =CONSOLIDADO!J26 -> INHABILITADO | D27: INHABILITADO | E27: 10 | F27: 1 | G27: 20 | H27: 1 | I27: 0.25 | J27: 0.25 | K27: =SUM(D27:J27) -> 32.5 | L27: =RANK(K27,$K$12:$K$105,0) -> 70
A28: 17 | B28: =+PROPONENTES!B26 -> GAVINCO INGENIEROS CONSULTORES SAS | C28: =CONSOLIDADO!J27 -> HABILITADO | D28: 53.031936 | E28: 10 | F28: 1 | G28: 20 | H28: 1 | I28: 0.25 | J28: 0.25 | K28: =SUM(D28:J28) -> 85.531936 | L28: =RANK(K28,$K$12:$K$105,0) -> 45
A29: 18 | B29: =+PROPONENTES!B27 -> INGEOCILCON S.A.S. | C29: =CONSOLIDADO!J28 -> HABILITADO | D29: 48.568417 | E29: 10 | F29: 1 | G29: 20 | H29: 1 | I29: 0.25 | J29: 0.25 | K29: =SUM(D29:J29) -> 81.068417 | L29: =RANK(K29,$K$12:$K$105,0) -> 57
A30: 19 | B30: =+PROPONENTES!B28 -> CONSORCIO TORCA | C30: =CONSOLIDADO!J29 -> HABILITADO | D30: 62.753565 | E30: 10 | F30: 1 | G30: 20 | H30: 1 | I30: 0.25 | J30: 0.25 | K30: =SUM(D30:J30) -> 95.253565 | L30: =RANK(K30,$K$12:$K$105,0) -> 25
A31: 20 | B31: =+PROPONENTES!B29 -> CONSORCIO INTER USAQUEN JGK | C31: =CONSOLIDADO!J30 -> HABILITADO | D31: 48.079444 | E31: 10 | F31: 1 | G31: 20 | H31: 1 | I31: 0.25 | J31: 0.25 | K31: =SUM(D31:J31) -> 80.579444 | L31: =RANK(K31,$K$12:$K$105,0) -> 59
A32: 21 | B32: =+PROPONENTES!B30 -> CONSORCIO LGI USAQUÉN | C32: =CONSOLIDADO!J31 -> HABILITADO | D32: 62.603648 | E32: 10 | F32: 1 | G32: 20 | H32: 1 | I32: 0.25 | J32: 0.25 | K32: =SUM(D32:J32) -> 95.103648 | L32: =RANK(K32,$K$12:$K$105,0) -> 26
A33: 22 | B33: =+PROPONENTES!B31 -> CONSORCIO INTERDESARROLLO USAQUÉN | C33: =CONSOLIDADO!J32 -> HABILITADO | D33: 56.379799 | E33: 10 | F33: 1 | G33: 20 | H33: 1 | I33: 0.25 | J33: 0.25 | K33: =SUM(D33:J33) -> 88.879799 | L33: =RANK(K33,$K$12:$K$105,0) -> 36
A34: 23 | B34: =+PROPONENTES!B32 -> COBA B&C SAS | C34: =CONSOLIDADO!J33 -> HABILITADO | D34: 66.566401 | E34: 10 | F34: 1 | G34: 20 | H34: 1 | I34: 0.25 | J34: 0.25 | K34: =SUM(D34:J34) -> 99.066401 | L34: =RANK(K34,$K$12:$K$105,0) -> 9
A35: 24 | B35: =+PROPONENTES!B33 -> CONSORCIO USAQUEN 3M | C35: =CONSOLIDADO!J34 -> HABILITADO | D35: 63.990235 | E35: 10 | F35: 1 | G35: 20 | H35: 1 | I35: 0.25 | J35: 0.25 | K35: =SUM(D35:J35) -> 96.490235 | L35: =RANK(K35,$K$12:$K$105,0) -> 17
A36: 25 | B36: =+PROPONENTES!B34 -> CB INGENIEROS SAS | C36: =CONSOLIDADO!J35 -> HABILITADO | D36: 65.678967 | E36: 10 | F36: 1 | G36: 20 | H36: 1 | I36: 0.25 | J36: 0.25 | K36: =SUM(D36:J36) -> 98.178967 | L36: =RANK(K36,$K$12:$K$105,0) -> 11
A37: 26 | B37: =+PROPONENTES!B35 -> PD USAQUEN | C37: =CONSOLIDADO!J36 -> HABILITADO | D37: 52.954463 | E37: 10 | F37: 1 | G37: 20 | H37: 1 | I37: 0.25 | J37: 0.25 | K37: =SUM(D37:J37) -> 85.454463 | L37: =RANK(K37,$K$12:$K$105,0) -> 46
A38: 27 | B38: =+PROPONENTES!B36 -> VICOS USAQUEN | C38: =CONSOLIDADO!J37 -> HABILITADO | D38: 52.29318 | E38: 10 | F38: 1 | G38: 20 | H38: 1 | I38: 0.25 | J38: 0.25 | K38: =SUM(D38:J38) -> 84.79318 | L38: =RANK(K38,$K$12:$K$105,0) -> 50
A39: 28 | B39: =+PROPONENTES!B37 -> CONSORCIO INTERVENTORIA COANDINA | C39: =CONSOLIDADO!J38 -> HABILITADO | D39: 67.066384 | E39: 10 | F39: 1 | G39: 20 | H39: 1 | I39: 0.25 | J39: 0.25 | K39: =SUM(D39:J39) -> 99.566384 | L39: =RANK(K39,$K$12:$K$105,0) -> 3
... A42: 31 | B42: =+PROPONENTES!B40 -> CONSORCIO VIAS USA 2025 | C42: =CONSOLIDADO!J41 -> HABILITADO | D42: 54.989954 | E42: 10 | F42: 1 | G42: 20 | H42: 1 | I42: 0.25 | J42: 0.25 | K42: =SUM(D42:J42) -> 87.489954 | L42: =RANK(K42,$K$12:$K$105,0) -> 41
A43: 32 | B43: =+PROPONENTES!B41 -> CONSORCIO VIAL TAED USAQUEN | C43: =CONSOLIDADO!J42 -> INHABILITADO | D43: INHABILITADO | E43: 10 | F43: 1 | G43: 20 | H43: 0 | I43: 0.25 | J43: 0.25 | K43: =SUM(D43:J43) -> 31.5 | L43: =RANK(K43,$K$12:$K$105,0) -> 90 | M43: No se evidencian formatos de PUNTAJE VINCULACION DE PERSONAS CON DISCAPACIDAD
A44: 33 | B44: =+PROPONENTES!B42 -> COLOMBOINGENIERIA S.A.S. | C44: =CONSOLIDADO!J43 -> INHABILITADO | D44: INHABILITADO | E44: 10 | F44: 1 | G44: 20 | H44: 0 | I44: 0.25 | J44: 0.25 | K44: =SUM(D44:J44) -> 31.5 | L44: =RANK(K44,$K$12:$K$105,0) -> 90 | M44: No se evidencian formatos de PUNTAJE VINCULACION DE PERSONAS CON DISCAPACIDAD
A45: 34 | B45: =+PROPONENTES!B43 -> URBANO - USAQUEN 03 | C45: =CONSOLIDADO!J44 -> INHABILITADO | D45: INHABILITADO | E45: 10 | F45: 1 | G45: 20 | H45: 1 | I45: 0.25 | J45: 0.25 | K45: =SUM(D45:J45) -> 32.5 | L45: =RANK(K45,$K$12:$K$105,0) -> 70
A46: 35 | B46: =+PROPONENTES!B44 -> CONSORCIO INTERUSAQUEN RH | C46: =CONSOLIDADO!J45 -> HABILITADO | D46: 61.32072 | E46: 10 | F46: 1 | G46: 20 | H46: 1 | I46: 0.25 | J46: 0.25 | K46: =SUM(D46:J46) -> 93.82072 | L46: =RANK(K46,$K$12:$K$105,0) -> 31
A47: 36 | B47: =+PROPONENTES!B45 -> CONSORCIO USAQUEN 2025 | C47: =CONSOLIDADO!J46 -> HABILITADO | D47: 49.715175 | E47: 10 | F47: 1 | G47: 20 | H47: 1 | I47: 0.25 | J47: 0.25 | K47: =SUM(D47:J47) -> 82.215175 | L47: =RANK(K47,$K$12:$K$105,0) -> 54
A48: 37 | B48: =+PROPONENTES!B46 -> PRODEINCOL S.A.S. | C48: =CONSOLIDADO!J47 -> HABILITADO | D48: 24.882564 | E48: 10 | F48: 1 | G48: 20 | H48: 0 | I48: 0 | J48: 0.25 | K48: =SUM(D48:J48) -> 56.132564 | L48: =RANK(K48,$K$12:$K$105,0) -> 68 | M48: NO SE ENCONTRARON DOCUMENTOS PARA ACREDITAR EMPRESA DE MUJERES NI DISCAPACITADO
A49: 38 | B49: =+PROPONENTES!B47 -> PROYECTOS TECNICOS DE COLOMBIA SAS | C49: =CONSOLIDADO!J48 -> HABILITADO | D49: 44.345983 | E49: 10 | F49: 1 | G49: 20 | H49: 1 | I49: 0.25 | J49: 0.25 | K49: =SUM(D49:J49) -> 76.845983 | L49: =RANK(K49,$K$12:$K$105,0) -> 62
A50: 39 | B50: =+PROPONENTES!B48 -> CONSORCIO INTERPROVIAS USQ | C50: =CONSOLIDADO!J49 -> HABILITADO | D50: 47.327123 | E50: 10 | F50: 1 | G50: 20 | H50: 1 | I50: 0.25 | J50: 0.25 | K50: =SUM(D50:J50) -> 79.827123 | L50: =RANK(K50,$K$12:$K$105,0) -> 61
A51: 40 | B51: =+PROPONENTES!B49 -> CONSORCIO INTER Y19 | C51: =CONSOLIDADO!J50 -> HABILITADO | D51: 62.901559 | E51: 10 | F51: 1 | G51: 20 | H51: 1 | I51: 0.25 | J51: 0.25 | K51: =SUM(D51:J51) -> 95.401559 | L51: =RANK(K51,$K$12:$K$105,0) -> 24
A52: 41 | B52: =+PROPONENTES!B50 -> CONSORCIO INTER AXPROCOL | C52: =CONSOLIDADO!J51 -> INHABILITADO | D52: INHABILITADO | E52: 10 | F52: 1 | G52: 20 | H52: 1 | I52: 0.25 | J52: 0.25 | K52: =SUM(D52:J52) -> 32.5 | L52: =RANK(K52,$K$12:$K$105,0) -> 70
A53: 42 | B53: =+PROPONENTES!B51 -> CONSERVACIÓN USAQUEN IC | C53: =CONSOLIDADO!J52 -> HABILITADO | D53: 64.272653 | E53: 10 | F53: 1 | G53: 20 | H53: 1 | I53: 0.25 | J53: 0.25 | K53: =SUM(D53:J53) -> 96.772653 | L53: =RANK(K53,$K$12:$K$105,0) -> 15
A54: 43 | B54: =+PROPONENTES!B52 -> CONSORCIO HGR–INCON 13 | C54: =CONSOLIDADO!J53 -> HABILITADO | D54: 64.588005 | E54: 10 | F54: 1 | G54: 20 | H54: 1 | I54: 0.25 | J54: 0.25 | K54: =SUM(D54:J54) -> 97.088005 | L54: =RANK(K54,$K$12:$K$105,0) -> 14
A55: 44 | B55: =+PROPONENTES!B53 -> DF CONSULTORIA SAS | C55: =CONSOLIDADO!J54 -> HABILITADO | D55: 35.893907 | E55: 10 | F55: 1 | G55: 20 | H55: 1 | I55: 0.25 | J55: 0.25 | K55: =SUM(D55:J55) -> 68.393907 | L55: =RANK(K55,$K$12:$K$105,0) -> 67
A56: 45 | B56: =+PROPONENTES!B54 -> ARINCO SAS | C56: =CONSOLIDADO!J55 -> HABILITADO | D56: 52.747896 | E56: 10 | F56: 1 | G56: 20 | H56: 1 | I56: 0.25 | J56: 0.25 | K56: =SUM(D56:J56) -> 85.247896 | L56: =RANK(K56,$K$12:$K$105,0) -> 47
A57: 46 | B57: =+PROPONENTES!B55 -> MALLAUSA | C57: =CONSOLIDADO!J56 -> HABILITADO | D57: 53.784079 | E57: 10 | F57: 1 | G57: 20 | H57: 1 | I57: 0.25 | J57: 0.25 | K57: =SUM(D57:J57) -> 86.284079 | L57: =RANK(K57,$K$12:$K$105,0) -> 44
A58: 47 | B58: =+PROPONENTES!B56 -> CONSORCIO VÍAS URBANAS P&C-U-2025 | C58: =CONSOLIDADO!J57 -> HABILITADO | D58: 55.713244 | E58: 10 | F58: 1 | G58: 20 | H58: 1 | I58: 0.25 | J58: 0.25 | K58: =SUM(D58:J58) -> 88.213244 | L58: =RANK(K58,$K$12:$K$105,0) -> 40
A59: 48 | B59: =+PROPONENTES!B57 -> GES-USAQUEN-003 | C59: =CONSOLIDADO!J58 -> INHABILITADO | D59: INHABILITADO | E59: 10 | F59: 1 | G59: 20 | H59: 1 | I59: 0 | J59: 0.25 | K59: =SUM(D59:J59) -> 32.25 | L59: =RANK(K59,$K$12:$K$105,0) -> 87 | M59: Hace falta la firma del representante legal en el FORMATO 13 A – ACREDITACIÓN DE EMPRENDIMIENTOS Y EMPRESAS DE MUJERES
A60: 49 | B60: =+PROPONENTES!B58 -> CONSORCIO SOLIING USAQUEN | C60: =CONSOLIDADO!J59 -> HABILITADO | D60: 0 | E60: 10 | F60: 1 | G60: 20 | H60: 1 | I60: 0.25 | J60: 0.25 | K60: =SUM(D60:J60) -> 32.5 | L60: =RANK(K60,$K$12:$K$105,0) -> 70
A61: 50 | B61: =+PROPONENTES!B59 -> INEXIA | C61: =CONSOLIDADO!J60 -> HABILITADO | D61: 0 | E61: 10 | F61: 1 | G61: 20 | H61: 1 | I61: 0.25 | J61: 0.25 | K61: =SUM(D61:J61) -> 32.5 | L61: =RANK(K61,$K$12:$K$105,0) -> 70 | M61: Hace falta incluir formato 8 "ACEPTACIÓN Y CUMPLIMIENTO DE LA FORMACIÓN ACADÉMICA Y LA EXPERIENCIA DEL PERSONAL CLAVE EVALUABLE"
A62: 51 | B62: =+PROPONENTES!B60 -> INCOLTA S.A.S. | C62: =CONSOLIDADO!J61 -> HABILITADO | D62: 67.5 | E62: 10 | F62: 1 | G62: 20 | H62: 1 | I62: 0.25 | J62: 0.25 | K62: =SUM(D62:J62) -> 100 | L62: =RANK(K62,$K$12:$K$105,0) -> 1
A63: 52 | B63: =+PROPONENTES!B61 -> DIN INGENIERIA SAS | C63: =CONSOLIDADO!J62 -> HABILITADO | D63: 51.028721 | E63: 10 | F63: 1 | G63: 20 | H63: 1 | I63: 0 | J63: 0.25 | K63: =SUM(D63:J63) -> 83.278721 | L63: =RANK(K63,$K$12:$K$105,0) -> 51 | M63: No se encuentra dentro de los documentos formato 13 certificado de emprendimiento y empresa de mujeres
A64: 53 | B64: =+PROPONENTES!B62 -> UNIOBRAS DEL ORIENTE S.A.S | C64: =CONSOLIDADO!J63 -> INHABILITADO | D64: INHABILITADO | E64: 10 | F64: 1 | G64: 20 | H64: 1 | I64: 0.25 | J64: 0.25 | K64: =SUM(D64:J64) -> 32.5 | L64: =RANK(K64,$K$12:$K$105,0) -> 70
A65: 54 | B65: =+PROPONENTES!B63 -> INGESCOR S.A.S. | C65: =CONSOLIDADO!J64 -> HABILITADO | D65: 62.286238 | E65: 10 | F65: 1 | G65: 20 | H65: 1 | I65: 0.25 | J65: 0.25 | K65: =SUM(D65:J65) -> 94.786238 | L65: =RANK(K65,$K$12:$K$105,0) -> 27
A66: 55 | B66: =+PROPONENTES!B64 -> CONSORCIO FENIX | C66: =CONSOLIDADO!J65 -> INHABILITADO | D66: INHABILITADO | E66: 10 | F66: 1 | G66: 20 | H66: 1 | I66: 0.25 | J66: 0.25 | K66: =SUM(D66:J66) -> 32.5 | L66: =RANK(K66,$K$12:$K$105,0) -> 70
A67: 56 | B67: =+PROPONENTES!B65 -> INGOSER SAS | C67: =CONSOLIDADO!J66 -> HABILITADO | D67: 13.179621 | E67: 10 | F67: 1 | G67: 20 | H67: 1 | I67: 0.25 | J67: 0.25 | K67: =SUM(D67:J67) -> 45.679621 | L67: =RANK(K67,$K$12:$K$105,0) -> 69
A68: 57 | B68: =+PROPONENTES!B66 -> EUROESTUDIOS INGENIEROS DE CONSULTA SAS | C68: =CONSOLIDADO!J67 -> INHABILITADO | D68: INHABILITADO | E68: 10 | F68: 1 | G68: 20 | H68: 1 | I68: 0.25 | J68: 0.25 | K68: =SUM(D68:J68) -> 32.5 | L68: =RANK(K68,$K$12:$K$105,0) -> 70
A69: 58 | B69: =+PROPONENTES!B67 -> CONSORCIO CUARZO 37 | C69: =CONSOLIDADO!J68 -> HABILITADO | D69: 43.299465 | E69: 10 | F69: 1 | G69: 20 | H69: 1 | I69: 0.25 | J69: 0.25 | K69: =SUM(D69:J69) -> 75.799465 | L69: =RANK(K69,$K$12:$K$105,0) -> 64
A70: 59 | B70: =+PROPONENTES!B68 -> INGENIERIA MASTER S.A.S. | C70: =CONSOLIDADO!J69 -> HABILITADO | D70: 59.826811 | E70: 10 | F70: 1 | G70: 20 | H70: 1 | I70: 0.25 | J70: 0.25 | K70: =SUM(D70:J70) -> 92.326811 | L70: =RANK(K70,$K$12:$K$105,0) -> 32
A71: 60 | B71: =+PROPONENTES!B69 -> CONSULTORES DONOVAN SAS | C71: =CONSOLIDADO!J70 -> HABILITADO | D71: 63.322064 | E71: 10 | F71: 1 | G71: 20 | H71: 1 | I71: 0.25 | J71: 0.25 | K71: =SUM(D71:J71) -> 95.822064 | L71: =RANK(K71,$K$12:$K$105,0) -> 22
A72: 61 | B72: =+PROPONENTES!B70 -> VERBENAL 25 | C72: =CONSOLIDADO!J71 -> HABILITADO | D72: 43.984271 | E72: 10 | F72: 1 | G72: 20 | H72: 1 | I72: 0.25 | J72: 0.25 | K72: =SUM(D72:J72) -> 76.484271 | L72: =RANK(K72,$K$12:$K$105,0) -> 63
A73: 62 | B73: =+PROPONENTES!B71 -> CONSORCIO GL USAQUEN 2025 | C73: =CONSOLIDADO!J72 -> HABILITADO | D73: 56.217385 | E73: 10 | F73: 1 | G73: 20 | H73: 1 | I73: 0 | J73: 0.25 | K73: =SUM(D73:J73) -> 88.467385 | L73: =RANK(K73,$K$12:$K$105,0) -> 38 | M73: NO SE EVIDENCIA FORMATO 13 EMPRENDIMIENTOS Y EMPRESAS DE MUJERES
A74: 63 | B74: =+PROPONENTES!B72 -> TORRES & ASOCIADOS | C74: =CONSOLIDADO!J73 -> INHABILITADO | D74: INHABILITADO | E74: 10 | F74: 1 | G74: 20 | H74: 1 | I74: 0.25 | J74: 0.25 | K74: =SUM(D74:J74) -> 32.5 | L74: =RANK(K74,$K$12:$K$105,0) -> 70
A75: 64 | B75: =+PROPONENTES!B73 -> TRIPLE C SAS | C75: =CONSOLIDADO!J74 -> HABILITADO | D75: 47.689912 | E75: 10 | F75: 1 | G75: 20 | H75: 1 | I75: 0.25 | J75: 0.25 | K75: =SUM(D75:J75) -> 80.189912 | L75: =RANK(K75,$K$12:$K$105,0) -> 60
A76: 65 | B76: =+PROPONENTES!B74 -> CONSORCIO VERTEX | C76: =CONSOLIDADO!J75 -> HABILITADO | D76: 48.342181 | E76: 10 | F76: 1 | G76: 20 | H76: 1 | I76: 0.25 | J76: 0.25 | K76: =SUM(D76:J76) -> 80.842181 | L76: =RANK(K76,$K$12:$K$105,0) -> 58
A77: 66 | B77: =+PROPONENTES!B75 -> UMBRELLA INTERNATIONAL S.A.S | C77: =CONSOLIDADO!J76 -> HABILITADO | D77: 63.563409 | E77: 10 | F77: 1 | G77: 20 | H77: 1 | I77: 0.25 | J77: 0.25 | K77: =SUM(D77:J77) -> 96.063409 | L77: =RANK(K77,$K$12:$K$105,0) -> 18
A78: 67 | B78: =+PROPONENTES!B76 -> ICE S.A.S. | C78: =CONSOLIDADO!J77 -> INHABILITADO | D78: INHABILITADO | E78: 10 | F78: 1 | G78: 20 | H78: 1 | I78: 0 | J78: 0.25 | K78: =SUM(D78:J78) -> 32.25 | L78: =RANK(K78,$K$12:$K$105,0) -> 87 | M78: NO SE EVIDENCIA FORMATO 13 EMPRENDIMIENTOS Y EMPRESAS DE MUJERES
A79: 68 | B79: =+PROPONENTES!B77 -> INTERVENTORIA Y CONSTRUCIVILES SAS | C79: =CONSOLIDADO!J78 -> HABILITADO | D79: 66.717905 | E79: 10 | F79: 1 | G79: 20 | H79: 1 | I79: 0.25 | J79: 0.25 | K79: =SUM(D79:J79) -> 99.217905 | L79: =RANK(K79,$K$12:$K$105,0) -> 6
A80: 69 | B80: =+PROPONENTES!B78 -> CONSORCIO BLUCK | C80: =CONSOLIDADO!J79 -> HABILITADO | D80: 42.719645 | E80: 10 | F80: 1 | G80: 20 | H80: 1 | I80: 0.25 | J80: 0.25 | K80: =SUM(D80:J80) -> 75.219645 | L80: =RANK(K80,$K$12:$K$105,0) -> 65
A81: 70 | B81: =+PROPONENTES!B79 -> CONSORCIO DESARROLLO URBANO USAQUEN | C81: =CONSOLIDADO!J80 -> HABILITADO | D81: 50.491052 | E81: 10 | F81: 1 | G81: 20 | H81: 1 | I81: 0.25 | J81: 0.25 | K81: =SUM(D81:J81) -> 82.991052 | L81: =RANK(K81,$K$12:$K$105,0) -> 52
A82: 71 | B82: =+PROPONENTES!B80 -> PIV Ingenieria S.A.S. | C82: =CONSOLIDADO!J81 -> HABILITADO | D82: 54.663181 | E82: 10 | F82: 1 | G82: 20 | H82: 1 | I82: 0.25 | J82: 0.25 | K82: =SUM(D82:J82) -> 87.163181 | L82: =RANK(K82,$K$12:$K$105,0) -> 42
A83: 72 | B83: =+PROPONENTES!B81 -> TECNUMEC S.A.S. | C83: =CONSOLIDADO!J82 -> HABILITADO | D83: 67.391185 | E83: 10 | F83: 1 | G83: 20 | H83: 1 | I83: 0.25 | J83: 0.25 | K83: =SUM(D83:J83) -> 99.891185 | L83: =RANK(K83,$K$12:$K$105,0) -> 2
A84: 73 | B84: =+PROPONENTES!B82 -> ALIANZA INTEGRAL DE PROYECTOS SAS BIC | C84: =CONSOLIDADO!J83 -> HABILITADO | D84: 56.18506 | E84: 10 | F84: 1 | G84: 20 | H84: 1 | I84: 0.25 | J84: 0.25 | K84: =SUM(D84:J84) -> 88.68506 | L84: =RANK(K84,$K$12:$K$105,0) -> 37
A85: 74 | B85: =+PROPONENTES!B83 -> CONSORCIO USAQUÉN VELNEC | C85: =CONSOLIDADO!J84 -> HABILITADO | D85: 66.702402 | E85: 10 | F85: 1 | G85: 20 | H85: 1 | I85: 0.25 | J85: 0.25 | K85: =SUM(D85:J85) -> 99.202402 | L85: =RANK(K85,$K$12:$K$105,0) -> 7
A86: 75 | B86: =+PROPONENTES!B84 -> GEVIAL S.A.S. | C86: =CONSOLIDADO!J85 -> HABILITADO | D86: 52.454869 | E86: 10 | F86: 1 | G86: 20 | H86: 1 | I86: 0.25 | J86: 0.25 | K86: =SUM(D86:J86) -> 84.954869 | L86: =RANK(K86,$K$12:$K$105,0) -> 48
A87: 76 | B87: =+PROPONENTES!B85 -> CONSORCIO HUPK VIAS DE USAQUEN | C87: =CONSOLIDADO!J86 -> INHABILITADO | D87: INHABILITADO | E87: 10 | F87: 1 | G87: 20 | H87: 1 | I87: 0.25 | J87: 0.25 | K87: =SUM(D87:J87) -> 32.5 | L87: =RANK(K87,$K$12:$K$105,0) -> 70
A88: 77 | B88: =+PROPONENTES!B86 -> EMPRESA DE INFRAESTRUCTURA COLOMBIANA S.A.S | C88: =CONSOLIDADO!J87 -> HABILITADO | D88: 0 | E88: 10 | F88: 1 | G88: 20 | H88: 1 | I88: 0.25 | J88: 0.25 | K88: =SUM(D88:J88) -> 32.5 | L88: =RANK(K88,$K$12:$K$105,0) -> 70
A89: 78 | B89: =+PROPONENTES!B87 -> CONSORCIO VIAS LOCALES 2025 | C89: =CONSOLIDADO!J88 -> HABILITADO | D89: 64.063857 | E89: 10 | F89: 1 | G89: 20 | H89: 1 | I89: 0.25 | J89: 0.25 | K89: =SUM(D89:J89) -> 96.563857 | L89: =RANK(K89,$K$12:$K$105,0) -> 16
A90: 79 | B90: =+PROPONENTES!B88 -> CONSORCIO MALLA VIAL USA | C90: =CONSOLIDADO!J89 -> HABILITADO | D90: 59.551795 | E90: 10 | F90: 1 | G90: 20 | H90: 1 | I90: 0.25 | J90: 0.25 | K90: =SUM(D90:J90) -> 92.051795 | L90: =RANK(K90,$K$12:$K$105,0) -> 33
A91: 80 | B91: =+PROPONENTES!B89 -> PROBINTEC SAS | C91: =CONSOLIDADO!J90 -> INHABILITADO | D91: INHABILITADO | E91: 10 | F91: 1 | G91: 20 | H91: 1 | I91: 0.25 | J91: 0.25 | K91: =SUM(D91:J91) -> 32.5 | L91: =RANK(K91,$K$12:$K$105,0) -> 70
A92: 81 | B92: =+PROPONENTES!B90 -> ESCALA CCI SAS | C92: =CONSOLIDADO!J91 -> HABILITADO | D92: 52.432805 | E92: 10 | F92: 1 | G92: 20 | H92: 1 | I92: 0.25 | J92: 0.25 | K92: =SUM(D92:J92) -> 84.932805 | L92: =RANK(K92,$K$12:$K$105,0) -> 49
A93: 82 | B93: =+PROPONENTES!B91 -> C. SAN MARTIN 003 | C93: =CONSOLIDADO!J92 -> HABILITADO | D93: 49.054696 | E93: 10 | F93: 1 | G93: 20 | H93: 1 | I93: 0.25 | J93: 0.25 | K93: =SUM(D93:J93) -> 81.554696 | L93: =RANK(K93,$K$12:$K$105,0) -> 55
A94: 83 | B94: =+PROPONENTES!B92 -> CONSORCIO INTERVENTORES GTI 003 | C94: =CONSOLIDADO!J93 -> HABILITADO | D94: 0 | E94: 10 | F94: 1 | G94: 20 | H94: 1 | I94: 0.25 | J94: 0.25 | K94: =SUM(D94:J94) -> 32.5 | L94: =RANK(K94,$K$12:$K$105,0) -> 70
A95: 84 | B95: =+PROPONENTES!B93 -> INGCONSASAS | C95: =CONSOLIDADO!J94 -> HABILITADO | D95: 65.122518 | E95: 10 | F95: 1 | G95: 20 | H95: 1 | I95: 0.25 | J95: 0.25 | K95: =SUM(D95:J95) -> 97.622518 | L95: =RANK(K95,$K$12:$K$105,0) -> 13
A96: 85 | B96: =+PROPONENTES!B94 -> AESA PROYECTOS SAS | C96: =CONSOLIDADO!J95 -> HABILITADO | D96: 67.036059 | E96: 10 | F96: 1 | G96: 20 | H96: 1 | I96: 0.25 | J96: 0.25 | K96: =SUM(D96:J96) -> 99.536059 | L96: =RANK(K96,$K$12:$K$105,0) -> 4
A97: 86 | B97: =+PROPONENTES!B95 -> C INTERUSAQUEN EI | C97: =CONSOLIDADO!J96 -> HABILITADO | D97: 63.386976 | E97: 10 | F97: 1 | G97: 20 | H97: 1 | I97: 0.25 | J97: 0.25 | K97: =SUM(D97:J97) -> 95.886976 | L97: =RANK(K97,$K$12:$K$105,0) -> 20
A98: 87 | B98: =+PROPONENTES!B96 -> ARCA ARQUITECTURA E INGENIERÍA S.A. | C98: =CONSOLIDADO!J97 -> HABILITADO | D98: 61.819793 | E98: 10 | F98: 1 | G98: 20 | H98: 1 | I98: 0.25 | J98: 0.25 | K98: =SUM(D98:J98) -> 94.319793 | L98: =RANK(K98,$K$12:$K$105,0) -> 29
A99: 88 | B99: =+PROPONENTES!B97 -> CONSORCIO VIAL USAQUEN 2026 | C99: =CONSOLIDADO!J98 -> INHABILITADO | D99: INHABILITADO | E99: 10 | F99: 1 | G99: 20 | H99: 1 | I99: 0.25 | J99: 0.25 | K99: =SUM(D99:J99) -> 32.5 | L99: =RANK(K99,$K$12:$K$105,0) -> 70
A100: 89 | B100: =+PROPONENTES!B98 -> CS USAQUEN JINT 3 | C100: =CONSOLIDADO!J99 -> HABILITADO | D100: 66.950574 | E100: 10 | F100: 1 | G100: 20 | H100: 1 | I100: 0.25 | J100: 0.25 | K100: =SUM(D100:J100) -> 99.450574 | L100: =RANK(K100,$K$12:$K$105,0) -> 5
A101: 90 | B101: =+PROPONENTES!B99 -> CONSORCIO MT USAQUEN 2025 | C101: =CONSOLIDADO!J100 -> INHABILITADO | D101: INHABILITADO | E101: 10 | F101: 1 | G101: 20 | H101: 0 | I101: 0 | J101: 0.25 | K101: =SUM(D101:J101) -> 31.25 | L101: =RANK(K101,$K$12:$K$105,0) -> 93 | M101: NO SE EVIDENCIA N FORMATOS
A102: 91 | B102: =+PROPONENTES!B100 -> CONSORCIO MALLA VIAL USAQUEN | C102: =CONSOLIDADO!J101 -> HABILITADO | D102: 40.389463 | E102: 10 | F102: 1 | G102: 20 | H102: 1 | I102: 0.25 | J102: 0.25 | K102: =SUM(D102:J102) -> 72.889463 | L102: =RANK(K102,$K$12:$K$105,0) -> 66
A103: 92 | B103: =+PROPONENTES!B101 -> TERRA PROYECTOS CIVILES SAS | C103: =CONSOLIDADO!J102 -> INHABILITADO | D103: INHABILITADO | E103: 10 | F103: 1 | G103: 20 | H103: 1 | I103: 0.25 | J103: 0.25 | K103: =SUM(D103:J103) -> 32.5 | L103: =RANK(K103,$K$12:$K$105,0) -> 70
A104: 93 | B104: =+PROPONENTES!B102 -> ONSORCIO FLU 003 GH 2025 | C104: =CONSOLIDADO!J103 -> INHABILITADO | D104: INHABILITADO | E104: 0 | F104: 0 | G104: 0 | H104: 0 | I104: 0 | J104: 0.25 | K104: =SUM(D104:J104) -> 0.25 | L104: =RANK(K104,$K$12:$K$105,0) -> 94 | M104: NO SE EVIDENCIAN LOS FORMATOS PONDERABLES
A105: 94 | B105: =+PROPONENTES!B103 -> INGEVAL SAS | C105: =CONSOLIDADO!J104 -> INHABILITADO | D105: INHABILITADO | E105: 10 | F105: 1 | G105: 20 | H105: 1 | I105: 0.25 | J105: 0.25 | K105: =SUM(D105:J105) -> 32.5 | L105: =RANK(K105,$K$12:$K$105,0) -> 70

Sheet PUNTAJE EXP
A1: METODO | B1: =IF(AND(A5>=0,A5<=0.33),"MEDIANA CON VALOR ABSOLUTO",IF(AND(A5>=0.34,A5<=0.66),"MEDIA GEOMETRICA",IF(AND(A5>=0.67,A5<=0.99),"MEDIA ARITMETICA ALTA",))) -> MEDIA GEOMETRICA | E1: =CONCATENATE("PUNTAJE EXPERIENCIA DEL PROPONENTE",'DATOS INICIALES'!G4) -> PUNTAJE EXPERIENCIA DEL PROPONENTE FDLUSA-CMA-003-2025
A2: TRM | E2: Me | F2: =MEDIAN(D7:D100) -> 2002.085 | G2: MG | H2: =GEOMEAN(D7:D100) -> 2020.2782 | I2: Promedio | J2: =AVERAGE(D7:D100) -> 2173.7152
A3: 3861.34 | E3: Vme | F3: {=MAX(IF(D7:D90<$F$2,D7:D90))} -> 1996.87 | G3: Mas cercano | H3: =VLOOKUP(MIN(C7:C91),C7:D100,2,FALSE) -> 2021.6172 | I3: Maximo Valor | J3: =MAX(D7:H100) -> 6605.172
A4: DECIMAL | E4: =COUNT(D7:D100) -> 74 | F4: =IF(ISODD(E4),"IMPAR","PAR") -> PAR | I4: Media A. Alta | J4: =AVERAGE(J2:J3) -> 4389.4436
A5: 0.34 | E5: PUNTAJE MAX | F5: 67.5 | G5: PUNTAJE MAX | H5: 67.5 | I5: PUNTAJE MAX | J5: 67.5
A6: N° | B6: OFERENTE | C6: DIFERENCIA MEDIA GEOMETRICA | D6: VALOR PROMEDIO DE EXPERIENCIA (SLMMV) | E6: MEDIA ARITMETICA ALTA PUNTAJE | G6: MEDIA GEOMETRICA PUNTAJE | I6: MEDIA ARITMETICA ALTA PUNTAJE
A7: 1 | B7: =+PROPONENTES!B10 -> GRUPO METRO COLOMBIA SAS | C7: =IF(D7="","",ABS(D7-$H$2)) -> 119.01534 | D7: =IF(AND(CONSOLIDADO!J11="HABILITADO",'1'!$L$16>0),'1'!$L$16,"") -> 1901.2628 | E7: =IF(D7="","",IF($F$4="IMPAR",IF(D7=$F$2,$F$5,((1-ABS(($F$2-D7)/$F$2))*$F$5)),IF(D7=$F$3,$F$5,((1-ABS((($F$3-D7)/$F$3)))*$F$5)))) -> 64.2682 | G7: =IF(D7="","",IF(D7=$H$3,$H$5,$H$5*(1-((ABS($H$2-D7))/$H$2)))) -> 63.52355 | I7: =IF(D7="","",IF(D7<=$J$4,$J$5*(1-(($J$4-D7)/$J$4)),$J$5*(1-(2*((ABS($J$4-D7))/$J$4))))) -> 29.237245
A8: 2 | B8: =+PROPONENTES!B11 -> CONSORCIO INTERVIAS USAQUEN AI | C8: =IF(D8="","",ABS(D8-$H$2)) -> 177.56768 | D8: =IF(AND(CONSOLIDADO!J12="HABILITADO",'2'!$L$16>0),'2'!$L$16,"") -> 2197.8458 | E8: =IF(D8="","",IF($F$4="IMPAR",IF(D8=$F$2,$F$5,((1-ABS(($F$2-D8)/$F$2))*$F$5)),IF(D8=$F$3,$F$5,((1-ABS((($F$3-D8)/$F$3)))*$F$5)))) -> 60.706434 | G8: =IF(D8="","",IF(D8=$H$3,$H$5,$H$5*(1-((ABS($H$2-D8))/$H$2)))) -> 61.567243 | I8: =IF(D8="","",IF(D8<=$J$4,$J$5*(1-(($J$4-D8)/$J$4)),$J$5*(1-(2*((ABS($J$4-D8))/$J$4))))) -> 33.798041
A9: 3 | B9: =+PROPONENTES!B12 -> CONSORCIO PROYECTA VIAL | C9: =IF(D9="","",ABS(D9-$H$2)) -> 56.837971 | D9: =IF(AND(CONSOLIDADO!J13="HABILITADO",'3'!$L$16>0),'3'!$L$16,"") -> 2077.1161 | E9: =IF(D9="","",IF($F$4="IMPAR",IF(D9=$F$2,$F$5,((1-ABS(($F$2-D9)/$F$2))*$F$5)),IF(D9=$F$3,$F$5,((1-ABS((($F$3-D9)/$F$3)))*$F$5)))) -> 64.787448 | G9: =IF(D9="","",IF(D9=$H$3,$H$5,$H$5*(1-((ABS($H$2-D9))/$H$2)))) -> 65.600973 | I9: =IF(D9="","",IF(D9<=$J$4,$J$5*(1-(($J$4-D9)/$J$4)),$J$5*(1-(2*((ABS($J$4-D9))/$J$4))))) -> 31.941483
A10: 4 | B10: =+PROPONENTES!B13 -> PROYECTOS E INTERVENTORIAS S.A.S. | C10: =IF(D10="","",ABS(D10-$H$2)) -> 525.67309 | D10: =IF(AND(CONSOLIDADO!J14="HABILITADO",'4'!$L$16>0),'4'!$L$16,"") -> 1494.6051 | E10: =IF(D10="","",IF($F$4="IMPAR",IF(D10=$F$2,$F$5,((1-ABS(($F$2-D10)/$F$2))*$F$5)),IF(D10=$F$3,$F$5,((1-ABS((($F$3-D10)/$F$3)))*$F$5)))) -> 50.521988 | G10: =IF(D10="","",IF(D10=$H$3,$H$5,$H$5*(1-((ABS($H$2-D10))/$H$2)))) -> 49.93661 | I10: =IF(D10="","",IF(D10<=$J$4,$J$5*(1-(($J$4-D10)/$J$4)),$J$5*(1-(2*((ABS($J$4-D10))/$J$4))))) -> 22.983742
A11: 5 | B11: =+PROPONENTES!B14 -> CONSORCIO GAB VIAL USAQUEN 2025 | C11: =IF(D11="","",ABS(D11-$H$2)) -> 565.7044 | D11: =IF(AND(CONSOLIDADO!J15="HABILITADO",'5'!$L$16>0),'5'!$L$16,"") -> 1454.5738 | E11: =IF(D11="","",IF($F$4="IMPAR",IF(D11=$F$2,$F$5,((1-ABS(($F$2-D11)/$F$2))*$F$5)),IF(D11=$F$3,$F$5,((1-ABS((($F$3-D11)/$F$3)))*$F$5)))) -> 49.168813 | G11: =IF(D11="","",IF(D11=$H$3,$H$5,$H$5*(1-((ABS($H$2-D11))/$H$2)))) -> 48.599114 | I11: =IF(D11="","",IF(D11<=$J$4,$J$5*(1-(($J$4-D11)/$J$4)),$J$5*(1-(2*((ABS($J$4-D11))/$J$4))))) -> 22.368149
A12: 6 | B12: =+PROPONENTES!B15 -> CONSORCIO INTER TS 03 | C12: =IF(D12="","",ABS(D12-$H$2)) -> 393.95935 | D12: =IF(AND(CONSOLIDADO!J16="HABILITADO",'6'!$L$16>0),'6'!$L$16,"") -> 2414.2375 | E12: =IF(D12="","",IF($F$4="IMPAR",IF(D12=$F$2,$F$5,((1-ABS(($F$2-D12)/$F$2))*$F$5)),IF(D12=$F$3,$F$5,((1-ABS((($F$3-D12)/$F$3)))*$F$5)))) -> 53.391767 | G12: =IF(D12="","",IF(D12=$H$3,$H$5,$H$5*(1-((ABS($H$2-D12))/$H$2)))) -> 54.337329 | I12: =IF(D12="","",IF(D12<=$J$4,$J$5*(1-(($J$4-D12)/$J$4)),$J$5*(1-(2*((ABS($J$4-D12))/$J$4))))) -> 37.125669
A13: 7 | B13: =+PROPONENTES!B16 -> CONSORCIO PB | C13: =IF(D13="","",ABS(D13-$H$2)) | D13: =IF(AND(CONSOLIDADO!J17="HABILITADO",'7'!$L$16>0),'7'!$L$16,"") | E13: =IF(D13="","",IF($F$4="IMPAR",IF(D13=$F$2,$F$5,((1-ABS(($F$2-D13)/$F$2))*$F$5)),IF(D13=$F$3,$F$5,((1-ABS((($F$3-D13)/$F$3)))*$F$5)))) | G13: =IF(D13="","",IF(D13=$H$3,$H$5,$H$5*(1-((ABS($H$2-D13))/$H$2)))) | I13: =IF(D13="","",IF(D13<=$J$4,$J$5*(1-(($J$4-D13)/$J$4)),$J$5*(1-(2*((ABS($J$4-D13))/$J$4)))))
A14: 8 | B14: =+PROPONENTES!B17 -> Inveler Consultoría S.A.S. | C14: =IF(D14="","",ABS(D14-$H$2)) | D14: =IF(AND(CONSOLIDADO!J18="HABILITADO",'8'!$L$16>0),'8'!$L$16,"") | E14: =IF(D14="","",IF($F$4="IMPAR",IF(D14=$F$2,$F$5,((1-ABS(($F$2-D14)/$F$2))*$F$5)),IF(D14=$F$3,$F$5,((1-ABS((($F$3-D14)/$F$3)))*$F$5)))) | G14: =IF(D14="","",IF(D14=$H$3,$H$5,$H$5*(1-((ABS($H$2-D14))/$H$2)))) | I14: =IF(D14="","",IF(D14<=$J$4,$J$5*(1-(($J$4-D14)/$J$4)),$J$5*(1-(2*((ABS($J$4-D14))/$J$4)))))
A15: 9 | B15: =+PROPONENTES!B18 -> CONSORCIO VYE USAQUÉN | C15: =IF(D15="","",ABS(D15-$H$2)) -> 306.37187 | D15: =IF(AND(CONSOLIDADO!J19="HABILITADO",'9'!$L$16>0),'9'!$L$16,"") -> 2326.65 | E15: =IF(D15="","",IF($F$4="IMPAR",IF(D15=$F$2,$F$5,((1-ABS(($F$2-D15)/$F$2))*$F$5)),IF(D15=$F$3,$F$5,((1-ABS((($F$3-D15)/$F$3)))*$F$5)))) -> 56.352478 | G15: =IF(D15="","",IF(D15=$H$3,$H$5,$H$5*(1-((ABS($H$2-D15))/$H$2)))) -> 57.263736 | I15: =IF(D15="","",IF(D15<=$J$4,$J$5*(1-(($J$4-D15)/$J$4)),$J$5*(1-(2*((ABS($J$4-D15))/$J$4))))) -> 35.778766
A16: 10 | B16: =+PROPONENTES!B19 -> CONSORCIO INGENIERIA PROES LATAM | C16: =IF(D16="","",ABS(D16-$H$2)) -> 2210.9759 | D16: =IF(AND(CONSOLIDADO!J20="HABILITADO",'10'!$L$16>0),'10'!$L$16,"") -> 4231.2541 | E16: =IF(D16="","",IF($F$4="IMPAR",IF(D16=$F$2,$F$5,((1-ABS(($F$2-D16)/$F$2))*$F$5)),IF(D16=$F$3,$F$5,((1-ABS((($F$3-D16)/$F$3)))*$F$5)))) -> -8.0286646 | G16: =IF(D16="","",IF(D16=$H$3,$H$5,$H$5*(1-((ABS($H$2-D16))/$H$2)))) -> -6.3714487 | I16: =IF(D16="","",IF(D16<=$J$4,$J$5*(1-(($J$4-D16)/$J$4)),$J$5*(1-(2*((ABS($J$4-D16))/$J$4))))) -> 65.067392
A17: 11 | B17: =+PROPONENTES!B20 -> COMPAÑÍA DE PROYECTOS TÉCNICOS CPT S.A. | C17: =IF(D17="","",ABS(D17-$H$2)) -> 24.457854 | D17: =IF(AND(CONSOLIDADO!J21="HABILITADO",'11'!$L$16>0),'11'!$L$16,"") -> 1995.8203 | E17: =IF(D17="","",IF($F$4="IMPAR",IF(D17=$F$2,$F$5,((1-ABS(($F$2-D17)/$F$2))*$F$5)),IF(D17=$F$3,$F$5,((1-ABS((($F$3-D17)/$F$3)))*$F$5)))) -> 67.464517 | G17: =IF(D17="","",IF(D17=$H$3,$H$5,$H$5*(1-((ABS($H$2-D17))/$H$2)))) -> 66.682833 | I17: =IF(D17="","",IF(D17<=$J$4,$J$5*(1-(($J$4-D17)/$J$4)),$J$5*(1-(2*((ABS($J$4-D17))/$J$4))))) -> 30.691332
A18: 12 | B18: =+PROPONENTES!B21 -> CONSORCIO 3797 KAPROY USAQUEN | C18: =IF(D18="","",ABS(D18-$H$2)) -> 136.09301 | D18: =IF(AND(CONSOLIDADO!J22="HABILITADO",'12'!$L$16>0),'12'!$L$16,"") -> 2156.3712 | E18: =IF(D18="","",IF($F$4="IMPAR",IF(D18=$F$2,$F$5,((1-ABS(($F$2-D18)/$F$2))*$F$5)),IF(D18=$F$3,$F$5,((1-ABS((($F$3-D18)/$F$3)))*$F$5)))) -> 62.108398 | G18: =IF(D18="","",IF(D18=$H$3,$H$5,$H$5*(1-((ABS($H$2-D18))/$H$2)))) -> 62.952964 | I18: =IF(D18="","",IF(D18<=$J$4,$J$5*(1-(($J$4-D18)/$J$4)),$J$5*(1-(2*((ABS($J$4-D18))/$J$4))))) -> 33.160251
A19: 13 | B19: =+PROPONENTES!B22 -> CONSORCIO MIRALTA | C19: =IF(D19="","",ABS(D19-$H$2)) -> 47.445487 | D19: =IF(AND(CONSOLIDADO!J23="HABILITADO",'13'!$L$16>0),'13'!$L$16,"") -> 1972.8327 | E19: =IF(D19="","",IF($F$4="IMPAR",IF(D19=$F$2,$F$5,((1-ABS(($F$2-D19)/$F$2))*$F$5)),IF(D19=$F$3,$F$5,((1-ABS((($F$3-D19)/$F$3)))*$F$5)))) -> 66.687468 | G19: =IF(D19="","",IF(D19=$H$3,$H$5,$H$5*(1-((ABS($H$2-D19))/$H$2)))) -> 65.914787 | I19: =IF(D19="","",IF(D19<=$J$4,$J$5*(1-(($J$4-D19)/$J$4)),$J$5*(1-(2*((ABS($J$4-D19))/$J$4))))) -> 30.337833
A20: 14 | B20: =+PROPONENTES!B23 -> INT TERRA | C20: =IF(D20="","",ABS(D20-$H$2)) -> 156.45651 | D20: =IF(AND(CONSOLIDADO!J24="HABILITADO",'14'!$L$16>0),'14'!$L$16,"") -> 2176.7347 | E20: =IF(D20="","",IF($F$4="IMPAR",IF(D20=$F$2,$F$5,((1-ABS(($F$2-D20)/$F$2))*$F$5)),IF(D20=$F$3,$F$5,((1-ABS((($F$3-D20)/$F$3)))*$F$5)))) -> 61.420052 | G20: =IF(D20="","",IF(D20=$H$3,$H$5,$H$5*(1-((ABS($H$2-D20))/$H$2)))) -> 62.272594 | I20: =IF(D20="","",IF(D20<=$J$4,$J$5*(1-(($J$4-D20)/$J$4)),$J$5*(1-(2*((ABS($J$4-D20))/$J$4))))) -> 33.473397
A21: 15 | B21: =+PROPONENTES!B24 -> CONSORCIO SAN RAFAEL | C21: =IF(D21="","",ABS(D21-$H$2)) -> 297.04965 | D21: =IF(AND(CONSOLIDADO!J25="HABILITADO",'15'!$L$16>0),'15'!$L$16,"") -> 2317.3278 | E21: =IF(D21="","",IF($F$4="IMPAR",IF(D21=$F$2,$F$5,((1-ABS(($F$2-D21)/$F$2))*$F$5)),IF(D21=$F$3,$F$5,((1-ABS((($F$3-D21)/$F$3)))*$F$5)))) -> 56.667597 | G21: =IF(D21="","",IF(D21=$H$3,$H$5,$H$5*(1-((ABS($H$2-D21))/$H$2)))) -> 57.575203 | I21: =IF(D21="","",IF(D21<=$J$4,$J$5*(1-(($J$4-D21)/$J$4)),$J$5*(1-(2*((ABS($J$4-D21))/$J$4))))) -> 35.635411
A22: 16 | B22: =+PROPONENTES!B25 -> CONSORCIO INTER MALLA USAQUEN | C22: =IF(D22="","",ABS(D22-$H$2)) | D22: =IF(AND(CONSOLIDADO!J26="HABILITADO",'16'!$L$16>0),'16'!$L$16,"") | E22: =IF(D22="","",IF($F$4="IMPAR",IF(D22=$F$2,$F$5,((1-ABS(($F$2-D22)/$F$2))*$F$5)),IF(D22=$F$3,$F$5,((1-ABS((($F$3-D22)/$F$3)))*$F$5)))) | G22: =IF(D22="","",IF(D22=$H$3,$H$5,$H$5*(1-((ABS($H$2-D22))/$H$2)))) | I22: =IF(D22="","",IF(D22<=$J$4,$J$5*(1-(($J$4-D22)/$J$4)),$J$5*(1-(2*((ABS($J$4-D22))/$J$4)))))
A23: 17 | B23: =+PROPONENTES!B26 -> GAVINCO INGENIEROS CONSULTORES SAS | C23: =IF(D23="","",ABS(D23-$H$2)) -> 433.02985 | D23: =IF(AND(CONSOLIDADO!J27="HABILITADO",'17'!$L$16>0),'17'!$L$16,"") -> 2453.308 | E23: =IF(D23="","",IF($F$4="IMPAR",IF(D23=$F$2,$F$5,((1-ABS(($F$2-D23)/$F$2))*$F$5)),IF(D23=$F$3,$F$5,((1-ABS((($F$3-D23)/$F$3)))*$F$5)))) -> 52.071071 | G23: =IF(D23="","",IF(D23=$H$3,$H$5,$H$5*(1-((ABS($H$2-D23))/$H$2)))) -> 53.031936 | I23: =IF(D23="","",IF(D23<=$J$4,$J$5*(1-(($J$4-D23)/$J$4)),$J$5*(1-(2*((ABS($J$4-D23))/$J$4))))) -> 37.726488
A24: 18 | B24: =+PROPONENTES!B27 -> INGEOCILCON S.A.S. | C24: =IF(D24="","",ABS(D24-$H$2)) -> 566.62315 | D24: =IF(AND(CONSOLIDADO!J28="HABILITADO",'18'!$L$16>0),'18'!$L$16,"") -> 1453.655 | E24: =IF(D24="","",IF($F$4="IMPAR",IF(D24=$F$2,$F$5,((1-ABS(($F$2-D24)/$F$2))*$F$5)),IF(D24=$F$3,$F$5,((1-ABS((($F$3-D24)/$F$3)))*$F$5)))) -> 49.137757 | G24: =IF(D24="","",IF(D24=$H$3,$H$5,$H$5*(1-((ABS($H$2-D24))/$H$2)))) -> 48.568417 | I24: =IF(D24="","",IF(D24<=$J$4,$J$5*(1-(($J$4-D24)/$J$4)),$J$5*(1-(2*((ABS($J$4-D24))/$J$4))))) -> 22.354021
A25: 19 | B25: =+PROPONENTES!B28 -> CONSORCIO TORCA | C25: =IF(D25="","",ABS(D25-$H$2)) -> 142.06101 | D25: =IF(AND(CONSOLIDADO!J29="HABILITADO",'19'!$L$16>0),'19'!$L$16,"") -> 2162.3392 | E25: =IF(D25="","",IF($F$4="IMPAR",IF(D25=$F$2,$F$5,((1-ABS(($F$2-D25)/$F$2))*$F$5)),IF(D25=$F$3,$F$5,((1-ABS((($F$3-D25)/$F$3)))*$F$5)))) -> 61.906662 | G25: =IF(D25="","",IF(D25=$H$3,$H$5,$H$5*(1-((ABS($H$2-D25))/$H$2)))) -> 62.753565 | I25: =IF(D25="","",IF(D25<=$J$4,$J$5*(1-(($J$4-D25)/$J$4)),$J$5*(1-(2*((ABS($J$4-D25))/$J$4))))) -> 33.252026
A26: 20 | B26: =+PROPONENTES!B29 -> CONSORCIO INTER USAQUEN JGK | C26: =IF(D26="","",ABS(D26-$H$2)) -> 581.25815 | D26: =IF(AND(CONSOLIDADO!J30="HABILITADO",'20'!$L$16>0),'20'!$L$16,"") -> 1439.02 | E26: =IF(D26="","",IF($F$4="IMPAR",IF(D26=$F$2,$F$5,((1-ABS(($F$2-D26)/$F$2))*$F$5)),IF(D26=$F$3,$F$5,((1-ABS((($F$3-D26)/$F$3)))*$F$5)))) -> 48.643051 | G26: =IF(D26="","",IF(D26=$H$3,$H$5,$H$5*(1-((ABS($H$2-D26))/$H$2)))) -> 48.079444 | I26: =IF(D26="","",IF(D26<=$J$4,$J$5*(1-(($J$4-D26)/$J$4)),$J$5*(1-(2*((ABS($J$4-D26))/$J$4))))) -> 22.128966
A27: 21 | B27: =+PROPONENTES!B30 -> CONSORCIO LGI USAQUÉN | C27: =IF(D27="","",ABS(D27-$H$2)) -> 146.54805 | D27: =IF(AND(CONSOLIDADO!J31="HABILITADO",'21'!$L$16>0),'21'!$L$16,"") -> 2166.8262 | E27: =IF(D27="","",IF($F$4="IMPAR",IF(D27=$F$2,$F$5,((1-ABS(($F$2-D27)/$F$2))*$F$5)),IF(D27=$F$3,$F$5,((1-ABS((($F$3-D27)/$F$3)))*$F$5)))) -> 61.754987 | G27: =IF(D27="","",IF(D27=$H$3,$H$5,$H$5*(1-((ABS($H$2-D27))/$H$2)))) -> 62.603648 | I27: =IF(D27="","",IF(D27<=$J$4,$J$5*(1-(($J$4-D27)/$J$4)),$J$5*(1-(2*((ABS($J$4-D27))/$J$4))))) -> 33.321027
A28: 22 | B28: =+PROPONENTES!B31 -> CONSORCIO INTERDESARROLLO USAQUÉN | C28: =IF(D28="","",ABS(D28-$H$2)) -> 332.82813 | D28: =IF(AND(CONSOLIDADO!J32="HABILITADO",'22'!$L$16>0),'22'!$L$16,"") -> 2353.1063 | E28: =IF(D28="","",IF($F$4="IMPAR",IF(D28=$F$2,$F$5,((1-ABS(($F$2-D28)/$F$2))*$F$5)),IF(D28=$F$3,$F$5,((1-ABS((($F$3-D28)/$F$3)))*$F$5)))) -> 55.45818 | G28: =IF(D28="","",IF(D28=$H$3,$H$5,$H$5*(1-((ABS($H$2-D28))/$H$2)))) -> 56.379799 | I28: =IF(D28="","",IF(D28<=$J$4,$J$5*(1-(($J$4-D28)/$J$4)),$J$5*(1-(2*((ABS($J$4-D28))/$J$4))))) -> 36.185605
A29: 23 | B29: =+PROPONENTES!B32 -> COBA B&C SAS | C29: =IF(D29="","",ABS(D29-$H$2)) -> 27.942654 | D29: =IF(AND(CONSOLIDADO!J33="HABILITADO",'23'!$L$16>0),'23'!$L$16,"") -> 1992.3355 | E29: =IF(D29="","",IF($F$4="IMPAR",IF(D29=$F$2,$F$5,((1-ABS(($F$2-D29)/$F$2))*$F$5)),IF(D29=$F$3,$F$5,((1-ABS((($F$3-D29)/$F$3)))*$F$5)))) -> 67.346721 | G29: =IF(D29="","",IF(D29=$H$3,$H$5,$H$5*(1-((ABS($H$2-D29))/$H$2)))) -> 66.566401 | I29: =IF(D29="","",IF(D29<=$J$4,$J$5*(1-(($J$4-D29)/$J$4)),$J$5*(1-(2*((ABS($J$4-D29))/$J$4))))) -> 30.637743
A30: 24 | B30: =+PROPONENTES!B33 -> CONSORCIO USAQUEN 3M | C30: =IF(D30="","",ABS(D30-$H$2)) -> 105.04744 | D30: =IF(AND(CONSOLIDADO!J34="HABILITADO",'24'!$L$16>0),'24'!$L$16,"") -> 1915.2307 | E30: =IF(D30="","",IF($F$4="IMPAR",IF(D30=$F$2,$F$5,((1-ABS(($F$2-D30)/$F$2))*$F$5)),IF(D30=$F$3,$F$5,((1-ABS((($F$3-D30)/$F$3)))*$F$5)))) -> 64.740355 | G30: =IF(D30="","",IF(D30=$H$3,$H$5,$H$5*(1-((ABS($H$2-D30))/$H$2)))) -> 63.990235 | I30: =IF(D30="","",IF(D30<=$J$4,$J$5*(1-(($J$4-D30)/$J$4)),$J$5*(1-(2*((ABS($J$4-D30))/$J$4))))) -> 29.452041
A31: 25 | B31: =+PROPONENTES!B34 -> CB INGENIEROS SAS | C31: =IF(D31="","",ABS(D31-$H$2)) -> 54.503596 | D31: =IF(AND(CONSOLIDADO!J35="HABILITADO",'25'!$L$16>0),'25'!$L$16,"") -> 2074.7818 | E31: =IF(D31="","",IF($F$4="IMPAR",IF(D31=$F$2,$F$5,((1-ABS(($F$2-D31)/$F$2))*$F$5)),IF(D31=$F$3,$F$5,((1-ABS((($F$3-D31)/$F$3)))*$F$5)))) -> 64.866357 | G31: =IF(D31="","",IF(D31=$H$3,$H$5,$H$5*(1-((ABS($H$2-D31))/$H$2)))) -> 65.678967 | I31: =IF(D31="","",IF(D31<=$J$4,$J$5*(1-(($J$4-D31)/$J$4)),$J$5*(1-(2*((ABS($J$4-D31))/$J$4))))) -> 31.905585
A32: 26 | B32: =+PROPONENTES!B35 -> PD USAQUEN | C32: =IF(D32="","",ABS(D32-$H$2)) -> 435.3486 | D32: =IF(AND(CONSOLIDADO!J36="HABILITADO",'26'!$L$16>0),'26'!$L$16,"") -> 2455.6267 | E32: =IF(D32="","",IF($F$4="IMPAR",IF(D32=$F$2,$F$5,((1-ABS(($F$2-D32)/$F$2))*$F$5)),IF(D32=$F$3,$F$5,((1-ABS((($F$3-D32)/$F$3)))*$F$5)))) -> 51.992691 | G32: =IF(D32="","",IF(D32=$H$3,$H$5,$H$5*(1-((ABS($H$2-D32))/$H$2)))) -> 52.954463 | I32: =IF(D32="","",IF(D32<=$J$4,$J$5*(1-(($J$4-D32)/$J$4)),$J$5*(1-(2*((ABS($J$4-D32))/$J$4))))) -> 37.762145
A33: 27 | B33: =+PROPONENTES!B36 -> VICOS USAQUEN | C33: =IF(D33="","",ABS(D33-$H$2)) -> 455.14082 | D33: =IF(AND(CONSOLIDADO!J37="HABILITADO",'27'!$L$16>0),'27'!$L$16,"") -> 1565.1373 | E33: =IF(D33="","",IF($F$4="IMPAR",IF(D33=$F$2,$F$5,((1-ABS(($F$2-D33)/$F$2))*$F$5)),IF(D33=$F$3,$F$5,((1-ABS((($F$3-D33)/$F$3)))*$F$5)))) -> 52.906183 | G33: =IF(D33="","",IF(D33=$H$3,$H$5,$H$5*(1-((ABS($H$2-D33))/$H$2)))) -> 52.29318 | I33: =IF(D33="","",IF(D33<=$J$4,$J$5*(1-(($J$4-D33)/$J$4)),$J$5*(1-(2*((ABS($J$4-D33))/$J$4))))) -> 24.068374
A34: 28 | B34: =+PROPONENTES!B37 -> CONSORCIO INTERVENTORIA COANDINA | C34: =IF(D34="","",ABS(D34-$H$2)) -> 12.978154 | D34: =IF(AND(CONSOLIDADO!J38="HABILITADO",'28'!$L$16>0),'28'!$L$16,"") -> 2007.3 | E34: =IF(D34="","",IF($F$4="IMPAR",IF(D34=$F$2,$F$5,((1-ABS(($F$2-D34)/$F$2))*$F$5)),IF(D34=$F$3,$F$5,((1-ABS((($F$3-D34)/$F$3)))*$F$5)))) -> 67.147436 | G34: =IF(D34="","",IF(D34=$H$3,$H$5,$H$5*(1-((ABS($H$2-D34))/$H$2)))) -> 67.066384 | I34: =IF(D34="","",IF(D34<=$J$4,$J$5*(1-(($J$4-D34)/$J$4)),$J$5*(1-(2*((ABS($J$4-D34))/$J$4))))) -> 30.867864
A35: 29 | B35: =+PROPONENTES!B38 -> CONSORCIO USAQUEN AVANZA MIC | C35: =IF(D35="","",ABS(D35-$H$2)) -> 124.16185 | D35: =IF(AND(CONSOLIDADO!J39="HABILITADO",'29'!$L$16>0),'29'!$L$16,"") -> 2144.44 | E35: =IF(D35="","",IF($F$4="IMPAR",IF(D35=$F$2,$F$5,((1-ABS(($F$2-D35)/$F$2))*$F$5)),IF(D35=$F$3,$F$5,((1-ABS((($F$3-D35)/$F$3)))*$F$5)))) -> 62.511706 | G35: =IF(D35="","",IF(D35=$H$3,$H$5,$H$5*(1-((ABS($H$2-D35))/$H$2)))) -> 63.351599 | I35: =IF(D35="","",IF(D35<=$J$4,$J$5*(1-(($J$4-D35)/$J$4)),$J$5*(1-(2*((ABS($J$4-D35))/$J$4))))) -> 32.976776
A36: 30 | B36: =+PROPONENTES!B39 -> CONSORCIO INTER-USAQUEN 003 HCPC | C36: =IF(D36="","",ABS(D36-$H$2)) -> 348.97799 | D36: =IF(AND(CONSOLIDADO!J40="HABILITADO",'30'!$L$16>0),'30'!$L$16,"") -> 1671.3002 | E36: =IF(D36="","",IF($F$4="IMPAR",IF(D36=$F$2,$F$5,((1-ABS(($F$2-D36)/$F$2))*$F$5)),IF(D36=$F$3,$F$5,((1-ABS((($F$3-D36)/$F$3)))*$F$5)))) -> 56.494795 | G36: =IF(D36="","",IF(D36=$H$3,$H$5,$H$5*(1-((ABS($H$2-D36))/$H$2)))) -> 55.840212 | I36: =IF(D36="","",IF(D36<=$J$4,$J$5*(1-(($J$4-D36)/$J$4)),$J$5*(1-(2*((ABS($J$4-D36))/$J$4))))) -> 25.700925
A37: 31 | B37: =+PROPONENTES!B40 -> CONSORCIO VIAS USA 2025 | C37: =IF(D37="","",ABS(D37-$H$2)) -> 374.42625 | D37: =IF(AND(CONSOLIDADO!J41="HABILITADO",'31'!$L$16>0),'31'!$L$16,"") -> 1645.8519 | E37: =IF(D37="","",IF($F$4="IMPAR",IF(D37=$F$2,$F$5,((1-ABS(($F$2-D37)/$F$2))*$F$5)),IF(D37=$F$3,$F$5,((1-ABS((($F$3-D37)/$F$3)))*$F$5)))) -> 55.63457 | G37: =IF(D37="","",IF(D37=$H$3,$H$5,$H$5*(1-((ABS($H$2-D37))/$H$2)))) -> 54.989954 | I37: =IF(D37="","",IF(D37<=$J$4,$J$5*(1-(($J$4-D37)/$J$4)),$J$5*(1-(2*((ABS($J$4-D37))/$J$4))))) -> 25.309587
A38: 32 | B38: =+PROPONENTES!B41 -> CONSORCIO VIAL TAED USAQUEN | C38: =IF(D38="","",ABS(D38-$H$2)) | D38: =IF(AND(CONSOLIDADO!J42="HABILITADO",'32'!$L$16>0),'32'!$L$16,"") | E38: =IF(D38="","",IF($F$4="IMPAR",IF(D38=$F$2,$F$5,((1-ABS(($F$2-D38)/$F$2))*$F$5)),IF(D38=$F$3,$F$5,((1-ABS((($F$3-D38)/$F$3)))*$F$5)))) | G38: =IF(D38="","",IF(D38=$H$3,$H$5,$H$5*(1-((ABS($H$2-D38))/$H$2)))) | I38: =IF(D38="","",IF(D38<=$J$4,$J$5*(1-(($J$4-D38)/$J$4)),$J$5*(1-(2*((ABS($J$4-D38))/$J$4)))))
A39: 33 | B39: =+PROPONENTES!B42 -> COLOMBOINGENIERIA S.A.S. | C39: =IF(D39="","",ABS(D39-$H$2)) | D39: =IF(AND(CONSOLIDADO!J43="HABILITADO",'33'!$L$16>0),'33'!$L$16,"") | E39: =IF(D39="","",IF($F$4="IMPAR",IF(D39=$F$2,$F$5,((1-ABS(($F$2-D39)/$F$2))*$F$5)),IF(D39=$F$3,$F$5,((1-ABS((($F$3-D39)/$F$3)))*$F$5)))) | G39: =IF(D39="","",IF(D39=$H$3,$H$5,$H$5*(1-((ABS($H$2-D39))/$H$2)))) | I39: =IF(D39="","",IF(D39<=$J$4,$J$5*(1-(($J$4-D39)/$J$4)),$J$5*(1-(2*((ABS($J$4-D39))/$J$4)))))
A40: 34 | B40: =+PROPONENTES!B43 -> URBANO - USAQUEN 03 | C40: =IF(D40="","",ABS(D40-$H$2)) | D40: =IF(AND(CONSOLIDADO!J44="HABILITADO",'34'!$L$16>0),'34'!$L$16,"") | E40: =IF(D40="","",IF($F$4="IMPAR",IF(D40=$F$2,$F$5,((1-ABS(($F$2-D40)/$F$2))*$F$5)),IF(D40=$F$3,$F$5,((1-ABS((($F$3-D40)/$F$3)))*$F$5)))) | G40: =IF(D40="","",IF(D40=$H$3,$H$5,$H$5*(1-((ABS($H$2-D40))/$H$2)))) | I40: =IF(D40="","",IF(D40<=$J$4,$J$5*(1-(($J$4-D40)/$J$4)),$J$5*(1-(2*((ABS($J$4-D40))/$J$4)))))
A41: 35 | B41: =+PROPONENTES!B44 -> CONSORCIO INTERUSAQUEN RH | C41: =IF(D41="","",ABS(D41-$H$2)) -> 184.94615 | D41: =IF(AND(CONSOLIDADO!J45="HABILITADO",'35'!$L$16>0),'35'!$L$16,"") -> 1835.332 | E41: =IF(D41="","",IF($F$4="IMPAR",IF(D41=$F$2,$F$5,((1-ABS(($F$2-D41)/$F$2))*$F$5)),IF(D41=$F$3,$F$5,((1-ABS((($F$3-D41)/$F$3)))*$F$5)))) -> 62.039547 | G41: =IF(D41="","",IF(D41=$H$3,$H$5,$H$5*(1-((ABS($H$2-D41))/$H$2)))) -> 61.32072 | I41: =IF(D41="","",IF(D41<=$J$4,$J$5*(1-(($J$4-D41)/$J$4)),$J$5*(1-(2*((ABS($J$4-D41))/$J$4))))) -> 28.223374
A42: 36 | B42: =+PROPONENTES!B45 -> CONSORCIO USAQUEN 2025 | C42: =IF(D42="","",ABS(D42-$H$2)) -> 532.30065 | D42: =IF(AND(CONSOLIDADO!J46="HABILITADO",'36'!$L$16>0),'36'!$L$16,"") -> 1487.9775 | E42: =IF(D42="","",IF($F$4="IMPAR",IF(D42=$F$2,$F$5,((1-ABS(($F$2-D42)/$F$2))*$F$5)),IF(D42=$F$3,$F$5,((1-ABS((($F$3-D42)/$F$3)))*$F$5)))) -> 50.297957 | G42: =IF(D42="","",IF(D42=$H$3,$H$5,$H$5*(1-((ABS($H$2-D42))/$H$2)))) -> 49.715175 | I42: =IF(D42="","",IF(D42<=$J$4,$J$5*(1-(($J$4-D42)/$J$4)),$J$5*(1-(2*((ABS($J$4-D42))/$J$4))))) -> 22.881825
A43: 37 | B43: =+PROPONENTES!B46 -> PRODEINCOL S.A.S. | C43: =IF(D43="","",ABS(D43-$H$2)) -> 1275.5418 | D43: =IF(AND(CONSOLIDADO!J47="HABILITADO",'37'!$L$16>0),'37'!$L$16,"") -> 3295.82 | E43: =IF(D43="","",IF($F$4="IMPAR",IF(D43=$F$2,$F$5,((1-ABS(($F$2-D43)/$F$2))*$F$5)),IF(D43=$F$3,$F$5,((1-ABS((($F$3-D43)/$F$3)))*$F$5)))) -> 23.591721 | G43: =IF(D43="","",IF(D43=$H$3,$H$5,$H$5*(1-((ABS($H$2-D43))/$H$2)))) -> 24.882564 | I43: =IF(D43="","",IF(D43<=$J$4,$J$5*(1-(($J$4-D43)/$J$4)),$J$5*(1-(2*((ABS($J$4-D43))/$J$4))))) -> 50.682471
A44: 38 | B44: =+PROPONENTES!B47 -> PROYECTOS TECNICOS DE COLOMBIA SAS | C44: =IF(D44="","",ABS(D44-$H$2)) -> 693.00082 | D44: =IF(AND(CONSOLIDADO!J48="HABILITADO",'38'!$L$16>0),'38'!$L$16,"") -> 1327.2773 | E44: =IF(D44="","",IF($F$4="IMPAR",IF(D44=$F$2,$F$5,((1-ABS(($F$2-D44)/$F$2))*$F$5)),IF(D44=$F$3,$F$5,((1-ABS((($F$3-D44)/$F$3)))*$F$5)))) -> 44.865825 | G44: =IF(D44="","",IF(D44=$H$3,$H$5,$H$5*(1-((ABS($H$2-D44))/$H$2)))) -> 44.345983 | I44: =IF(D44="","",IF(D44<=$J$4,$J$5*(1-(($J$4-D44)/$J$4)),$J$5*(1-(2*((ABS($J$4-D44))/$J$4))))) -> 20.41061
A45: 39 | B45: =+PROPONENTES!B48 -> CONSORCIO INTERPROVIAS USQ | C45: =IF(D45="","",ABS(D45-$H$2)) -> 603.77515 | D45: =IF(AND(CONSOLIDADO!J49="HABILITADO",'39'!$L$16>0),'39'!$L$16,"") -> 1416.503 | E45: =IF(D45="","",IF($F$4="IMPAR",IF(D45=$F$2,$F$5,((1-ABS(($F$2-D45)/$F$2))*$F$5)),IF(D45=$F$3,$F$5,((1-ABS((($F$3-D45)/$F$3)))*$F$5)))) -> 47.881911 | G45: =IF(D45="","",IF(D45=$H$3,$H$5,$H$5*(1-((ABS($H$2-D45))/$H$2)))) -> 47.327123 | I45: =IF(D45="","",IF(D45<=$J$4,$J$5*(1-(($J$4-D45)/$J$4)),$J$5*(1-(2*((ABS($J$4-D45))/$J$4))))) -> 21.782704
A46: 40 | B46: =+PROPONENTES!B49 -> CONSORCIO INTER Y19 | C46: =IF(D46="","",ABS(D46-$H$2)) -> 137.63155 | D46: =IF(AND(CONSOLIDADO!J50="HABILITADO",'40'!$L$16>0),'40'!$L$16,"") -> 2157.9097 | E46: =IF(D46="","",IF($F$4="IMPAR",IF(D46=$F$2,$F$5,((1-ABS(($F$2-D46)/$F$2))*$F$5)),IF(D46=$F$3,$F$5,((1-ABS((($F$3-D46)/$F$3)))*$F$5)))) -> 62.056391 | G46: =IF(D46="","",IF(D46=$H$3,$H$5,$H$5*(1-((ABS($H$2-D46))/$H$2)))) -> 62.901559 | I46: =IF(D46="","",IF(D46<=$J$4,$J$5*(1-(($J$4-D46)/$J$4)),$J$5*(1-(2*((ABS($J$4-D46))/$J$4))))) -> 33.183911
A47: 41 | B47: =+PROPONENTES!B50 -> CONSORCIO INTER AXPROCOL | C47: =IF(D47="","",ABS(D47-$H$2)) | D47: =IF(AND(CONSOLIDADO!J51="HABILITADO",'41'!$L$16>0),'41'!$L$16,"") | E47: =IF(D47="","",IF($F$4="IMPAR",IF(D47=$F$2,$F$5,((1-ABS(($F$2-D47)/$F$2))*$F$5)),IF(D47=$F$3,$F$5,((1-ABS((($F$3-D47)/$F$3)))*$F$5)))) | G47: =IF(D47="","",IF(D47=$H$3,$H$5,$H$5*(1-((ABS($H$2-D47))/$H$2)))) | I47: =IF(D47="","",IF(D47<=$J$4,$J$5*(1-(($J$4-D47)/$J$4)),$J$5*(1-(2*((ABS($J$4-D47))/$J$4)))))
A48: 42 | B48: =+PROPONENTES!B51 -> CONSERVACIÓN USAQUEN IC | C48: =IF(D48="","",ABS(D48-$H$2)) -> 96.594654 | D48: =IF(AND(CONSOLIDADO!J52="HABILITADO",'42'!$L$16>0),'42'!$L$16,"") -> 1923.6835 | E48: =IF(D48="","",IF($F$4="IMPAR",IF(D48=$F$2,$F$5,((1-ABS(($F$2-D48)/$F$2))*$F$5)),IF(D48=$F$3,$F$5,((1-ABS((($F$3-D48)/$F$3)))*$F$5)))) -> 65.026084 | G48: =IF(D48="","",IF(D48=$H$3,$H$5,$H$5*(1-((ABS($H$2-D48))/$H$2)))) -> 64.272653 | I48: =IF(D48="","",IF(D48<=$J$4,$J$5*(1-(($J$4-D48)/$J$4)),$J$5*(1-(2*((ABS($J$4-D48))/$J$4))))) -> 29.582026
A49: 43 | B49: =+PROPONENTES!B52 -> CONSORCIO HGR–INCON 13 | C49: =IF(D49="","",ABS(D49-$H$2)) -> 87.156154 | D49: =IF(AND(CONSOLIDADO!J53="HABILITADO",'43'!$L$16>0),'43'!$L$16,"") -> 1933.122 | E49: =IF(D49="","",IF($F$4="IMPAR",IF(D49=$F$2,$F$5,((1-ABS(($F$2-D49)/$F$2))*$F$5)),IF(D49=$F$3,$F$5,((1-ABS((($F$3-D49)/$F$3)))*$F$5)))) -> 65.345133 | G49: =IF(D49="","",IF(D49=$H$3,$H$5,$H$5*(1-((ABS($H$2-D49))/$H$2)))) -> 64.588005 | I49: =IF(D49="","",IF(D49<=$J$4,$J$5*(1-(($J$4-D49)/$J$4)),$J$5*(1-(2*((ABS($J$4-D49))/$J$4))))) -> 29.72717
A50: 44 | B50: =+PROPONENTES!B53 -> DF CONSULTORIA SAS | C50: =IF(D50="","",ABS(D50-$H$2)) -> 945.97185 | D50: =IF(AND(CONSOLIDADO!J54="HABILITADO",'44'!$L$16>0),'44'!$L$16,"") -> 2966.25 | E50: =IF(D50="","",IF($F$4="IMPAR",IF(D50=$F$2,$F$5,((1-ABS(($F$2-D50)/$F$2))*$F$5)),IF(D50=$F$3,$F$5,((1-ABS((($F$3-D50)/$F$3)))*$F$5)))) -> 34.732143 | G50: =IF(D50="","",IF(D50=$H$3,$H$5,$H$5*(1-((ABS($H$2-D50))/$H$2)))) -> 35.893907 | I50: =IF(D50="","",IF(D50<=$J$4,$J$5*(1-(($J$4-D50)/$J$4)),$J$5*(1-(2*((ABS($J$4-D50))/$J$4))))) -> 45.614409
A51: 45 | B51: =+PROPONENTES!B54 -> ARINCO SAS | C51: =IF(D51="","",ABS(D51-$H$2)) -> 441.53115 | D51: =IF(AND(CONSOLIDADO!J55="HABILITADO",'45'!$L$16>0),'45'!$L$16,"") -> 1578.747 | E51: =IF(D51="","",IF($F$4="IMPAR",IF(D51=$F$2,$F$5,((1-ABS(($F$2-D51)/$F$2))*$F$5)),IF(D51=$F$3,$F$5,((1-ABS((($F$3-D51)/$F$3)))*$F$5)))) -> 53.366229 | G51: =IF(D51="","",IF(D51=$H$3,$H$5,$H$5*(1-((ABS($H$2-D51))/$H$2)))) -> 52.747896 | I51: =IF(D51="","",IF(D51<=$J$4,$J$5*(1-(($J$4-D51)/$J$4)),$J$5*(1-(2*((ABS($J$4-D51))/$J$4))))) -> 24.277661
A52: 46 | B52: =+PROPONENTES!B55 -> MALLAUSA | C52: =IF(D52="","",ABS(D52-$H$2)) -> 410.51815 | D52: =IF(AND(CONSOLIDADO!J56="HABILITADO",'46'!$L$16>0),'46'!$L$16,"") -> 1609.76 | E52: =IF(D52="","",IF($F$4="IMPAR",IF(D52=$F$2,$F$5,((1-ABS(($F$2-D52)/$F$2))*$F$5)),IF(D52=$F$3,$F$5,((1-ABS((($F$3-D52)/$F$3)))*$F$5)))) -> 54.414559 | G52: =IF(D52="","",IF(D52=$H$3,$H$5,$H$5*(1-((ABS($H$2-D52))/$H$2)))) -> 53.784079 | I52: =IF(D52="","",IF(D52<=$J$4,$J$5*(1-(($J$4-D52)/$J$4)),$J$5*(1-(2*((ABS($J$4-D52))/$J$4))))) -> 24.754572
A53: 47 | B53: =+PROPONENTES!B56 -> CONSORCIO VÍAS URBANAS P&C-U-2025 | C53: =IF(D53="","",ABS(D53-$H$2)) -> 352.77815 | D53: =IF(AND(CONSOLIDADO!J57="HABILITADO",'47'!$L$16>0),'47'!$L$16,"") -> 1667.5 | E53: =IF(D53="","",IF($F$4="IMPAR",IF(D53=$F$2,$F$5,((1-ABS(($F$2-D53)/$F$2))*$F$5)),IF(D53=$F$3,$F$5,((1-ABS((($F$3-D53)/$F$3)))*$F$5)))) -> 56.366338 | G53: =IF(D53="","",IF(D53=$H$3,$H$5,$H$5*(1-((ABS($H$2-D53))/$H$2)))) -> 55.713244 | I53: =IF(D53="","",IF(D53<=$J$4,$J$5*(1-(($J$4-D53)/$J$4)),$J$5*(1-(2*((ABS($J$4-D53))/$J$4))))) -> 25.642487
A54: 48 | B54: =+PROPONENTES!B57 -> GES-USAQUEN-003 | C54: =IF(D54="","",ABS(D54-$H$2)) | D54: =IF(AND(CONSOLIDADO!J58="HABILITADO",'48'!$L$16>0),'48'!$L$16,"") | E54: =IF(D54="","",IF($F$4="IMPAR",IF(D54=$F$2,$F$5,((1-ABS(($F$2-D54)/$F$2))*$F$5)),IF(D54=$F$3,$F$5,((1-ABS((($F$3-D54)/$F$3)))*$F$5)))) | G54: =IF(D54="","",IF(D54=$H$3,$H$5,$H$5*(1-((ABS($H$2-D54))/$H$2)))) | I54: =IF(D54="","",IF(D54<=$J$4,$J$5*(1-(($J$4-D54)/$J$4)),$J$5*(1-(2*((ABS($J$4-D54))/$J$4)))))
A55: 49 | B55: =+PROPONENTES!B58 -> CONSORCIO SOLIING USAQUEN | C55: =IF(D55="","",ABS(D55-$H$2)) -> 3680.7768 | D55: =IF(AND(CONSOLIDADO!J59="HABILITADO",'49'!$L$16>0),'49'!$L$16,"") -> 5701.055 | E55: =IF(D55="","",IF($F$4="IMPAR",IF(D55=$F$2,$F$5,((1-ABS(($F$2-D55)/$F$2))*$F$5)),IF(D55=$F$3,$F$5,((1-ABS((($F$3-D55)/$F$3)))*$F$5)))) -> -57.712201 | G55: =IF(D55="","",IF(D55=$H$3,$H$5,$H$5*(1-((ABS($H$2-D55))/$H$2)))) -> -55.479322 | I55: =IF(D55="","",IF(D55<=$J$4,$J$5*(1-(($J$4-D55)/$J$4)),$J$5*(1-(2*((ABS($J$4-D55))/$J$4))))) -> 27.160596
A56: 50 | B56: =+PROPONENTES!B59 -> INEXIA | C56: =IF(D56="","",ABS(D56-$H$2)) -> 4584.8938 | D56: =IF(AND(CONSOLIDADO!J60="HABILITADO",'50'!$L$16>0),'50'!$L$16,"") -> 6605.172 | E56: =IF(D56="","",IF($F$4="IMPAR",IF(D56=$F$2,$F$5,((1-ABS(($F$2-D56)/$F$2))*$F$5)),IF(D56=$F$3,$F$5,((1-ABS((($F$3-D56)/$F$3)))*$F$5)))) -> -88.273979 | G56: =IF(D56="","",IF(D56=$H$3,$H$5,$H$5*(1-((ABS($H$2-D56))/$H$2)))) -> -85.686993 | I56: =IF(D56="","",IF(D56<=$J$4,$J$5*(1-(($J$4-D56)/$J$4)),$J$5*(1-(2*((ABS($J$4-D56))/$J$4))))) -> -0.64607029
A57: 51 | B57: =+PROPONENTES!B60 -> INCOLTA S.A.S. | C57: =IF(D57="","",ABS(D57-$H$2)) -> 1.339046 | D57: =IF(AND(CONSOLIDADO!J61="HABILITADO",'51'!$L$16>0),'51'!$L$16,"") -> 2021.6172 | E57: =IF(D57="","",IF($F$4="IMPAR",IF(D57=$F$2,$F$5,((1-ABS(($F$2-D57)/$F$2))*$F$5)),IF(D57=$F$3,$F$5,((1-ABS((($F$3-D57)/$F$3)))*$F$5)))) -> 66.663473 | G57: =IF(D57="","",IF(D57=$H$3,$H$5,$H$5*(1-((ABS($H$2-D57))/$H$2)))) -> 67.5 | I57: =IF(D57="","",IF(D57<=$J$4,$J$5*(1-(($J$4-D57)/$J$4)),$J$5*(1-(2*((ABS($J$4-D57))/$J$4))))) -> 31.088031
A58: 52 | B58: =+PROPONENTES!B61 -> DIN INGENIERIA SAS | C58: =IF(D58="","",ABS(D58-$H$2)) -> 492.98615 | D58: =IF(AND(CONSOLIDADO!J62="HABILITADO",'52'!$L$16>0),'52'!$L$16,"") -> 1527.292 | E58: =IF(D58="","",IF($F$4="IMPAR",IF(D58=$F$2,$F$5,((1-ABS(($F$2-D58)/$F$2))*$F$5)),IF(D58=$F$3,$F$5,((1-ABS((($F$3-D58)/$F$3)))*$F$5)))) -> 51.626901 | G58: =IF(D58="","",IF(D58=$H$3,$H$5,$H$5*(1-((ABS($H$2-D58))/$H$2)))) -> 51.028721 | I58: =IF(D58="","",IF(D58<=$J$4,$J$5*(1-(($J$4-D58)/$J$4)),$J$5*(1-(2*((ABS($J$4-D58))/$J$4))))) -> 23.486396
A59: 53 | B59: =+PROPONENTES!B62 -> UNIOBRAS DEL ORIENTE S.A.S | C59: =IF(D59="","",ABS(D59-$H$2)) | D59: =IF(AND(CONSOLIDADO!J63="HABILITADO",'53'!$L$16>0),'53'!$L$16,"") | E59: =IF(D59="","",IF($F$4="IMPAR",IF(D59=$F$2,$F$5,((1-ABS(($F$2-D59)/$F$2))*$F$5)),IF(D59=$F$3,$F$5,((1-ABS((($F$3-D59)/$F$3)))*$F$5)))) | G59: =IF(D59="","",IF(D59=$H$3,$H$5,$H$5*(1-((ABS($H$2-D59))/$H$2)))) | I59: =IF(D59="","",IF(D59<=$J$4,$J$5*(1-(($J$4-D59)/$J$4)),$J$5*(1-(2*((ABS($J$4-D59))/$J$4)))))
A60: 54 | B60: =+PROPONENTES!B63 -> INGESCOR S.A.S. | C60: =IF(D60="","",ABS(D60-$H$2)) -> 156.04815 | D60: =IF(AND(CONSOLIDADO!J64="HABILITADO",'54'!$L$16>0),'54'!$L$16,"") -> 1864.23 | E60: =IF(D60="","",IF($F$4="IMPAR",IF(D60=$F$2,$F$5,((1-ABS(($F$2-D60)/$F$2))*$F$5)),IF(D60=$F$3,$F$5,((1-ABS((($F$3-D60)/$F$3)))*$F$5)))) -> 63.016383 | G60: =IF(D60="","",IF(D60=$H$3,$H$5,$H$5*(1-((ABS($H$2-D60))/$H$2)))) -> 62.286238 | I60: =IF(D60="","",IF(D60<=$J$4,$J$5*(1-(($J$4-D60)/$J$4)),$J$5*(1-(2*((ABS($J$4-D60))/$J$4))))) -> 28.667762
A61: 55 | B61: =+PROPONENTES!B64 -> CONSORCIO FENIX | C61: =IF(D61="","",ABS(D61-$H$2)) | D61: =IF(AND(CONSOLIDADO!J65="HABILITADO",'55'!$L$16>0),'55'!$L$16,"") | E61: =IF(D61="","",IF($F$4="IMPAR",IF(D61=$F$2,$F$5,((1-ABS(($F$2-D61)/$F$2))*$F$5)),IF(D61=$F$3,$F$5,((1-ABS((($F$3-D61)/$F$3)))*$F$5)))) | G61: =IF(D61="","",IF(D61=$H$3,$H$5,$H$5*(1-((ABS($H$2-D61))/$H$2)))) | I61: =IF(D61="","",IF(D61<=$J$4,$J$5*(1-(($J$4-D61)/$J$4)),$J$5*(1-(2*((ABS($J$4-D61))/$J$4)))))
A62: 56 | B62: =+PROPONENTES!B65 -> INGOSER SAS | C62: =IF(D62="","",ABS(D62-$H$2)) -> 1625.8115 | D62: =IF(AND(CONSOLIDADO!J66="HABILITADO",'56'!$L$16>0),'56'!$L$16,"") -> 394.46667 | E62: =IF(D62="","",IF($F$4="IMPAR",IF(D62=$F$2,$F$5,((1-ABS(($F$2-D62)/$F$2))*$F$5)),IF(D62=$F$3,$F$5,((1-ABS((($F$3-D62)/$F$3)))*$F$5)))) -> 13.334118 | G62: =IF(D62="","",IF(D62=$H$3,$H$5,$H$5*(1-((ABS($H$2-D62))/$H$2)))) -> 13.179621 | I62: =IF(D62="","",IF(D62<=$J$4,$J$5*(1-(($J$4-D62)/$J$4)),$J$5*(1-(2*((ABS($J$4-D62))/$J$4))))) -> 6.0660308
A63: 57 | B63: =+PROPONENTES!B66 -> EUROESTUDIOS INGENIEROS DE CONSULTA SAS | C63: =IF(D63="","",ABS(D63-$H$2)) | D63: =IF(AND(CONSOLIDADO!J67="HABILITADO",'57'!$L$16>0),'57'!$L$16,"") | E63: =IF(D63="","",IF($F$4="IMPAR",IF(D63=$F$2,$F$5,((1-ABS(($F$2-D63)/$F$2))*$F$5)),IF(D63=$F$3,$F$5,((1-ABS((($F$3-D63)/$F$3)))*$F$5)))) | G63: =IF(D63="","",IF(D63=$H$3,$H$5,$H$5*(1-((ABS($H$2-D63))/$H$2)))) | I63: =IF(D63="","",IF(D63<=$J$4,$J$5*(1-(($J$4-D63)/$J$4)),$J$5*(1-(2*((ABS($J$4-D63))/$J$4)))))
A64: 58 | B64: =+PROPONENTES!B67 -> CONSORCIO CUARZO 37 | C64: =IF(D64="","",ABS(D64-$H$2)) -> 724.32315 | D64: =IF(AND(CONSOLIDADO!J68="HABILITADO",'58'!$L$16>0),'58'!$L$16,"") -> 1295.955 | E64: =IF(D64="","",IF($F$4="IMPAR",IF(D64=$F$2,$F$5,((1-ABS(($F$2-D64)/$F$2))*$F$5)),IF(D64=$F$3,$F$5,((1-ABS((($F$3-D64)/$F$3)))*$F$5)))) -> 43.807039 | G64: =IF(D64="","",IF(D64=$H$3,$H$5,$H$5*(1-((ABS($H$2-D64))/$H$2)))) -> 43.299465 | I64: =IF(D64="","",IF(D64<=$J$4,$J$5*(1-(($J$4-D64)/$J$4)),$J$5*(1-(2*((ABS($J$4-D64))/$J$4))))) -> 19.928941
A65: 59 | B65: =+PROPONENTES!B68 -> INGENIERIA MASTER S.A.S. | C65: =IF(D65="","",ABS(D65-$H$2)) -> 229.6589 | D65: =IF(AND(CONSOLIDADO!J69="HABILITADO",'59'!$L$16>0),'59'!$L$16,"") -> 1790.6192 | E65: =IF(D65="","",IF($F$4="IMPAR",IF(D65=$F$2,$F$5,((1-ABS(($F$2-D65)/$F$2))*$F$5)),IF(D65=$F$3,$F$5,((1-ABS((($F$3-D65)/$F$3)))*$F$5)))) -> 60.528126 | G65: =IF(D65="","",IF(D65=$H$3,$H$5,$H$5*(1-((ABS($H$2-D65))/$H$2)))) -> 59.826811 | I65: =IF(D65="","",IF(D65<=$J$4,$J$5*(1-(($J$4-D65)/$J$4)),$J$5*(1-(2*((ABS($J$4-D65))/$J$4))))) -> 27.53579
A66: 60 | B66: =+PROPONENTES!B69 -> CONSULTORES DONOVAN SAS | C66: =IF(D66="","",ABS(D66-$H$2)) -> 125.04582 | D66: =IF(AND(CONSOLIDADO!J70="HABILITADO",'60'!$L$16>0),'60'!$L$16,"") -> 1895.2323 | E66: =IF(D66="","",IF($F$4="IMPAR",IF(D66=$F$2,$F$5,((1-ABS(($F$2-D66)/$F$2))*$F$5)),IF(D66=$F$3,$F$5,((1-ABS((($F$3-D66)/$F$3)))*$F$5)))) -> 64.064352 | G66: =IF(D66="","",IF(D66=$H$3,$H$5,$H$5*(1-((ABS($H$2-D66))/$H$2)))) -> 63.322064 | I66: =IF(D66="","",IF(D66<=$J$4,$J$5*(1-(($J$4-D66)/$J$4)),$J$5*(1-(2*((ABS($J$4-D66))/$J$4))))) -> 29.14451
A67: 61 | B67: =+PROPONENTES!B70 -> VERBENAL 25 | C67: =IF(D67="","",ABS(D67-$H$2)) -> 703.82685 | D67: =IF(AND(CONSOLIDADO!J71="HABILITADO",'61'!$L$16>0),'61'!$L$16,"") -> 1316.4513 | E67: =IF(D67="","",IF($F$4="IMPAR",IF(D67=$F$2,$F$5,((1-ABS(($F$2-D67)/$F$2))*$F$5)),IF(D67=$F$3,$F$5,((1-ABS((($F$3-D67)/$F$3)))*$F$5)))) -> 44.499874 | G67: =IF(D67="","",IF(D67=$H$3,$H$5,$H$5*(1-((ABS($H$2-D67))/$H$2)))) -> 43.984271 | I67: =IF(D67="","",IF(D67<=$J$4,$J$5*(1-(($J$4-D67)/$J$4)),$J$5*(1-(2*((ABS($J$4-D67))/$J$4))))) -> 20.244129
A68: 62 | B68: =+PROPONENTES!B71 -> CONSORCIO GL USAQUEN 2025 | C68: =IF(D68="","",ABS(D68-$H$2)) -> 337.6892 | D68: =IF(AND(CONSOLIDADO!J72="HABILITADO",'62'!$L$16>0),'62'!$L$16,"") -> 2357.9673 | E68: =IF(D68="","",IF($F$4="IMPAR",IF(D68=$F$2,$F$5,((1-ABS(($F$2-D68)/$F$2))*$F$5)),IF(D68=$F$3,$F$5,((1-ABS((($F$3-D68)/$F$3)))*$F$5)))) -> 55.293862 | G68: =IF(D68="","",IF(D68=$H$3,$H$5,$H$5*(1-((ABS($H$2-D68))/$H$2)))) -> 56.217385 | I68: =IF(D68="","",IF(D68<=$J$4,$J$5*(1-(($J$4-D68)/$J$4)),$J$5*(1-(2*((ABS($J$4-D68))/$J$4))))) -> 36.260358
A69: 63 | B69: =+PROPONENTES!B72 -> TORRES & ASOCIADOS | C69: =IF(D69="","",ABS(D69-$H$2)) | D69: =IF(AND(CONSOLIDADO!J73="HABILITADO",'63'!$L$16>0),'63'!$L$16,"") | E69: =IF(D69="","",IF($F$4="IMPAR",IF(D69=$F$2,$F$5,((1-ABS(($F$2-D69)/$F$2))*$F$5)),IF(D69=$F$3,$F$5,((1-ABS((($F$3-D69)/$F$3)))*$F$5)))) | G69: =IF(D69="","",IF(D69=$H$3,$H$5,$H$5*(1-((ABS($H$2-D69))/$H$2)))) | I69: =IF(D69="","",IF(D69<=$J$4,$J$5*(1-(($J$4-D69)/$J$4)),$J$5*(1-(2*((ABS($J$4-D69))/$J$4)))))
A70: 64 | B70: =+PROPONENTES!B73 -> TRIPLE C SAS | C70: =IF(D70="","",ABS(D70-$H$2)) -> 592.91685 | D70: =IF(AND(CONSOLIDADO!J74="HABILITADO",'64'!$L$16>0),'64'!$L$16,"") -> 2613.195 | E70: =IF(D70="","",IF($F$4="IMPAR",IF(D70=$F$2,$F$5,((1-ABS(($F$2-D70)/$F$2))*$F$5)),IF(D70=$F$3,$F$5,((1-ABS((($F$3-D70)/$F$3)))*$F$5)))) -> 46.666427 | G70: =IF(D70="","",IF(D70=$H$3,$H$5,$H$5*(1-((ABS($H$2-D70))/$H$2)))) -> 47.689912 | I70: =IF(D70="","",IF(D70<=$J$4,$J$5*(1-(($J$4-D70)/$J$4)),$J$5*(1-(2*((ABS($J$4-D70))/$J$4))))) -> 40.185198
A71: 65 | B71: =+PROPONENTES!B74 -> CONSORCIO VERTEX | C71: =IF(D71="","",ABS(D71-$H$2)) -> 573.39442 | D71: =IF(AND(CONSOLIDADO!J75="HABILITADO",'65'!$L$16>0),'65'!$L$16,"") -> 1446.8837 | E71: =IF(D71="","",IF($F$4="IMPAR",IF(D71=$F$2,$F$5,((1-ABS(($F$2-D71)/$F$2))*$F$5)),IF(D71=$F$3,$F$5,((1-ABS((($F$3-D71)/$F$3)))*$F$5)))) -> 48.908868 | G71: =IF(D71="","",IF(D71=$H$3,$H$5,$H$5*(1-((ABS($H$2-D71))/$H$2)))) -> 48.342181 | I71: =IF(D71="","",IF(D71<=$J$4,$J$5*(1-(($J$4-D71)/$J$4)),$J$5*(1-(2*((ABS($J$4-D71))/$J$4))))) -> 22.249893
A72: 66 | B72: =+PROPONENTES!B75 -> UMBRELLA INTERNATIONAL S.A.S | C72: =IF(D72="","",ABS(D72-$H$2)) -> 117.82235 | D72: =IF(AND(CONSOLIDADO!J76="HABILITADO",'66'!$L$16>0),'66'!$L$16,"") -> 2138.1005 | E72: =IF(D72="","",IF($F$4="IMPAR",IF(D72=$F$2,$F$5,((1-ABS(($F$2-D72)/$F$2))*$F$5)),IF(D72=$F$3,$F$5,((1-ABS((($F$3-D72)/$F$3)))*$F$5)))) -> 62.725999 | G72: =IF(D72="","",IF(D72=$H$3,$H$5,$H$5*(1-((ABS($H$2-D72))/$H$2)))) -> 63.563409 | I72: =IF(D72="","",IF(D72<=$J$4,$J$5*(1-(($J$4-D72)/$J$4)),$J$5*(1-(2*((ABS($J$4-D72))/$J$4))))) -> 32.879289
A73: 67 | B73: =+PROPONENTES!B76 -> ICE S.A.S. | C73: =IF(D73="","",ABS(D73-$H$2)) | D73: =IF(AND(CONSOLIDADO!J77="HABILITADO",'67'!$L$16>0),'67'!$L$16,"") | E73: =IF(D73="","",IF($F$4="IMPAR",IF(D73=$F$2,$F$5,((1-ABS(($F$2-D73)/$F$2))*$F$5)),IF(D73=$F$3,$F$5,((1-ABS((($F$3-D73)/$F$3)))*$F$5)))) | G73: =IF(D73="","",IF(D73=$H$3,$H$5,$H$5*(1-((ABS($H$2-D73))/$H$2)))) | I73: =IF(D73="","",IF(D73<=$J$4,$J$5*(1-(($J$4-D73)/$J$4)),$J$5*(1-(2*((ABS($J$4-D73))/$J$4)))))
A74: 68 | B74: =+PROPONENTES!B77 -> INTERVENTORIA Y CONSTRUCIVILES SAS | C74: =IF(D74="","",ABS(D74-$H$2)) -> 23.408154 | D74: =IF(AND(CONSOLIDADO!J78="HABILITADO",'68'!$L$16>0),'68'!$L$16,"") -> 1996.87 | E74: =IF(D74="","",IF($F$4="IMPAR",IF(D74=$F$2,$F$5,((1-ABS(($F$2-D74)/$F$2))*$F$5)),IF(D74=$F$3,$F$5,((1-ABS((($F$3-D74)/$F$3)))*$F$5)))) -> 67.5 | G74: =IF(D74="","",IF(D74=$H$3,$H$5,$H$5*(1-((ABS($H$2-D74))/$H$2)))) -> 66.717905 | I74: =IF(D74="","",IF(D74<=$J$4,$J$5*(1-(($J$4-D74)/$J$4)),$J$5*(1-(2*((ABS($J$4-D74))/$J$4))))) -> 30.707474
A75: 69 | B75: =+PROPONENTES!B78 -> CONSORCIO BLUCK | C75: =IF(D75="","",ABS(D75-$H$2)) -> 741.67718 | D75: =IF(AND(CONSOLIDADO!J79="HABILITADO",'69'!$L$16>0),'69'!$L$16,"") -> 2761.9553 | E75: =IF(D75="","",IF($F$4="IMPAR",IF(D75=$F$2,$F$5,((1-ABS(($F$2-D75)/$F$2))*$F$5)),IF(D75=$F$3,$F$5,((1-ABS((($F$3-D75)/$F$3)))*$F$5)))) -> 41.637896 | G75: =IF(D75="","",IF(D75=$H$3,$H$5,$H$5*(1-((ABS($H$2-D75))/$H$2)))) -> 42.719645 | I75: =IF(D75="","",IF(D75<=$J$4,$J$5*(1-(($J$4-D75)/$J$4)),$J$5*(1-(2*((ABS($J$4-D75))/$J$4))))) -> 42.472806
A76: 70 | B76: =+PROPONENTES!B79 -> CONSORCIO DESARROLLO URBANO USAQUEN | C76: =IF(D76="","",ABS(D76-$H$2)) -> 509.0786 | D76: =IF(AND(CONSOLIDADO!J80="HABILITADO",'70'!$L$16>0),'70'!$L$16,"") -> 2529.3567 | E76: =IF(D76="","",IF($F$4="IMPAR",IF(D76=$F$2,$F$5,((1-ABS(($F$2-D76)/$F$2))*$F$5)),IF(D76=$F$3,$F$5,((1-ABS((($F$3-D76)/$F$3)))*$F$5)))) -> 49.500403 | G76: =IF(D76="","",IF(D76=$H$3,$H$5,$H$5*(1-((ABS($H$2-D76))/$H$2)))) -> 50.491052 | I76: =IF(D76="","",IF(D76<=$J$4,$J$5*(1-(($J$4-D76)/$J$4)),$J$5*(1-(2*((ABS($J$4-D76))/$J$4))))) -> 38.89595
A77: 71 | B77: =+PROPONENTES!B80 -> PIV Ingenieria S.A.S. | C77: =IF(D77="","",ABS(D77-$H$2)) -> 384.20658 | D77: =IF(AND(CONSOLIDADO!J81="HABILITADO",'71'!$L$16>0),'71'!$L$16,"") -> 1636.0716 | E77: =IF(D77="","",IF($F$4="IMPAR",IF(D77=$F$2,$F$5,((1-ABS(($F$2-D77)/$F$2))*$F$5)),IF(D77=$F$3,$F$5,((1-ABS((($F$3-D77)/$F$3)))*$F$5)))) -> 55.303966 | G77: =IF(D77="","",IF(D77=$H$3,$H$5,$H$5*(1-((ABS($H$2-D77))/$H$2)))) -> 54.663181 | I77: =IF(D77="","",IF(D77<=$J$4,$J$5*(1-(($J$4-D77)/$J$4)),$J$5*(1-(2*((ABS($J$4-D77))/$J$4))))) -> 25.159187
A78: 72 | B78: =+PROPONENTES!B81 -> TECNUMEC S.A.S. | C78: =IF(D78="","",ABS(D78-$H$2)) -> 3.256846 | D78: =IF(AND(CONSOLIDADO!J82="HABILITADO",'72'!$L$16>0),'72'!$L$16,"") -> 2023.535 | E78: =IF(D78="","",IF($F$4="IMPAR",IF(D78=$F$2,$F$5,((1-ABS(($F$2-D78)/$F$2))*$F$5)),IF(D78=$F$3,$F$5,((1-ABS((($F$3-D78)/$F$3)))*$F$5)))) -> 66.598646 | G78: =IF(D78="","",IF(D78=$H$3,$H$5,$H$5*(1-((ABS($H$2-D78))/$H$2)))) -> 67.391185 | I78: =IF(D78="","",IF(D78<=$J$4,$J$5*(1-(($J$4-D78)/$J$4)),$J$5*(1-(2*((ABS($J$4-D78))/$J$4))))) -> 31.117523
A79: 73 | B79: =+PROPONENTES!B82 -> ALIANZA INTEGRAL DE PROYECTOS SAS BIC | C79: =IF(D79="","",ABS(D79-$H$2)) -> 338.65669 | D79: =IF(AND(CONSOLIDADO!J83="HABILITADO",'73'!$L$16>0),'73'!$L$16,"") -> 1681.6215 | E79: =IF(D79="","",IF($F$4="IMPAR",IF(D79=$F$2,$F$5,((1-ABS(($F$2-D79)/$F$2))*$F$5)),IF(D79=$F$3,$F$5,((1-ABS((($F$3-D79)/$F$3)))*$F$5)))) -> 56.843685 | G79: =IF(D79="","",IF(D79=$H$3,$H$5,$H$5*(1-((ABS($H$2-D79))/$H$2)))) -> 56.18506 | I79: =IF(D79="","",IF(D79<=$J$4,$J$5*(1-(($J$4-D79)/$J$4)),$J$5*(1-(2*((ABS($J$4-D79))/$J$4))))) -> 25.859644
A80: 74 | B80: =+PROPONENTES!B83 -> CONSORCIO USAQUÉN VELNEC | C80: =IF(D80="","",ABS(D80-$H$2)) -> 23.872154 | D80: =IF(AND(CONSOLIDADO!J84="HABILITADO",'74'!$L$16>0),'74'!$L$16,"") -> 1996.406 | E80: =IF(D80="","",IF($F$4="IMPAR",IF(D80=$F$2,$F$5,((1-ABS(($F$2-D80)/$F$2))*$F$5)),IF(D80=$F$3,$F$5,((1-ABS((($F$3-D80)/$F$3)))*$F$5)))) -> 67.484315 | G80: =IF(D80="","",IF(D80=$H$3,$H$5,$H$5*(1-((ABS($H$2-D80))/$H$2)))) -> 66.702402 | I80: =IF(D80="","",IF(D80<=$J$4,$J$5*(1-(($J$4-D80)/$J$4)),$J$5*(1-(2*((ABS($J$4-D80))/$J$4))))) -> 30.700339
A81: 75 | B81: =+PROPONENTES!B84 -> GEVIAL S.A.S. | C81: =IF(D81="","",ABS(D81-$H$2)) -> 450.30149 | D81: =IF(AND(CONSOLIDADO!J85="HABILITADO",'75'!$L$16>0),'75'!$L$16,"") -> 1569.9767 | E81: =IF(D81="","",IF($F$4="IMPAR",IF(D81=$F$2,$F$5,((1-ABS(($F$2-D81)/$F$2))*$F$5)),IF(D81=$F$3,$F$5,((1-ABS((($F$3-D81)/$F$3)))*$F$5)))) -> 53.069767 | G81: =IF(D81="","",IF(D81=$H$3,$H$5,$H$5*(1-((ABS($H$2-D81))/$H$2)))) -> 52.454869 | I81: =IF(D81="","",IF(D81<=$J$4,$J$5*(1-(($J$4-D81)/$J$4)),$J$5*(1-(2*((ABS($J$4-D81))/$J$4))))) -> 24.142792
A82: 76 | B82: =+PROPONENTES!B85 -> CONSORCIO HUPK VIAS DE USAQUEN | C82: =IF(D82="","",ABS(D82-$H$2)) | D82: =IF(AND(CONSOLIDADO!J86="HABILITADO",'76'!$L$16>0),'76'!$L$16,"") | E82: =IF(D82="","",IF($F$4="IMPAR",IF(D82=$F$2,$F$5,((1-ABS(($F$2-D82)/$F$2))*$F$5)),IF(D82=$F$3,$F$5,((1-ABS((($F$3-D82)/$F$3)))*$F$5)))) | G82: =IF(D82="","",IF(D82=$H$3,$H$5,$H$5*(1-((ABS($H$2-D82))/$H$2)))) | I82: =IF(D82="","",IF(D82<=$J$4,$J$5*(1-(($J$4-D82)/$J$4)),$J$5*(1-(2*((ABS($J$4-D82))/$J$4)))))
A83: 77 | B83: =+PROPONENTES!B86 -> EMPRESA DE INFRAESTRUCTURA COLOMBIANA S.A.S | C83: =IF(D83="","",ABS(D83-$H$2)) -> 3391.4818 | D83: =IF(AND(CONSOLIDADO!J87="HABILITADO",'77'!$L$16>0),'77'!$L$16,"") -> 5411.76 | E83: =IF(D83="","",IF($F$4="IMPAR",IF(D83=$F$2,$F$5,((1-ABS(($F$2-D83)/$F$2))*$F$5)),IF(D83=$F$3,$F$5,((1-ABS((($F$3-D83)/$F$3)))*$F$5)))) -> -47.93319 | G83: =IF(D83="","",IF(D83=$H$3,$H$5,$H$5*(1-((ABS($H$2-D83))/$H$2)))) -> -45.813617 | I83: =IF(D83="","",IF(D83<=$J$4,$J$5*(1-(($J$4-D83)/$J$4)),$J$5*(1-(2*((ABS($J$4-D83))/$J$4))))) -> 36.058039
A84: 78 | B84: =+PROPONENTES!B87 -> CONSORCIO VIAS LOCALES 2025 | C84: =IF(D84="","",ABS(D84-$H$2)) -> 102.84393 | D84: =IF(AND(CONSOLIDADO!J88="HABILITADO",'78'!$L$16>0),'78'!$L$16,"") -> 2123.1221 | E84: =IF(D84="","",IF($F$4="IMPAR",IF(D84=$F$2,$F$5,((1-ABS(($F$2-D84)/$F$2))*$F$5)),IF(D84=$F$3,$F$5,((1-ABS((($F$3-D84)/$F$3)))*$F$5)))) -> 63.232313 | G84: =IF(D84="","",IF(D84=$H$3,$H$5,$H$5*(1-((ABS($H$2-D84))/$H$2)))) -> 64.063857 | I84: =IF(D84="","",IF(D84<=$J$4,$J$5*(1-(($J$4-D84)/$J$4)),$J$5*(1-(2*((ABS($J$4-D84))/$J$4))))) -> 32.648954
A85: 79 | B85: =+PROPONENTES!B88 -> CONSORCIO MALLA VIAL USA | C85: =IF(D85="","",ABS(D85-$H$2)) -> 237.89015 | D85: =IF(AND(CONSOLIDADO!J89="HABILITADO",'79'!$L$16>0),'79'!$L$16,"") -> 1782.388 | E85: =IF(D85="","",IF($F$4="IMPAR",IF(D85=$F$2,$F$5,((1-ABS(($F$2-D85)/$F$2))*$F$5)),IF(D85=$F$3,$F$5,((1-ABS((($F$3-D85)/$F$3)))*$F$5)))) -> 60.249886 | G85: =IF(D85="","",IF(D85=$H$3,$H$5,$H$5*(1-((ABS($H$2-D85))/$H$2)))) -> 59.551795 | I85: =IF(D85="","",IF(D85<=$J$4,$J$5*(1-(($J$4-D85)/$J$4)),$J$5*(1-(2*((ABS($J$4-D85))/$J$4))))) -> 27.409212
A86: 80 | B86: =+PROPONENTES!B89 -> PROBINTEC SAS | C86: =IF(D86="","",ABS(D86-$H$2)) | D86: =IF(AND(CONSOLIDADO!J90="HABILITADO",'80'!$L$16>0),'80'!$L$16,"") | E86: =IF(D86="","",IF($F$4="IMPAR",IF(D86=$F$2,$F$5,((1-ABS(($F$2-D86)/$F$2))*$F$5)),IF(D86=$F$3,$F$5,((1-ABS((($F$3-D86)/$F$3)))*$F$5)))) | G86: =IF(D86="","",IF(D86=$H$3,$H$5,$H$5*(1-((ABS($H$2-D86))/$H$2)))) | I86: =IF(D86="","",IF(D86<=$J$4,$J$5*(1-(($J$4-D86)/$J$4)),$J$5*(1-(2*((ABS($J$4-D86))/$J$4)))))
A87: 81 | B87: =+PROPONENTES!B90 -> ESCALA CCI SAS | C87: =IF(D87="","",ABS(D87-$H$2)) -> 450.96185 | D87: =IF(AND(CONSOLIDADO!J91="HABILITADO",'81'!$L$16>0),'81'!$L$16,"") -> 2471.24 | E87: =IF(D87="","",IF($F$4="IMPAR",IF(D87=$F$2,$F$5,((1-ABS(($F$2-D87)/$F$2))*$F$5)),IF(D87=$F$3,$F$5,((1-ABS((($F$3-D87)/$F$3)))*$F$5)))) -> 51.464918 | G87: =IF(D87="","",IF(D87=$H$3,$H$5,$H$5*(1-((ABS($H$2-D87))/$H$2)))) -> 52.432805 | I87: =IF(D87="","",IF(D87<=$J$4,$J$5*(1-(($J$4-D87)/$J$4)),$J$5*(1-(2*((ABS($J$4-D87))/$J$4))))) -> 38.002242
A88: 82 | B88: =+PROPONENTES!B91 -> C. SAN MARTIN 003 | C88: =IF(D88="","",ABS(D88-$H$2)) -> 552.06882 | D88: =IF(AND(CONSOLIDADO!J92="HABILITADO",'82'!$L$16>0),'82'!$L$16,"") -> 2572.347 | E88: =IF(D88="","",IF($F$4="IMPAR",IF(D88=$F$2,$F$5,((1-ABS(($F$2-D88)/$F$2))*$F$5)),IF(D88=$F$3,$F$5,((1-ABS((($F$3-D88)/$F$3)))*$F$5)))) -> 48.047208 | G88: =IF(D88="","",IF(D88=$H$3,$H$5,$H$5*(1-((ABS($H$2-D88))/$H$2)))) -> 49.054696 | I88: =IF(D88="","",IF(D88<=$J$4,$J$5*(1-(($J$4-D88)/$J$4)),$J$5*(1-(2*((ABS($J$4-D88))/$J$4))))) -> 39.557046
A89: 83 | B89: =+PROPONENTES!B92 -> CONSORCIO INTERVENTORES GTI 003 | D89: =IF(AND(CONSOLIDADO!J93="HABILITADO",'83'!$L$16>0),'83'!$L$16,"") -> 4350.7333 | E89: =IF(D89="","",IF($F$4="IMPAR",IF(D89=$F$2,$F$5,((1-ABS(($F$2-D89)/$F$2))*$F$5)),IF(D89=$F$3,$F$5,((1-ABS((($F$3-D89)/$F$3)))*$F$5)))) -> -12.06741 | G89: =IF(D89="","",IF(D89=$H$3,$H$5,$H$5*(1-((ABS($H$2-D89))/$H$2)))) -> -10.363399 | I89: =IF(D89="","",IF(D89<=$J$4,$J$5*(1-(($J$4-D89)/$J$4)),$J$5*(1-(2*((ABS($J$4-D89))/$J$4))))) -> 66.904721
A90: 84 | B90: =+PROPONENTES!B93 -> INGCONSASAS | C90: =IF(D90="","",ABS(D90-$H$2)) -> 71.158154 | D90: =IF(AND(CONSOLIDADO!J94="HABILITADO",'84'!$L$16>0),'84'!$L$16,"") -> 1949.12 | E90: =IF(D90="","",IF($F$4="IMPAR",IF(D90=$F$2,$F$5,((1-ABS(($F$2-D90)/$F$2))*$F$5)),IF(D90=$F$3,$F$5,((1-ABS((($F$3-D90)/$F$3)))*$F$5)))) -> 65.885911 | G90: =IF(D90="","",IF(D90=$H$3,$H$5,$H$5*(1-((ABS($H$2-D90))/$H$2)))) -> 65.122518 | I90: =IF(D90="","",IF(D90<=$J$4,$J$5*(1-(($J$4-D90)/$J$4)),$J$5*(1-(2*((ABS($J$4-D90))/$J$4))))) -> 29.973184
A91: 85 | B91: =+PROPONENTES!B94 -> AESA PROYECTOS SAS | C91: =IF(D91="","",ABS(D91-$H$2)) -> 13.885779 | D91: =IF(AND(CONSOLIDADO!J95="HABILITADO",'85'!$L$16>0),'85'!$L$16,"") -> 2034.1639 | E91: =IF(D91="","",IF($F$4="IMPAR",IF(D91=$F$2,$F$5,((1-ABS(($F$2-D91)/$F$2))*$F$5)),IF(D91=$F$3,$F$5,((1-ABS((($F$3-D91)/$F$3)))*$F$5)))) -> 66.239357 | G91: =IF(D91="","",IF(D91=$H$3,$H$5,$H$5*(1-((ABS($H$2-D91))/$H$2)))) -> 67.036059 | I91: =IF(D91="","",IF(D91<=$J$4,$J$5*(1-(($J$4-D91)/$J$4)),$J$5*(1-(2*((ABS($J$4-D91))/$J$4))))) -> 31.280973
A92: 86 | B92: =+PROPONENTES!B95 -> C INTERUSAQUEN EI | C92: =IF(D92="","",ABS(D92-$H$2)) -> 123.10299 | D92: =IF(AND(CONSOLIDADO!J96="HABILITADO",'86'!$L$16>0),'86'!$L$16,"") -> 2143.3811 | E92: =IF(D92="","",IF($F$4="IMPAR",IF(D92=$F$2,$F$5,((1-ABS(($F$2-D92)/$F$2))*$F$5)),IF(D92=$F$3,$F$5,((1-ABS((($F$3-D92)/$F$3)))*$F$5)))) -> 62.547498 | G92: =IF(D92="","",IF(D92=$H$3,$H$5,$H$5*(1-((ABS($H$2-D92))/$H$2)))) -> 63.386976 | I92: =IF(D92="","",IF(D92<=$J$4,$J$5*(1-(($J$4-D92)/$J$4)),$J$5*(1-(2*((ABS($J$4-D92))/$J$4))))) -> 32.960493
A93: 87 | B93: =+PROPONENTES!B96 -> ARCA ARQUITECTURA E INGENIERÍA S.A. | C93: =IF(D93="","",ABS(D93-$H$2)) -> 170.00885 | D93: =IF(AND(CONSOLIDADO!J97="HABILITADO",'87'!$L$16>0),'87'!$L$16,"") -> 2190.287 | E93: =IF(D93="","",IF($F$4="IMPAR",IF(D93=$F$2,$F$5,((1-ABS(($F$2-D93)/$F$2))*$F$5)),IF(D93=$F$3,$F$5,((1-ABS((($F$3-D93)/$F$3)))*$F$5)))) -> 60.961944 | G93: =IF(D93="","",IF(D93=$H$3,$H$5,$H$5*(1-((ABS($H$2-D93))/$H$2)))) -> 61.819793 | I93: =IF(D93="","",IF(D93<=$J$4,$J$5*(1-(($J$4-D93)/$J$4)),$J$5*(1-(2*((ABS($J$4-D93))/$J$4))))) -> 33.681802
A94: 88 | B94: =+PROPONENTES!B97 -> CONSORCIO VIAL USAQUEN 2026 | C94: =IF(D94="","",ABS(D94-$H$2)) | D94: =IF(AND(CONSOLIDADO!J98="HABILITADO",'88'!$L$16>0),'88'!$L$16,"") | E94: =IF(D94="","",IF($F$4="IMPAR",IF(D94=$F$2,$F$5,((1-ABS(($F$2-D94)/$F$2))*$F$5)),IF(D94=$F$3,$F$5,((1-ABS((($F$3-D94)/$F$3)))*$F$5)))) | G94: =IF(D94="","",IF(D94=$H$3,$H$5,$H$5*(1-((ABS($H$2-D94))/$H$2)))) | I94: =IF(D94="","",IF(D94<=$J$4,$J$5*(1-(($J$4-D94)/$J$4)),$J$5*(1-(2*((ABS($J$4-D94))/$J$4)))))
A95: 89 | B95: =+PROPONENTES!B98 -> CS USAQUEN JINT 3 | C95: =IF(D95="","",ABS(D95-$H$2)) -> 16.444346 | D95: =IF(AND(CONSOLIDADO!J99="HABILITADO",'89'!$L$16>0),'89'!$L$16,"") -> 2036.7225 | E95: =IF(D95="","",IF($F$4="IMPAR",IF(D95=$F$2,$F$5,((1-ABS(($F$2-D95)/$F$2))*$F$5)),IF(D95=$F$3,$F$5,((1-ABS((($F$3-D95)/$F$3)))*$F$5)))) -> 66.15287 | G95: =IF(D95="","",IF(D95=$H$3,$H$5,$H$5*(1-((ABS($H$2-D95))/$H$2)))) -> 66.950574 | I95: =IF(D95="","",IF(D95<=$J$4,$J$5*(1-(($J$4-D95)/$J$4)),$J$5*(1-(2*((ABS($J$4-D95))/$J$4))))) -> 31.320318
A96: 90 | B96: =+PROPONENTES!B99 -> CONSORCIO MT USAQUEN 2025 | C96: =IF(D96="","",ABS(D96-$H$2)) | D96: =IF(AND(CONSOLIDADO!J100="HABILITADO",'90'!$L$16>0),'90'!$L$16,"") | E96: =IF(D96="","",IF($F$4="IMPAR",IF(D96=$F$2,$F$5,((1-ABS(($F$2-D96)/$F$2))*$F$5)),IF(D96=$F$3,$F$5,((1-ABS((($F$3-D96)/$F$3)))*$F$5)))) | G96: =IF(D96="","",IF(D96=$H$3,$H$5,$H$5*(1-((ABS($H$2-D96))/$H$2)))) | I96: =IF(D96="","",IF(D96<=$J$4,$J$5*(1-(($J$4-D96)/$J$4)),$J$5*(1-(2*((ABS($J$4-D96))/$J$4)))))
A97: 91 | B97: =+PROPONENTES!B100 -> CONSORCIO MALLA VIAL USAQUEN | C97: =IF(D97="","",ABS(D97-$H$2)) -> 811.41965 | D97: =IF(AND(CONSOLIDADO!J101="HABILITADO",'91'!$L$16>0),'91'!$L$16,"") -> 1208.8585 | E97: =IF(D97="","",IF($F$4="IMPAR",IF(D97=$F$2,$F$5,((1-ABS(($F$2-D97)/$F$2))*$F$5)),IF(D97=$F$3,$F$5,((1-ABS((($F$3-D97)/$F$3)))*$F$5)))) -> 40.862925 | G97: =IF(D97="","",IF(D97=$H$3,$H$5,$H$5*(1-((ABS($H$2-D97))/$H$2)))) -> 40.389463 | I97: =IF(D97="","",IF(D97<=$J$4,$J$5*(1-(($J$4-D97)/$J$4)),$J$5*(1-(2*((ABS($J$4-D97))/$J$4))))) -> 18.589588
A98: 92 | B98: =+PROPONENTES!B101 -> TERRA PROYECTOS CIVILES SAS | C98: =IF(D98="","",ABS(D98-$H$2)) | D98: =IF(AND(CONSOLIDADO!J102="HABILITADO",'92'!$L$16>0),'92'!$L$16,"") | E98: =IF(D98="","",IF($F$4="IMPAR",IF(D98=$F$2,$F$5,((1-ABS(($F$2-D98)/$F$2))*$F$5)),IF(D98=$F$3,$F$5,((1-ABS((($F$3-D98)/$F$3)))*$F$5)))) | G98: =IF(D98="","",IF(D98=$H$3,$H$5,$H$5*(1-((ABS($H$2-D98))/$H$2)))) | I98: =IF(D98="","",IF(D98<=$J$4,$J$5*(1-(($J$4-D98)/$J$4)),$J$5*(1-(2*((ABS($J$4-D98))/$J$4)))))
A99: 93 | B99: =+PROPONENTES!B102 -> ONSORCIO FLU 003 GH 2025 | C99: =IF(D99="","",ABS(D99-$H$2)) | D99: =IF(AND(CONSOLIDADO!J103="HABILITADO",'93'!$L$16>0),'93'!$L$16,"") | E99: =IF(D99="","",IF($F$4="IMPAR",IF(D99=$F$2,$F$5,((1-ABS(($F$2-D99)/$F$2))*$F$5)),IF(D99=$F$3,$F$5,((1-ABS((($F$3-D99)/$F$3)))*$F$5)))) | G99: =IF(D99="","",IF(D99=$H$3,$H$5,$H$5*(1-((ABS($H$2-D99))/$H$2)))) | I99: =IF(D99="","",IF(D99<=$J$4,$J$5*(1-(($J$4-D99)/$J$4)),$J$5*(1-(2*((ABS($J$4-D99))/$J$4)))))
A100: 94 | B100: =+PROPONENTES!B103 -> INGEVAL SAS | C100: =IF(D100="","",ABS(D100-$H$2)) | D100: =IF(AND(CONSOLIDADO!J104="HABILITADO",'94'!$L$16>0),'94'!$L$16,"") | E100: =IF(D100="","",IF($F$4="IMPAR",IF(D100=$F$2,$F$5,((1-ABS(($F$2-D100)/$F$2))*$F$5)),IF(D100=$F$3,$F$5,((1-ABS((($F$3-D100)/$F$3)))*$F$5)))) | G100: =IF(D100="","",IF(D100=$H$3,$H$5,$H$5*(1-((ABS($H$2-D100))/$H$2)))) | I100: =IF(D100="","",IF(D100<=$J$4,$J$5*(1-(($J$4-D100)/$J$4)),$J$5*(1-(2*((ABS($J$4-D100))/$J$4)))))

Sheet PROPONENTES
A1: ALCALDIA LOCAL DE USAQUEN
C2: OBJETO DEL CONTRATO: | E2: =+'DATOS INICIALES'!D2 -> "INTERVENTORÍA TÉCNICA, ADMINISTRATIVA, FINANCIERA, JURÍDICA, AMBIENTAL Y SOCIAL AL CONTRATO DE OBRA PÚBLICA RESULTANTE DEL PROCESO DE LICITACIÓN PÚBLICA CUYO OBJETO ES: CONTRATAR POR EL SISTEMA DE PRECIOS UNITARIOS Y A MONTO AGOTABLE LA INTERVENCIÓN DE LOS ELEMENTOS DE LA MALLA VIAL LOCAL E INTERMEDIA Y/O ESPACIO PÚBLICO DE LA LOCALIDAD DE USAQUÉN EN BOGOTÁ CON OBRAS Y ACTIVIDADES DE CONSERVACIÓN"
C3: DATOS DEL PROCESO
A4: MODALIDAD DE CONTRATACION | C4: =+'DATOS INICIALES'!B4 -> CONCURSO DE MERITOS ABIERTO | F4: No. Del Proceso | H4: =+'DATOS INICIALES'!G4 -> FDLUSA-CMA-003-2025
A5: VALOR DEL PROCESO: | C5: =+'DATOS INICIALES'!B5 -> PRESUPUESTO | D5: =+'DATOS INICIALES'!C5 -> 1404008910 | F5: PLAZO | N5: =+'DATOS INICIALES'!G5 -> 11 | O5: =+'DATOS INICIALES'!I5 -> MESES
A8: INFORMACIÓN GENERAL DE LOS PROPONENTES GRUPO 1
A9: No. | B9: NOMBRE DEL PROPONENTE | C9: INTEGRANTE 1 | D9: % PARTICIPACION | E9: INTEGRANTE 2 | F9: % PARTICIPACION | G9: INTEGRANTE 3 | H9: % PARTICIPACION | I9: INTEGRANTE 4 | J9: % PARTICIPACION | K9: INTEGRANTE 5 | L9: % PARTICIPACION | M9: TOTAL INTEGRANTES | N9: SUMATORIA %PARTICIPACIÓN
A10: 1 | B10: GRUPO METRO COLOMBIA SAS | C10: GRUPO METRO COLOMBIA SAS | D10: 1 | M10: =+COUNTIF(C10:L10,"*") -> 1 | N10: =+SUM(D10,F10,H10,J10,L10) -> 1
A11: 2 | B11: CONSORCIO INTERVIAS USAQUEN AI | C11: AIRTIFICIAL CW INFRASTRUCTURES COLOMBIA S.A.S. | D11: 0.7 | E11: INNOBRAS LTDA | F11: 0.3 | M11: =+COUNTIF(C11:L11,"*") -> 2 | N11: =+SUM(D11,F11,H11,J11,L11) -> 1
A12: 3 | B12: CONSORCIO PROYECTA VIAL | C12: GRUPO POSSO S.A.S. | D12: 0.9 | E12: INGENIERÍA MONCADA GONZÁLEZ Y ASOCIADOS S.A.S. | F12: 0.1 | M12: =+COUNTIF(C12:L12,"*") -> 2 | N12: =+SUM(D12,F12,H12,J12,L12) -> 1
A13: 4 | B13: PROYECTOS E INTERVENTORIAS S.A.S. | C13: PROYECTOS E INTERVENTORIAS S.A.S. | D13: 1 | M13: =+COUNTIF(C13:L13,"*") -> 1 | N13: =+SUM(D13,F13,H13,J13,L13) -> 1
A14: 5 | B14: CONSORCIO GAB VIAL USAQUEN 2025 | C14: GAB INGENIERIA SAS | D14: 0.5 | E14: BIA INGENIERIA SAS | F14: 0.5 | M14: =+COUNTIF(C14:L14,"*") -> 2 | N14: =+SUM(D14,F14,H14,J14,L14) -> 1
A15: 6 | B15: CONSORCIO INTER TS 03 | C15: TOTALL INC SAS BIC | D15: 0.5 | E15: SISTEMA INGENIERIA, SUCURSAL COLOMBIA | F15: 0.5 | M15: =+COUNTIF(C15:L15,"*") -> 2 | N15: =+SUM(D15,F15,H15,J15,L15) -> 1
A16: 7 | B16: CONSORCIO PB | C16: PROYECTO SANABRIA S.A.S. | D16: 0.5 | E16: BALANCE & INGENERIA S.A.S. | F16: 0.5 | M16: =+COUNTIF(C16:L16,"*") -> 2 | N16: =+SUM(D16,F16,H16,J16,L16) -> 1
A17: 8 | B17: Inveler Consultoría S.A.S. | C17: INVELER CONSULTORIA S.A.S. | D17: 1 | M17: =+COUNTIF(C17:L17,"*") -> 1 | N17: =+SUM(D17,F17,H17,J17,L17) -> 1
A18: 9 | B18: CONSORCIO VYE USAQUÉN | C18: AIM ENGINEERING S.A.S | D18: 0.7 | E18: COMPAÑÍA DE VÍAS, TRANSPORTE Y OBRAS PÚBLICAS S.A.S (VIASTOP S.A.S.) | F18: 0.3 | M18: =+COUNTIF(C18:L18,"*") -> 2 | N18: =+SUM(D18,F18,H18,J18,L18) -> 1
A19: 10 | B19: CONSORCIO INGENIERIA PROES LATAM | C19: PROES LATAM S.A.S. | D19: 0.95 | E19: PROES COLOMBIA S.A.S. | F19: 0.05 | M19: =+COUNTIF(C19:L19,"*") -> 2 | N19: =+SUM(D19,F19,H19,J19,L19) -> 1
A20: 11 | B20: COMPAÑÍA DE PROYECTOS TÉCNICOS CPT S.A. | C20: COMPAÑÍA DE PROYECTOS TÉCNICOS CPT S.A. | D20: 1 | M20: =+COUNTIF(C20:L20,"*") -> 1 | N20: =+SUM(D20,F20,H20,J20,L20) -> 1
A21: 12 | B21: CONSORCIO 3797 KAPROY USAQUEN | C21: KALPA INGENIERIA SAS SOCIEDAD DE BENEFICIO E INTERES COLECTIVO - BIC | D21: 0.99 | E21: ROY INGENIERIA SAS | F21: 0.01 | M21: =+COUNTIF(C21:L21,"*") -> 2 | N21: =+SUM(D21,F21,H21,J21,L21) -> 1
A22: 13 | B22: CONSORCIO MIRALTA | C22: LATINOCONSULT S.A.S. | D22: 0.9 | E22: INGENIERIA DESARROLLO Y CONSULTORIA INDESCO S.A.S. BIC | F22: 0.1 | M22: =+COUNTIF(C22:L22,"*") -> 2 | N22: =+SUM(D22,F22,H22,J22,L22) -> 1
A23: 14 | B23: INT TERRA | C23: INT TERRA S.A.S | D23: 1 | M23: =+COUNTIF(C23:L23,"*") -> 1 | N23: =+SUM(D23,F23,H23,J23,L23) -> 1
A24: 15 | B24: CONSORCIO SAN RAFAEL | C24: CODIPRO INGENIERIA LTDA | D24: 0.9 | E24: INGEBAMER SAS | F24: 0.1 | M24: =+COUNTIF(C24:L24,"*") -> 2 | N24: =+SUM(D24,F24,H24,J24,L24) -> 1
A25: 16 | B25: CONSORCIO INTER MALLA USAQUEN | C25: TAKOA CONSULTORÍA S.A.S | D25: 0.1 | E25: VALDOS 22 S.A.S | F25: 0.9 | M25: =+COUNTIF(C25:L25,"*") -> 2 | N25: =+SUM(D25,F25,H25,J25,L25) -> 1
A26: 17 | B26: GAVINCO INGENIEROS CONSULTORES SAS | C26: GAVINCO INGENIEROS CONSULTORES SAS | D26: 1 | M26: =+COUNTIF(C26:L26,"*") -> 1 | N26: =+SUM(D26,F26,H26,J26,L26) -> 1
A27: 18 | B27: INGEOCILCON S.A.S. | C27: INGEOCILCON S.A.S. | D27: 1 | M27: =+COUNTIF(C27:L27,"*") -> 1 | N27: =+SUM(D27,F27,H27,J27,L27) -> 1
A28: 19 | B28: CONSORCIO TORCA | C28: PROCIVING SAS | D28: 0.65 | E28: CIAF LTDA INGENIERIA | F28: 0.25 | G28: HIDROTECNIA INGENIERIA LTDA | H28: 0.1 | M28: =+COUNTIF(C28:L28,"*") -> 3 | N28: =+SUM(D28,F28,H28,J28,L28) -> 1
A29: 20 | B29: CONSORCIO INTER USAQUEN JGK | C29: JESAK S.A.S | D29: 0.9 | E29: JGF SERVICIOS S.A.S | F29: 0.1 | M29: =+COUNTIF(C29:L29,"*") -> 2 | N29: =+SUM(D29,F29,H29,J29,L29) -> 1
A30: 21 | B30: CONSORCIO LGI USAQUÉN | C30: GEOTECNIA Y CIMIENTOS INGEOCIM S. A. S. | D30: 0.5 | E30: LÍNEA GLOBAL INGENIERÍA S. A. S. | F30: 0.5 | M30: =+COUNTIF(C30:L30,"*") -> 2 | N30: =+SUM(D30,F30,H30,J30,L30) -> 1
A31: 22 | B31: CONSORCIO INTERDESARROLLO USAQUÉN | C31: SERVINC SAS | D31: 0.9 | E31: BETMAF SAS | F31: 0.1 | M31: =+COUNTIF(C31:L31,"*") -> 2 | N31: =+SUM(D31,F31,H31,J31,L31) -> 1
A32: 23 | B32: COBA B&C SAS | C32: COBA B&C SAS | D32: 1 | M32: =+COUNTIF(C32:L32,"*") -> 1 | N32: =+SUM(D32,F32,H32,J32,L32) -> 1
A33: 24 | B33: CONSORCIO USAQUEN 3M | C33: MAB INGENIERÍA DE VALOR S.A. | D33: 0.5 | E33: MAB SERVICIOS S.A.S. | F33: 0.3 | G33: MAB INFRAESTRUCTURA S.A.S. | H33: 0.2 | M33: =+COUNTIF(C33:L33,"*") -> 3 | N33: =+SUM(D33,F33,H33,J33,L33) -> 1
A34: 25 | B34: CB INGENIEROS SAS | C34: CB INGENIEROS SAS | D34: 1 | M34: =+COUNTIF(C34:L34,"*") -> 1 | N34: =+SUM(D34,F34,H34,J34,L34) -> 1
A35: 26 | B35: PD USAQUEN | C35: PROYECTISTAS DE COLOMBIA & CIA. S.A.S PROYECTCOL S.A.S | D35: 0.4 | E35: DISEÑOS INTERVENTORÍAS Y SERVICIOS S.A.S. DIS S.A.S | F35: 0.6 | M35: =+COUNTIF(C35:L35,"*") -> 2 | N35: =+SUM(D35,F35,H35,J35,L35) -> 1
A36: 27 | B36: VICOS USAQUEN | C36: OSAC SAS | D36: 0.5 | E36: ORGANIZACIÓN VICAN SAS | F36: 0.3 | G36: VICTOR ARBOLEDA CÓRDOBA | H36: 0.2 | M36: =+COUNTIF(C36:L36,"*") -> 3 | N36: =+SUM(D36,F36,H36,J36,L36) -> 1
A37: 28 | B37: CONSORCIO INTERVENTORIA COANDINA | C37: ANDINA DE CONSULTORIA Y CONSTRUCCIONES S.A.S | D37: 0.1 | E37: COINCO DE COLOMBIA S.A.S | F37: 0.9 | M37: =+COUNTIF(C37:L37,"*") -> 2 | N37: =+SUM(D37,F37,H37,J37,L37) -> 1
A38: 29 | B38: CONSORCIO USAQUEN AVANZA MIC | C38: INGEOBRAS CONSTRUCCION Y CONSULTORIA SAS INGEOBRAS SAS | D38: 0.5 | E38: MSC INGENIERIA SAS | F38: 0.4 | G38: CORTES LEIVA ASOCIADOS SAS | H38: 0.1 | M38: =+COUNTIF(C38:L38,"*") -> 3 | N38: =+SUM(D38,F38,H38,J38,L38) -> 1
A39: 30 | B39: CONSORCIO INTER-USAQUEN 003 HCPC | C39: JORGE WILLAN CORZO GARCIA | D39: 0.2 | E39: PC PROYECCION E INGENIERIA SAS | F39: 0.4 | G39: HORIZONTES CIVILES S.A.S. | H39: 0.4 | M39: =+COUNTIF(C39:L39,"*") -> 3 | N39: =+SUM(D39,F39,H39,J39,L39) -> 1
A40: 31 | B40: CONSORCIO VIAS USA 2025 | C40: SAVIMAC SAS | D40: 0.5 | E40: AHLA SHUGL INTERNATIONAL SAS | F40: 0.5 | M40: =+COUNTIF(C40:L40,"*") -> 2 | N40: =+SUM(D40,F40,H40,J40,L40) -> 1
A41: 32 | B41: CONSORCIO VIAL TAED USAQUEN | C41: ESTUDIO, DISEÑO Y CONSTRUCCION EN INGENIERIA SAS | D41: 0.5 | E41: TABIQUE INGENIERIA SUCURSAL COLOMBIA | F41: 0.5 | M41: =+COUNTIF(C41:L41,"*") -> 2 | N41: =+SUM(D41,F41,H41,J41,L41) -> 1
A42: 33 | B42: COLOMBOINGENIERIA S.A.S. | C42: COLOMBOINGENIERIA S.A.S. | D42: 1 | M42: =+COUNTIF(C42:L42,"*") -> 1 | N42: =+SUM(D42,F42,H42,J42,L42) -> 1
A43: 34 | B43: URBANO - USAQUEN 03 | C43: IAR PROYECTOS SAS | D43: 0.5 | E43: BATEMAN INGENIERIA SAS | F43: 0.5 | M43: =+COUNTIF(C43:L43,"*") -> 2 | N43: =+SUM(D43,F43,H43,J43,L43) -> 1
A44: 35 | B44: CONSORCIO INTERUSAQUEN RH | C44: HG INGENIERIA Y DESARROLLO SAS | D44: 0.7 | E44: ROCCIA SAS | F44: 0.3 | M44: =+COUNTIF(C44:L44,"*") -> 2 | N44: =+SUM(D44,F44,H44,J44,L44) -> 1
A45: 36 | B45: CONSORCIO USAQUEN 2025 | C45: OPH INGENIEROS ASOCIADOS SAS | D45: 0.5 | E45: CARLOS ALBERTO PALTA MUÑOZ | F45: 0.5 | M45: =+COUNTIF(C45:L45,"*") -> 2 | N45: =+SUM(D45,F45,H45,J45,L45) -> 1
A46: 37 | B46: PRODEINCOL S.A.S. | C46: PRODEINCOL S.A.S. | D46: 1 | M46: =+COUNTIF(C46:L46,"*") -> 1 | N46: =+SUM(D46,F46,H46,J46,L46) -> 1
A47: 38 | B47: PROYECTOS TECNICOS DE COLOMBIA SAS | C47: PROYECTOS TECNICOS DE COLOMBIA SAS | D47: 1 | M47: =+COUNTIF(C47:L47,"*") -> 1 | N47: =+SUM(D47,F47,H47,J47,L47) -> 1
A48: 39 | B48: CONSORCIO INTERPROVIAS USQ | C48: COMPAÑÍA DE INTERVENTORIAS Y CONSULTORIAS DE LA COSTA S.A.S. | D48: 0.9 | E48: AREN PROYECTOS & CONSULTORIAS S.A.S- ARENPRO S.A.S | F48: 0.1 | M48: =+COUNTIF(C48:L48,"*") -> 2 | N48: =+SUM(D48,F48,H48,J48,L48) -> 1
A49: 40 | B49: CONSORCIO INTER Y19 | C49: CARING SAS | D49: 0.5 | E49: YOU ARE SERVICES SAS | F49: 0.5 | M49: =+COUNTIF(C49:L49,"*") -> 2 | N49: =+SUM(D49,F49,H49,J49,L49) -> 1
A50: 41 | B50: CONSORCIO INTER AXPROCOL | C50: CONSULTORIA E INTERVENTORIAS TECNICAS PROFESIONALES S.A.S | D50: 0.5 | E50: AXECOL S.A.S. | F50: 0.5 | M50: =+COUNTIF(C50:L50,"*") -> 2 | N50: =+SUM(D50,F50,H50,J50,L50) -> 1
A51: 42 | B51: CONSERVACIÓN USAQUEN IC | C51: CAYCO S.A.S | D51: 0.9 | E51: INGEORBE SAS BIC | F51: 0.1 | M51: =+COUNTIF(C51:L51,"*") -> 2 | N51: =+SUM(D51,F51,H51,J51,L51) -> 1
A52: 43 | B52: CONSORCIO HGR–INCON 13 | C52: INTERVENTORIAS Y CONSTRUCCIONES S.A.S. | D52: 0.95 | E52: HGR CONSULTORIA S.A.S | F52: 0.05 | M52: =+COUNTIF(C52:L52,"*") -> 2 | N52: =+SUM(D52,F52,H52,J52,L52) -> 1
A53: 44 | B53: DF CONSULTORIA SAS | C53: DF CONSULTORIA SAS | D53: 1 | M53: =+COUNTIF(C53:L53,"*") -> 1 | N53: =+SUM(D53,F53,H53,J53,L53) -> 1
A54: 45 | B54: ARINCO SAS | C54: ARQUITECTURA E INGENIERIA DE CONSULTA ARINCO S.A.S. | D54: 1 | M54: =+COUNTIF(C54:L54,"*") -> 1 | N54: =+SUM(D54,F54,H54,J54,L54) -> 1
A55: 46 | B55: MALLAUSA | C55: MAESTRE BROCHERO LUIS ALFONSO | D55: 0.5 | E55: M&D EMAUS CONSTRUCCIONES S.A.S | F55: 0.4 | G55: M&D INGECONTRUCCION S.A.S. | H55: 0.1 | M55: =+COUNTIF(C55:L55,"*") -> 3 | N55: =+SUM(D55,F55,H55,J55,L55) -> 1
A56: 47 | B56: CONSORCIO VÍAS URBANAS P&C-U-2025 | C56: PROYECTISTAS ASOCIADOS SAS | D56: 0.91 | E56: CONSTRUCTORA TEATINO VARGAS – CONSTRUTEV SAS | F56: 0.09 | M56: =+COUNTIF(C56:L56,"*") -> 2 | N56: =+SUM(D56,F56,H56,J56,L56) -> 1
A57: 48 | B57: GES-USAQUEN-003 | C57: SEDIC S.A. | D57: 0.51 | E57: SEDIC CONSULTING S.A.S. | F57: 0.49 | M57: =+COUNTIF(C57:L57,"*") -> 2 | N57: =+SUM(D57,F57,H57,J57,L57) -> 1
A58: 49 | B58: CONSORCIO SOLIING USAQUEN | C58: SOLUCIONES PARA LA INGENIERÍA SAS | D58: 0.9 | E58: INFRAESTRUCTURA INTEGRAL SAS | F58: 0.1 | M58: =+COUNTIF(C58:L58,"*") -> 2 | N58: =+SUM(D58,F58,H58,J58,L58) -> 1
A59: 50 | B59: INEXIA | C59: INEXIA S.A.S | D59: 1 | M59: =+COUNTIF(C59:L59,"*") -> 1 | N59: =+SUM(D59,F59,H59,J59,L59) -> 1
A60: 51 | B60: INCOLTA S.A.S. | C60: INCOLTA INTERVENTORÍAS Y CONSULTORÍAS S.A.S. | D60: 1 | M60: =+COUNTIF(C60:L60,"*") -> 1 | N60: =+SUM(D60,F60,H60,J60,L60) -> 1
A61: 52 | B61: DIN INGENIERIA SAS | C61: DIN INGENIERÍA S.A.S. | D61: 1 | M61: =+COUNTIF(C61:L61,"*") -> 1 | N61: =+SUM(D61,F61,H61,J61,L61) -> 1
A62: 53 | B62: UNIOBRAS DEL ORIENTE S.A.S | C62: UNIOBRAS DEL ORIENTE SAS | D62: 1 | M62: =+COUNTIF(C62:L62,"*") -> 1 | N62: =+SUM(D62,F62,H62,J62,L62) -> 1
A63: 54 | B63: INGESCOR S.A.S. | C63: INGESCOR S.A.S. | D63: 1 | M63: =+COUNTIF(C63:L63,"*") -> 1 | N63: =+SUM(D63,F63,H63,J63,L63) -> 1
A64: 55 | B64: CONSORCIO FENIX | C64: NORBERTO BAYONA ESPITIA | D64: 0.9 | E64: INAR PROYECTOS DE INGENIERIA Y ARQUITECTURA S.A.S | F64: 0.1 | M64: =+COUNTIF(C64:L64,"*") -> 2 | N64: =+SUM(D64,F64,H64,J64,L64) -> 1
A65: 56 | B65: INGOSER SAS | C65: INGOSER SAS | D65: 1 | M65: =+COUNTIF(C65:L65,"*") -> 1 | N65: =+SUM(D65,F65,H65,J65,L65) -> 1
A66: 57 | B66: EUROESTUDIOS INGENIEROS DE CONSULTA SAS | C66: EUROESTUDIOS INGENIEROS DE CONSULTA SAS | D66: 1 | M66: =+COUNTIF(C66:L66,"*") -> 1 | N66: =+SUM(D66,F66,H66,J66,L66) -> 1
A67: 58 | B67: CONSORCIO CUARZO 37 | C67: RAFAEL JAVIER GUISA RUEDA | D67: 0.9 | E67: GRUPO GUERREROS CONSTRUCTORES SAS | F67: 0.1 | M67: =+COUNTIF(C67:L67,"*") -> 2 | N67: =+SUM(D67,F67,H67,J67,L67) -> 1
A68: 59 | B68: INGENIERIA MASTER S.A.S. | C68: INGENIERIA MASTER S.A.S. | D68: 1 | M68: =+COUNTIF(C68:L68,"*") -> 1 | N68: =+SUM(D68,F68,H68,J68,L68) -> 1
A69: 60 | B69: CONSULTORES DONOVAN SAS | C69: CONSULTORES DONOVAN SAS | D69: 1 | M69: =+COUNTIF(C69:L69,"*") -> 1 | N69: =+SUM(D69,F69,H69,J69,L69) -> 1
A70: 61 | B70: VERBENAL 25 | C70: INGECO INGENIERÍA DE CONSTRUCCIONES S.A.S | E70: INP SERVICIOS S.A.S | M70: =+COUNTIF(C70:L70,"*") -> 2 | N70: =+SUM(D70,F70,H70,J70,L70) -> 0
A71: 62 | B71: CONSORCIO GL USAQUEN 2025 | C71: INGENIERIA Y CONSULTORIA GHE S.A.S. NIT. 901.647.575 - 9 | D71: 0.1 | E71: ALFREDO JOSE LEPESQUEUR MARTINEZ C.C. 10.766.786 | F71: 0.9 | M71: =+COUNTIF(C71:L71,"*") -> 2 | N71: =+SUM(D71,F71,H71,J71,L71) -> 1
A72: 63 | B72: TORRES & ASOCIADOS | C72: TORRES & ASOCIADOS | D72: 1 | M72: =+COUNTIF(C72:L72,"*") -> 1 | N72: =+SUM(D72,F72,H72,J72,L72) -> 1
A73: 64 | B73: TRIPLE C SAS | C73: COMPAÑÍA CONSULTORA COLOMBIANA TRIPLE C S.A.S BIC | D73: 1 | M73: =+COUNTIF(C73:L73,"*") -> 1 | N73: =+SUM(D73,F73,H73,J73,L73) -> 1
A74: 65 | B74: CONSORCIO VERTEX | C74: R&M CONSTRUCCIONES E INTERVENTORÍAS SAS | D74: 0.5 | E74: M.A.P.G INGENIERIA CIVIL S.A.S. | F74: 0.5 | M74: =+COUNTIF(C74:L74,"*") -> 2 | N74: =+SUM(D74,F74,H74,J74,L74) -> 1
A75: 66 | B75: UMBRELLA INTERNATIONAL S.A.S | C75: UMBRELLA INTERNATIONAL S.A.S | D75: 1 | M75: =+COUNTIF(C75:L75,"*") -> 1 | N75: =+SUM(D75,F75,H75,J75,L75) -> 1
A76: 67 | B76: ICE S.A.S. | C76: INGENIEROS CIVILES ESPECIALISTAS S.A.S. | D76: 1 | M76: =+COUNTIF(C76:L76,"*") -> 1 | N76: =+SUM(D76,F76,H76,J76,L76) -> 1
A77: 68 | B77: INTERVENTORIA Y CONSTRUCIVILES SAS | C77: INTERVENTORIA Y CONSTRUCIVILES SAS | D77: 1 | M77: =+COUNTIF(C77:L77,"*") -> 1 | N77: =+SUM(D77,F77,H77,J77,L77) -> 1
A78: 69 | B78: CONSORCIO BLUCK | C78: JORGE PIDDO SEGUIDO DE LA EXPRESION SUCURSAL COLOMBIA | D78: 0.9 | E78: OCCAS INGENIERIA S.A.S. | F78: 0.1 | M78: =+COUNTIF(C78:L78,"*") -> 2 | N78: =+SUM(D78,F78,H78,J78,L78) -> 1
A79: 70 | B79: CONSORCIO DESARROLLO URBANO USAQUEN | C79: AFA CONSULTORES Y CONSTRUCTORES S.A | D79: 0.9 | E79: INTECON CONSULTORES S.A.S | F79: 0.1 | M79: =+COUNTIF(C79:L79,"*") -> 2 | N79: =+SUM(D79,F79,H79,J79,L79) -> 1
A80: 71 | B80: PIV Ingenieria S.A.S. | C80: PIV Ingenieria S.A.S. | D80: 1 | M80: =+COUNTIF(C80:L80,"*") -> 1 | N80: =+SUM(D80,F80,H80,J80,L80) -> 1
A81: 72 | B81: TECNUMEC S.A.S. | C81: TECNUMEC S.A.S. | D81: 1 | M81: =+COUNTIF(C81:L81,"*") -> 1 | N81: =+SUM(D81,F81,H81,J81,L81) -> 1
A82: 73 | B82: ALIANZA INTEGRAL DE PROYECTOS SAS BIC | C82: ALIANZA INTEGRAL DE PROYECTOS SAS BIC | D82: 1 | M82: =+COUNTIF(C82:L82,"*") -> 1 | N82: =+SUM(D82,F82,H82,J82,L82) -> 1
A83: 74 | B83: CONSORCIO USAQUÉN VELNEC | C83: VELNEC S.A. | D83: 0.2 | E83: VELNEC INGENIERIA S.A.S. BIC | F83: 0.8 | M83: =+COUNTIF(C83:L83,"*") -> 2 | N83: =+SUM(D83,F83,H83,J83,L83) -> 1
A84: 75 | B84: GEVIAL S.A.S. | C84: INGENIERIA Y GESTION VIASL S.A.S (GEVIAL) | D84: 1 | M84: =+COUNTIF(C84:L84,"*") -> 1 | N84: =+SUM(D84,F84,H84,J84,L84) -> 1
A85: 76 | B85: CONSORCIO HUPK VIAS DE USAQUEN | C85: HUPERNIKAO INGENIERIA S.A.S | D85: 0.99 | E85: MCCA S.A.S. | F85: 0.01 | M85: =+COUNTIF(C85:L85,"*") -> 2 | N85: =+SUM(D85,F85,H85,J85,L85) -> 1
A86: 77 | B86: EMPRESA DE INFRAESTRUCTURA COLOMBIANA S.A.S | C86: EMPRESA DE INFRAESTRUCTURA COLOMBIANA S.A.S | D86: 1 | M86: =+COUNTIF(C86:L86,"*") -> 1 | N86: =+SUM(D86,F86,H86,J86,L86) -> 1
A87: 78 | B87: CONSORCIO VIAS LOCALES 2025 | C87: LITORAL CONSULTING SAS | D87: 0.5 | E87: MC CONSULTORES Y CONSTRUCTORES S.A.S. | F87: 0.5 | M87: =+COUNTIF(C87:L87,"*") -> 2 | N87: =+SUM(D87,F87,H87,J87,L87) -> 1
A88: 79 | B88: CONSORCIO MALLA VIAL USA | C88: ECOVIAS S.A.S | D88: 0.5 | E88: ECOING PROYECTOS S.A.S | F88: 0.5 | M88: =+COUNTIF(C88:L88,"*") -> 2 | N88: =+SUM(D88,F88,H88,J88,L88) -> 1
A89: 80 | B89: PROBINTEC SAS | C89: PROBINTEC SAS | D89: 1 | M89: =+COUNTIF(C89:L89,"*") -> 1 | N89: =+SUM(D89,F89,H89,J89,L89) -> 1
A90: 81 | B90: ESCALA CCI SAS | C90: ESCALA CCI SAS | D90: 1 | M90: =+COUNTIF(C90:L90,"*") -> 1 | N90: =+SUM(D90,F90,H90,J90,L90) -> 1
A91: 82 | B91: C. SAN MARTIN 003 | C91: INCOPLAN SA | D91: 0.9 | E91: SOLIUN SAS | F91: 0.1 | M91: =+COUNTIF(C91:L91,"*") -> 2 | N91: =+SUM(D91,F91,H91,J91,L91) -> 1
A92: 83 | B92: CONSORCIO INTERVENTORES GTI 003 | C92: GITAI GROUP S.A.S. BIC | D92: 0.1 | E92: INFRAESTRUCTURAS E INGENIERIA GLOBAL S.A.S | F92: 0.45 | G92: TLL ARQUITECTOS E INGENIEROS S.A.S. | H92: 0.45 | M92: =+COUNTIF(C92:L92,"*") -> 3 | N92: =+SUM(D92,F92,H92,J92,L92) -> 1
A93: 84 | B93: INGCONSASAS | C93: INGCONSASAS | D93: 1 | M93: =+COUNTIF(C93:L93,"*") -> 1 | N93: =+SUM(D93,F93,H93,J93,L93) -> 1
A94: 85 | B94: AESA PROYECTOS SAS | C94: AESA PROYECTOS SAS | D94: 1 | M94: =+COUNTIF(C94:L94,"*") -> 1 | N94: =+SUM(D94,F94,H94,J94,L94) -> 1
A95: 86 | B95: C INTERUSAQUEN EI | C95: ECG INGENIERÍA SAS | D95: 0.5 | E95: INGENIERIA Y CONSULTORIA INGECON SAS | F95: 0.5 | M95: =+COUNTIF(C95:L95,"*") -> 2 | N95: =+SUM(D95,F95,H95,J95,L95) -> 1
A96: 87 | B96: ARCA ARQUITECTURA E INGENIERÍA S.A. | C96: ARCA ARQUITECTURA E INGENIERÍA S.A. | D96: 1 | M96: =+COUNTIF(C96:L96,"*") -> 1 | N96: =+SUM(D96,F96,H96,J96,L96) -> 1
A97: 88 | B97: CONSORCIO VIAL USAQUEN 2026 | C97: FRONTERAS CONSTRUCTORA S.A.S. | D97: 0.33 | E97: PC INTERVENTORES S.A.S. | F97: 0.34 | G97: YTMING S.A.S. | H97: 0.33 | M97: =+COUNTIF(C97:L97,"*") -> 3 | N97: =+SUM(D97,F97,H97,J97,L97) -> 1
A98: 89 | B98: CS USAQUEN JINT 3 | C98: JPS INGENIERIA S.A.S. (LIDER) | D98: 0.9 | E98: INTING S.A.S. | F98: 0.1 | M98: =+COUNTIF(C98:L98,"*") -> 2 | N98: =+SUM(D98,F98,H98,J98,L98) -> 1
A99: 90 | B99: CONSORCIO MT USAQUEN 2025 | C99: A2M PROYECTOS DE INGENIERIA | D99: 0.9 | E99: MT PROJECTS S.A.S | F99: 0.1 | M99: =+COUNTIF(C99:L99,"*") -> 2 | N99: =+SUM(D99,F99,H99,J99,L99) -> 1
A100: 91 | B100: CONSORCIO MALLA VIAL USAQUEN | C100: MAVECA INGENIERÍA S.A.S | D100: 0.9 | E100: LINO ANDRÉZ MENDOZA V. | F100: 0.1 | M100: =+COUNTIF(C100:L100,"*") -> 2 | N100: =+SUM(D100,F100,H100,J100,L100) -> 1
A101: 92 | B101: TERRA PROYECTOS CIVILES SAS | C101: TERRA PROYECTOS CIVILES S.A.S | D101: 1 | M101: =+COUNTIF(C101:L101,"*") -> 1 | N101: =+SUM(D101,F101,H101,J101,L101) -> 1
A102: 93 | B102: ONSORCIO FLU 003 GH 2025 | C102: GHF INGENIERÍA Y CONSTRUCCIONES SAS | D102: 0.9 | E102: HIDRALARPI PROFESIONALES ASOCIADOS SAS | F102: 0.1 | M102: =+COUNTIF(C102:L102,"*") -> 2 | N102: =+SUM(D102,F102,H102,J102,L102) -> 1
...

Sheet 1
B2: ALCALDIA LOCAL DE USAQUEN
B4: ='DATOS INICIALES'!G4 -> FDLUSA-CMA-003-2025
B6: Ciudad | C6: BOGOTÁ D.C | D6: Fecha de Evaluación | E6: 11 de NOVIEMBRE de 2025 | G6: Fecha de Cierre | H6: 11 de NOVIEMBRE de 2025
B7: DATOS GENERALES | J7: VALOR MINIMO A CERTIFICAR
B8: OBJETO DE LA CONVOCATORIA | C8: ='DATOS INICIALES'!D2 -> "INTERVENTORÍA TÉCNICA, ADMINISTRATIVA, FINANCIERA, JURÍDICA, AMBIENTAL Y SOCIAL AL CONTRATO DE OBRA PÚBLICA RESULTANTE DEL PROCESO DE LICITACIÓN PÚBLICA CUYO OBJETO ES: CONTRATAR POR EL SISTEMA DE PRECIOS UNITARIOS Y A MONTO AGOTABLE LA INTERVENCIÓN DE LOS ELEMENTOS DE LA MALLA VIAL LOCAL E INTERMEDIA Y/O ESPACIO PÚBLICO DE LA LOCALIDAD DE USAQUÉN EN BOGOTÁ CON OBRAS Y ACTIVIDADES DE CONSERVACIÓN" | J8: DE 1 HASTA 4, 5, 6 ó 7 | K8: 1 | L8: =K8*$C$10 -> 986.30763
B9: VALOR DEL PROCESO EN PESOS | C9: =+'DATOS INICIALES'!C5 -> 1404008910
B10: VALOR DEL PROCESO EN SMMLV | C10: =C9/'DATOS INICIALES'!B50 -> 986.30763
A11: 1 | B11: PROPONENTE | C11: =VLOOKUP(A11,PROPONENTES!A10:B94,2,FALSE) -> GRUPO METRO COLOMBIA SAS | H11: CONCEPTO FINAL | I11: =IF(AND(F22="CUMPLE",G22="CUMPLE",H22="CUMPLE",L14="CUMPLE",D72="CUMPLE",K18="CUMPLE"),"CUMPLE","NO CUMPLE") -> CUMPLE
B13: ACREDITACIÓN DE EXPERIENCIA FIGURA ASOCIATIVA | I13: TOTAL CONTRATOS VÁLIDOS | J13: VALOR TOTAL A ACREDITAR (SMMLV) | K13: VALOR TOTAL ACREDITADO (SMMLV) | L13: CONCEPTO
B14: MIEMBRO UNICO O INTEGRANTES DEL CONSORCIO O UNION TEMPORAL. | C14: INTEGRANTE | D14: % PARTICIPACIÓN | E14: EXPERIENCIA TOTAL APORTADA | F14: ¿AL MENOS UNO APORTA EL 50% DE EXPERIENCIA? | G14: ¿APORTA MÍNIMO EL 5% DE EXPERIENCIA? | H14: SI NO APORTA ¿TIENE COMO MAXIMO EL 10% DE PARTICIPACIÓN? | I14: =COUNTIF(D67:J67,"CUMPLE") -> 3 | J14: =+L8 -> 986.30763 | K14: =+E22 -> 5703.7884 | L14: =IF(K14>=J14,"CUMPLE","NO CUMPLE") -> CUMPLE
C15: =IF(VLOOKUP(C11,PROPONENTES!B10:N94,2,FALSE)=0,"",VLOOKUP(C11,PROPONENTES!B10:N94,2,FALSE)) -> GRUPO METRO COLOMBIA SAS | D15: =IF(VLOOKUP(C11,PROPONENTES!B10:N94,3,FALSE)=0,"",VLOOKUP(C11,PROPONENTES!B10:N94,3,FALSE)) -> 1 | E15: =IF(C15="","",IF($D$67="CUMPLE",IF(C15=$D$26,$D$41)+IF(C15=$D$27,$D$44)+IF(C15=$D$28,$D$47))+IF($E$67="CUMPLE",IF(C15=$E$26,$E$41)+IF(C15=$E$27,$E$44)+IF(C15=$E$28,$E$47))+IF($F$67="CUMPLE",IF(C15=$F$26,$F$41)+IF(C15=$F$27,$F$44)+IF(C15=$F$28,$F$47))+IF($G$67="CUMPLE",IF(C15=$G$26,$G$41)+IF(C15=$G$27,$G$44)+IF(C15=$G$28,$G$47))+IF($H$67="CUMPLE",IF(C15=$H$26,$H$41)+IF(C15=$H$27,$H$44)+IF(C15=$H$28,$H$47))+IF($I$67="CUMPLE",IF(C15=$I$26,$I$41)+IF(C15=$I$27,$I$44)+IF(C15=$I$28,$I$47))+IF($J$67="CUMPLE",IF(C15=$J$26,$J$41)+IF(C15=$J$27,$J$44)+IF(C15=$J$28,$J$47))) -> 5703.7884 | F15: =IF(C15="","",IF(E15>=$J$14*0.5,"SI","NO")) -> SI | G15: =IF(C15="","",IF(E15>=$J$14*0.05,"SI",IF(E15=0,"NO APORTA EXPERIENCIA",))) -> SI | H15: =IF(C15="","",IF(AND(G15="NO APORTA EXPERIENCIA",D15<=10%),"SI",IF(G15="SI","NO APLICA","NO - PORCENTAJE MAYOR AL 10%"))) -> NO APLICA | L15: VALOR PROMEDIO DE CONTRATOS VALIDOS
C16: =IF(VLOOKUP(C11,PROPONENTES!B10:N94,4,FALSE)=0,"",VLOOKUP(C11,PROPONENTES!B10:N94,4,FALSE)) | D16: =IF(VLOOKUP(C11,PROPONENTES!B10:N94,5,FALSE)=0,"",VLOOKUP(C11,PROPONENTES!B10:N94,5,FALSE)) | E16: =IF(C16="","",IF($D$67="CUMPLE",IF(C16=$D$26,$D$41)+IF(C16=$D$27,$D$44)+IF(C16=$D$28,$D$47))+IF($E$67="CUMPLE",IF(C16=$E$26,$E$41)+IF(C16=$E$27,$E$44)+IF(C16=$E$28,$E$47))+IF($F$67="CUMPLE",IF(C16=$F$26,$F$41)+IF(C16=$F$27,$F$44)+IF(C16=$F$28,$F$47))+IF($G$67="CUMPLE",IF(C16=$G$26,$G$41)+IF(C16=$G$27,$G$44)+IF(C16=$G$28,$G$47))+IF($H$67="CUMPLE",IF(C16=$H$26,$H$41)+IF(C16=$H$27,$H$44)+IF(C16=$H$28,$H$47))+IF($I$67="CUMPLE",IF(C16=$I$26,$I$41)+IF(C16=$I$27,$I$44)+IF(C16=$I$28,$I$47))+IF($J$67="CUMPLE",IF(C16=$J$26,$J$41)+IF(C16=$J$27,$J$44)+IF(C16=$J$28,$J$47))) | F16: =IF(C16="","",IF(E16>=$J$14*0.5,"SI","NO")) | G16: =IF(C16="","",IF(E16>=$J$14*0.05,"SI",IF(E16=0,"NO APORTA EXPERIENCIA",))) | H16: =IF(C16="","",IF(AND(G16="NO APORTA EXPERIENCIA",D16<=10%),"SI",IF(G16="SI","NO APLICA","NO - PORCENTAJE MAYOR AL 10%"))) | L16: =AVERAGEIF(D67:J67,"CUMPLE",D48:J48) -> 1901.2628
C17: =IF(VLOOKUP(C11,PROPONENTES!B10:N94,6,FALSE)=0,"",VLOOKUP(C11,PROPONENTES!B10:N94,6,FALSE)) | D17: =IF(VLOOKUP(C11,PROPONENTES!B10:N94,7,FALSE)=0,"",VLOOKUP(C11,PROPONENTES!B10:N94,7,FALSE)) | E17: =IF(C17="","",IF($D$67="CUMPLE",IF(C17=$D$26,$D$41)+IF(C17=$D$27,$D$44)+IF(C17=$D$28,$D$47))+IF($E$67="CUMPLE",IF(C17=$E$26,$E$41)+IF(C17=$E$27,$E$44)+IF(C17=$E$28,$E$47))+IF($F$67="CUMPLE",IF(C17=$F$26,$F$41)+IF(C17=$F$27,$F$44)+IF(C17=$F$28,$F$47))+IF($G$67="CUMPLE",IF(C17=$G$26,$G$41)+IF(C17=$G$27,$G$44)+IF(C17=$G$28,$G$47))+IF($H$67="CUMPLE",IF(C17=$H$26,$H$41)+IF(C17=$H$27,$H$44)+IF(C17=$H$28,$H$47))+IF($I$67="CUMPLE",IF(C17=$I$26,$I$41)+IF(C17=$I$27,$I$44)+IF(C17=$I$28,$I$47))+IF($J$67="CUMPLE",IF(C17=$J$26,$J$41)+IF(C17=$J$27,$J$44)+IF(C17=$J$28,$J$47))) | F17: =IF(C17="","",IF(E17>=$J$14*0.5,"SI","NO")) | G17: =IF(C17="","",IF(E17>=$J$14*0.05,"SI",IF(E17=0,"NO APORTA EXPERIENCIA",))) | H17: =IF(C17="","",IF(AND(G17="NO APORTA EXPERIENCIA",D17<=10%),"SI",IF(G17="SI","NO APLICA","NO - PORCENTAJE MAYOR AL 10%"))) | I17: EXP. ESPECIFICA ACREDITADA | J17: EXP. ESPECIFICA SOLICITADA | K17: CONCEPTO
C18: =IF(VLOOKUP(C11,PROPONENTES!B10:N94,8,FALSE)=0,"",VLOOKUP(C11,PROPONENTES!B10:N94,8,FALSE)) | D18: =IF(VLOOKUP(C11,PROPONENTES!B10:N94,9,FALSE)=0,"",VLOOKUP(C11,PROPONENTES!B10:N94,9,FALSE)) | E18: =IF(C18="","",IF($D$67="CUMPLE",IF(C18=$D$26,$D$41)+IF(C18=$D$27,$D$44)+IF(C18=$D$28,$D$47))+IF($E$67="CUMPLE",IF(C18=$E$26,$E$41)+IF(C18=$E$27,$E$44)+IF(C18=$E$28,$E$47))+IF($F$67="CUMPLE",IF(C18=$F$26,$F$41)+IF(C18=$F$27,$F$44)+IF(C18=$F$28,$F$47))+IF($G$67="CUMPLE",IF(C18=$G$26,$G$41)+IF(C18=$G$27,$G$44)+IF(C18=$G$28,$G$47))+IF($H$67="CUMPLE",IF(C18=$H$26,$H$41)+IF(C18=$H$27,$H$44)+IF(C18=$H$28,$H$47))+IF($I$67="CUMPLE",IF(C18=$I$26,$I$41)+IF(C18=$I$27,$I$44)+IF(C18=$I$28,$I$47))+IF($J$67="CUMPLE",IF(C18=$J$26,$J$41)+IF(C18=$J$27,$J$44)+IF(C18=$J$28,$J$47))) | F18: =IF(C18="","",IF(E18>=$J$14*0.5,"SI","NO")) | G18: =IF(C18="","",IF(E18>=$J$14*0.05,"SI",IF(E18=0,"NO APORTA EXPERIENCIA",))) | H18: =IF(C18="","",IF(AND(G18="NO APORTA EXPERIENCIA",D18<=10%),"SI",IF(G18="SI","NO APLICA","NO - PORCENTAJE MAYOR AL 10%"))) | I18: =COUNTIFS(D57:J57,"CUMPLE",D67:J67,"CUMPLE") -> 3 | J18: 1 | K18: =IF(AND(I18>=J18,I19>=J19,I20>=J20,I21>=J21),"CUMPLE","NO CUMPLE") -> CUMPLE
I19: =COUNTIFS(D58:J58,"CUMPLE",D67:J67,"CUMPLE") -> 3 | J19: 1
I20: =COUNTIFS(D60:J60,"CUMPLE",D67:J67,"CUMPLE") -> 3 | J20: 1
C21: =IF(VLOOKUP(C11,PROPONENTES!B10:N94,10,FALSE)=0,"",VLOOKUP(C11,PROPONENTES!B10:N94,10,FALSE)) | D21: =IF(VLOOKUP(C11,PROPONENTES!B10:N94,11,FALSE)=0,"",VLOOKUP(C11,PROPONENTES!B10:N94,11,FALSE)) | E21: =IF(C21="","",IF($D$67="CUMPLE",IF(C21=$D$26,$D$41)+IF(C21=$D$27,$D$44)+IF(C21=$D$28,$D$47))+IF($E$67="CUMPLE",IF(C21=$E$26,$E$41)+IF(C21=$E$27,$E$44)+IF(C21=$E$28,$E$47))+IF($F$67="CUMPLE",IF(C21=$F$26,$F$41)+IF(C21=$F$27,$F$44)+IF(C21=$F$28,$F$47))+IF($G$67="CUMPLE",IF(C21=$G$26,$G$41)+IF(C21=$G$27,$G$44)+IF(C21=$G$28,$G$47))+IF($H$67="CUMPLE",IF(C21=$H$26,$H$41)+IF(C21=$H$27,$H$44)+IF(C21=$H$28,$H$47))+IF($I$67="CUMPLE",IF(C21=$I$26,$I$41)+IF(C21=$I$27,$I$44)+IF(C21=$I$28,$I$47))+IF($J$67="CUMPLE",IF(C21=$J$26,$J$41)+IF(C21=$J$27,$J$44)+IF(C21=$J$28,$J$47))) | F21: =IF(C21="","",IF(E21>=$J$14*0.5,"SI","NO")) | G21: =IF(C21="","",IF(E21>=$J$14*0.05,"SI",IF(E21=0,"NO APORTA EXPERIENCIA",))) | H21: =IF(C21="","",IF(AND(G21="NO APORTA EXPERIENCIA",D21<=10%),"SI",IF(G21="SI","NO APLICA","NO - PORCENTAJE MAYOR AL 10%"))) | I21: =COUNTIFS(D61:J61,"CUMPLE",D67:J67,"CUMPLE") -> 3 | J21: 1
B22: TOTAL | C22: =+VLOOKUP(C11,PROPONENTES!B10:N94,12,FALSE) -> 1 | D22: =+VLOOKUP(C11,PROPONENTES!B10:N94,13,FALSE) -> 1 | E22: =SUM(E15:E21) -> 5703.7884 | F22: =IF(F15="SI","CUMPLE",IF(F16="SI","CUMPLE",IF(F17="SI","CUMPLE",IF(F18="SI","CUMPLE",IF(F21="SI","CUMPLE","NO CUMPLE"))))) -> CUMPLE | G22: =+IF(COUNTIF(E15:E21,0)>1,"NO CUMPLE, HAY MAS DE UN (1) INTEGRANTE QUE NO APORTA EXPERIENCIA",IF(AND(OR(G15="NO APORTA EXPERIENCIA",G15="SI",G15=""),OR(G16="NO APORTA EXPERIENCIA",G16="SI",G16=""),OR(G17="NO APORTA EXPERIENCIA",G17="SI",G17=""),OR(G18="NO APORTA EXPERIENCIA",G18="SI",G18=""),OR(G21="NO APORTA EXPERIENCIA",G21="SI",G21="")),"CUMPLE","NO CUMPLE")) -> CUMPLE | H22: =IF(COUNTIF(E15:E21,0)>1,"NO CUMPLE, HAY MAS DE UN (1) INTEGRANTE QUE NO APORTA EXPERIENCIA",IF(AND(OR(H15="NO APLICA",H15="SI",H15=""),OR(H16="NO APLICA",H16="SI",H16=""),OR(H17="NO APLICA",H17="SI",H17=""),OR(H18="NO APLICA",H18="SI",H18=""),OR(H21="NO APLICA",H21="SI",H21="")),"CUMPLE","NO CUMPLE")) -> CUMPLE | I22: =+D72 -> CUMPLE
B24: =CONCATENATE("ACREDITACION EXPERIENCIA ",'DATOS INICIALES'!G4) -> ACREDITACION EXPERIENCIA FDLUSA-CMA-003-2025
B25: NÚMERO DE CERTIFICACIONES | C25: Máximo 5, 6 o 7 contratos | D25: CONTRATO No. 1 | E25: CONTRATO No. 2 | F25: CONTRATO No. 3 | G25: CONTRATO No. 4 | H25: CONTRATO No. 5 | I25: CONTRATO No. 6 | J25: CONTRATO No. 7 | K25: OBSERVACIONES
B26: INTEGRANTE 1 DEL CONTRATO APORTADO | D26: GRUPO METRO COLOMBIA SAS | E26: GRUPO METRO COLOMBIA SAS | F26: GRUPO METRO COLOMBIA SAS
B27: INTEGRANTE 2 DEL CONTRATO APORTADO
B28: INTEGRANTE 3 DEL CONTRATO APORTADO
B29: DATOS DEL CONTRATO | C29: N° del contrato y año de suscripción | D29: IDU-211-2005 | E29: IDU-002-2013 | F29: ALC-BOLIVAR-CIN-326-2018
C30: Objeto | D30: INTERVENTORIA TECNICA, ADMINISTRATIVA, FINANCIERA Y AMBIENTAL PARA LA CONSTRUCCION Y REHABILITACION DE RUTAS ALIMENTADORAS DEL SISTEMA TRANSMILENIO, ZONA 7, GRUPO 3 EN BOGOTA D.C., CON FINANCIACION DEL BANCO MUNDIAL EN BOGOTÁ D.C. | E30: INTERVENTORÍA TÉCNICA, ADMINISTRATIVA, FINANCIERA, LEGAL, SOCIAL Y AMBIENTAL PARA LA EJECUCIÓN DE OBRAS Y ACTIVIDADES DE CONSERVACIÓN PARA LA MALLA VIAL ARTERIAL E INTERMEDIA EN LAS LOCALIDADES DE RAFAEL URIBE, SAN CRISTOBAL, CANDELARIA Y SANTA FÉ GRUPO 1 Y 2 EN BOGOTÁ D.C. | F30: REALIZAR LA INTERVENTORÍA TÉCNICA, ADMINISTRATIVA, FINANCIERA, JURIDICA, SOCIAL, AMBIENTAL Y SST AL CONTRATO DE OBRA PUBLICA QUE TENDRÁ POR OBJETO: CONTRATAR A PRECIOS FIJOS Y A MONTO AGOTABLE LA COMPLEMENTACIÓN Y/O ACTUALIZACIÓN Y/O AJUSTES DE DISEÑOS Y CONSTRUCCIÓN O RECONSTRUCCIÓN DE LA MALLA VIAL ,DE LA LOCALIDAD DE CIUDAD BOLÍVAR, EN BOGOTÁ D.C.
C31: Fecha de iniciación del contrato. (dd/mm/aaaa) | D31: 38917 | E31: 41354 | F31: 43511
C32: Fecha de terminación del contrato. (dd/mm/aaaa) | D32: 39286 | E32: 41702 | F32: 43875
C33: Año de terminación para convertir en SMMLV | D33: 2007 | E33: 2014 | F33: 2020
C34: Nombre o razón social del contratante | D34: INSTITUTO DE DESARROLLO URBANO | E34: INSTITUTO DE DESARROLLO URBANO | F34: ALCALDIA LOCAL DE CIUDAD BOLIVAR
C35: Nombre o razón social del contratista | D35: GRUPO METRO COLOMBIA SAS | E35: GRUPO METRO COLOMBIA SAS | F35: GRUPO METRO COLOMBIA SAS
C36: No. Consecutivo RUP | D36: 45 | E36: 57 | F36: 102
C37: Valor final del contrato en SMMLV reportado en el RUP | D37: 1370.47 | E37: 2789.54 | F37: 1822.7324
C38: Valor final contrato en pesos | D38: =IFERROR(D37*VLOOKUP(D33,'DATOS INICIALES'!$A$12:$B$50,2,0),"0") -> 594372839 | E38: =IFERROR(E37*VLOOKUP(E33,'DATOS INICIALES'!$A$12:$B$50,2,0),"0") -> 1718356640 | F38: =IFERROR(F37*VLOOKUP(F33,'DATOS INICIALES'!$A$12:$B$50,2,0),"0") -> 1600000000 | G38: =IFERROR(G37*VLOOKUP(G33,'DATOS INICIALES'!$A$12:$B$50,2,0),"0") -> 0 | H38: =IFERROR(H37*VLOOKUP(H33,'DATOS INICIALES'!$A$12:$B$50,2,0),"0") -> 0 | I38: =IFERROR(I37*VLOOKUP(I33,'DATOS INICIALES'!$A$12:$B$50,2,0),"0") -> 0 | J38: =IFERROR(J37*VLOOKUP(J33,'DATOS INICIALES'!$A$12:$B$50,2,0),"0") -> 0
C39: Porcentaje de Participación INTEGRANTE 1 | D39: 1 | E39: 0.9 | F39: 1
C40: Valor final según porcentaje de participación INTEGRANTE 1 EN PESOS | D40: =IF(D26="","0",D39*D38) -> 594372839 | E40: =IF(E26="","0",E39*E38) -> 1546520976 | F40: =IF(F26="","0",F39*F38) -> 1600000000 | G40: =IF(G26="","0",G39*G38) -> 0 | H40: =IF(H26="","0",H39*H38) -> 0 | I40: =IF(I26="","0",I39*I38) -> 0 | J40: =IF(J26="","0",J39*J38) -> 0
C41: Valor final según porcentaje de participación INTEGRANTE 1 en SMMLV | D41: =IFERROR(D37*D39,"0") -> 1370.47 | E41: =IFERROR(E37*E39,"0") -> 2510.586 | F41: =IFERROR(F37*F39,"0") -> 1822.7324 | G41: =IFERROR(G37*G39,"0") -> 0 | H41: =IFERROR(H37*H39,"0") -> 0 | I41: =IFERROR(I37*I39,"0") -> 0 | J41: =IFERROR(J37*J39,"0") -> 0
C42: Porcentaje de Participación INTEGRANTE 2
C43: Valor final según porcentaje de participación INTEGRANTE 2 EN PESOS | D43: =IF(D27="","0",D42*D38) -> 0 | E43: =IF(E27="","0",E42*E38) -> 0 | F43: =IF(F27="","0",F42*F38) -> 0 | G43: =IF(G27="","0",G42*G38) -> 0 | H43: =IF(H27="","0",H42*H38) -> 0 | I43: =IF(I27="","0",I42*I38) -> 0 | J43: =IF(J27="","0",J42*J38) -> 0
C44: Valor final según porcentaje de participación INTEGRANTE 2 en SMMLV | D44: =IF(D27="",0,D37*D42) -> 0 | E44: =IF(E27="",0,E37*E42) -> 0 | F44: =IF(F27="",0,F37*F42) -> 0 | G44: =IF(G27="",0,G37*G42) -> 0 | H44: =IF(H27="",0,H37*H42) -> 0 | I44: =IF(I27="",0,I37*I42) -> 0 | J44: =IF(J27="",0,J37*J42) -> 0
C45: Porcentaje de Participación INTEGRANTE 3
C46: Valor final según porcentaje de participación INTEGRANTE 3 EN PESOS | D46: =IF(D28="","0",D45*D38) -> 0 | E46: =IF(E28="","0",E45*E38) -> 0 | F46: =IF(F28="","0",F45*F38) -> 0 | G46: =IF(G28="","0",G45*G38) -> 0 | H46: =IF(H28="","0",H45*H38) -> 0 | I46: =IF(I28="","0",I45*I38) -> 0 | J46: =IF(J28="","0",J45*J38) -> 0
C47: Valor final según porcentaje de participación INTEGRANTE 3 en SMMLV | D47: =IF(D28="",0,D37*D45) -> 0 | E47: =IF(E28="",0,E37*E45) -> 0 | F47: =IF(F28="",0,F37*F45) -> 0 | G47: =IF(G28="",0,G37*G45) -> 0 | H47: =IF(H28="",0,H37*H45) -> 0 | I47: =IF(I28="",0,I37*I45) -> 0 | J47: =IF(J28="",0,J37*J45) -> 0
C48: VALOR TOTAL ACREDITADO POR CONTRATO | D48: =+D41+D44+D47 -> 1370.47 | E48: =+E41+E44+E47 -> 2510.586 | F48: =+F41+F44+F47 -> 1822.7324 | G48: =+G41+G44+G47 -> 0 | H48: =+H41+H44+H47 -> 0 | I48: =+I41+I44+I47 -> 0 | J48: =+J41+J44+J47 -> 0
B49: REGISTRO UNICO DE PROPONENTES | C49: ¿RUP vigente y en firme antes del cierre del proceso? | D49: CUMPLE | E49: CUMPLE | F49: CUMPLE | G49: CUMPLE | H49: CUMPLE | I49: CUMPLE | J49: CUMPLE
C50: =+'DATOS INICIALES'!D27 -> 80101600 | D50: SI | E50: SI | F50: SI | G50: SI | H50: SI | I50: SI | J50: SI
C51: =+'DATOS INICIALES'!D28 -> 81101500 | D51: SI | E51: SI | F51: SI | G51: SI | H51: SI | I51: SI | J51: SI
C52: =+'DATOS INICIALES'!D29 -> 81102200 | D52: SI | E52: SI | F52: SI | G52: SI | H52: SI | I52: SI | J52: SI
C53: =+'DATOS INICIALES'!D32 -> 0
C55: ¿El contrato se encuentra clasificado en alguno de los anteriores códigos? | D55: =IF(D26="","N/A",IF(D50="SI","CUMPLE",IF(D51="SI","CUMPLE",IF(D52="SI","CUMPLE",IF(D53="SI","CUMPLE",IF(D54="SI","CUMPLE","NO CUMPLE")))))) -> CUMPLE | E55: =IF(E26="","N/A",IF(E50="SI","CUMPLE",IF(E51="SI","CUMPLE",IF(E52="SI","CUMPLE",IF(E53="SI","CUMPLE",IF(E54="SI","CUMPLE","NO CUMPLE")))))) -> CUMPLE | F55: =IF(F26="","N/A",IF(F50="SI","CUMPLE",IF(F51="SI","CUMPLE",IF(F52="SI","CUMPLE",IF(F53="SI","CUMPLE",IF(F54="SI","CUMPLE","NO CUMPLE")))))) -> CUMPLE | G55: =IF(G26="","N/A",IF(G50="SI","CUMPLE",IF(G51="SI","CUMPLE",IF(G52="SI","CUMPLE",IF(G53="SI","CUMPLE",IF(G54="SI","CUMPLE","NO CUMPLE")))))) -> N/A | H55: =IF(H26="","N/A",IF(H50="SI","CUMPLE",IF(H51="SI","CUMPLE",IF(H52="SI","CUMPLE",IF(H53="SI","CUMPLE",IF(H54="SI","CUMPLE","NO CUMPLE")))))) -> N/A | I55: =IF(I26="","N/A",IF(I50="SI","CUMPLE",IF(I51="SI","CUMPLE",IF(I52="SI","CUMPLE",IF(I53="SI","CUMPLE",IF(I54="SI","CUMPLE","NO CUMPLE")))))) -> N/A | J55: =IF(J26="","N/A",IF(J50="SI","CUMPLE",IF(J51="SI","CUMPLE",IF(J52="SI","CUMPLE",IF(J53="SI","CUMPLE",IF(J54="SI","CUMPLE","NO CUMPLE")))))) -> N/A
B56: Experiencia General: INTERVENTORÍA A PROYECTOS DE: CONSTRUCCIÓN O REHABILITACIÓN O ADECUACIÓN O AMPLIACIÓN O MEJORAMIENTO O MANTENIMIENTO O RECONSTRUCCIÓN O REPAVIMENTACIÓN O PAVIMENTACIÓN O CONSERVACIÓN DE INFRAESTRUCTURA VIAL PARA TRÁFICO VEHICULAR DE VÍAS URBANAS O DE VÍAS PRIMARIAS O SECUNDARIAS Nota 1: No se aceptará experiencia en contratos cuyo objeto o alcance sea exclusivamente en cualquiera de las siguientes actividades de obra a las cuales se realizó la interventoría: componentes de seguridad vial o semaforización o puentes. Nota 2: En todo caso la interventoría a la obra civil en infraestructura vial que se pretenda acreditar como experiencia, debe demostrar las labores de interventoría a la intervención de la estructura del pavimento. | D56: CUMPLE | E56: CUMPLE | F56: CUMPLE | G56: CUMPLE | H56: CUMPLE | I56: CUMPLE | J56: CUMPLE
B57: Experiencia Específica: Por lo menos uno (1) de los contratos válidos aportados como experiencia general donde haya realizado actividades de interventoría para el diagnóstico y/o estudios y diseños, para actividades de conservación de vías. | D57: CUMPLE | E57: CUMPLE | F57: CUMPLE | G57: CUMPLE | H57: CUMPLE | I57: CUMPLE | J57: CUMPLE
B58: En caso de que el Proponente persona natural o jurídica pruebe la calidad de Mipyme y de emprendimiento y empresa de mujeres con domicilio en el territorio nacional de manera conjunta, podrá demostrar la experiencia solicitada con dos (2) contratos adicionales a los cinco (5) inicialmente previstos, para un máximo de siete (7). | D58: CUMPLE | E58: CUMPLE | F58: CUMPLE | G58: CUMPLE | H58: CUMPLE | I58: CUMPLE | J58: CUMPLE
B59: Si el Proponente no diligencie el “Formato 3 – Experiencia”, la Entidad solicitará su subsanación en los términos del numeral 1.6 del Pliego de condiciones. En caso de que el oferente no subsane se tendrán en cuenta para la evaluación los cinco (5) contratos de mayor valor aportados. Con estos, la Entidad verificará la acreditación de los requisitos de experiencia general y específica solicitados para la actividad principal, al igual que los requeridos para la actividad secundaria en atención a las combinaciones de experiencia aplicables y la experiencia exigida respecto de la interventoría a obras, bienes o servicios ajenos a la obra pública de infraestructura de transporte, en caso de que proceda. | D59: CUMPLE | E59: CUMPLE | F59: CUMPLE | G59: CUMPLE | H59: CUMPLE | I59: CUMPLE | J59: CUMPLE
B60: D.Estar relacionados en el “Formato 3 – Experiencia”. Los Proponentes Plurales deben indicar qué integrante aporta cada uno de los contratos señalados en el “Formato 3 – Experiencia”. Este documento debe presentarlo el Proponente Plural y no sus integrantes. | D60: CUMPLE | E60: CUMPLE | F60: CUMPLE | G60: CUMPLE | H60: CUMPLE | I60: CUMPLE | J60: CUMPLE
B61: Para los contratos que sean aportados por personas jurídicas que no cuentan con más de tres (3) años de constituidas y pretendan acreditar la experiencia de sus socios, accionistas o constituyentes, en los términos establecidos en el numeral 2.5 del artículo 2.2.1.1.1.5.2. del Decreto 1082 de 2015, además del Registro Único de Proponentes (RUP), deben adjuntar un documento suscrito por el representante legal y el revisor fiscal o contador público (según corresponda) donde se indique la conformación de la persona jurídica. La Entidad tendrá en cuenta la experiencia de los accionistas, socios o constituyentes de las sociedades con menos de tres (3) años de constituidas. Pasado este tiempo, la sociedad conservará esta experiencia, tal y como haya quedado registrada en el RUP. | D61: CUMPLE | E61: CUMPLE | F61: CUMPLE | G61: CUMPLE | H61: CUMPLE | I61: CUMPLE | J61: CUMPLE
B62: Los contratos acreditados deben haber terminado antes de la fecha de cierre del presente Proceso de Contratación. | D62: CUMPLE | E62: CUMPLE | F62: CUMPLE | G62: CUMPLE | H62: CUMPLE | I62: CUMPLE | J62: CUMPLE
B63: Tratándose de Proponentes Plurales se tendrá en cuenta lo siguiente: i) uno de los integrantes debe aportar como mínimo el cincuenta por ciento (50 %) de la experiencia solicitada; ii) los demás integrantes deben acreditar al menos el cinco por ciento (5 %) de la experiencia solicitada; y iii) sin perjuicio de lo anterior, solo uno (1) de los integrantes, si así lo considera pertinente, podrá no demostrar experiencia. En este último caso, el porcentaje de participación del integrante que no aporta experiencia en la estructura plural no podrá superar el diez por ciento (10 %). En armonía con lo anterior, para cumplir el requisito previsto en este literal no se solicitará la acreditación de longitudes, magnitudes, volúmenes o porcentajes requeridos en la experiencia específica, sino que bastará con acreditar los SMMLV. | D63: CUMPLE | E63: CUMPLE | F63: CUMPLE | G63: CUMPLE | H63: CUMPLE | I63: CUMPLE | J63: CUMPLE
B64: Cuando el contrato que se aporte para la experiencia haya sido ejecutado por un Consorcio o por una Unión Temporal, y dos (2) o más de sus integrantes conformen un Proponente Plural para participar en el presente proceso, dicho contrato se entenderá aportado como un (1) solo contrato y se tendrá en cuenta para el aporte de la experiencia la sumatoria de los porcentajes de los integrantes del Consorcio o de la Unión Temporal que ejecutaron el contrato y que están participando en el Proceso de Contratación, siempre y cuando en el “Formato 3 – Experiencia” se indique qué integrantes y porcentajes de participación se ofrecen como experiencia. | D64: CUMPLE | E64: CUMPLE | F64: CUMPLE | G64: CUMPLE | H64: CUMPLE | I64: CUMPLE | J64: CUMPLE
B65: PARA SUBCONTRATOS Para acreditar la experiencia de subcontratos, cuyo contrato principal fue suscrito con particulares, se aplicarán las disposiciones establecidas en el numeral anterior. Para acreditar la experiencia de contratos derivados de contratos suscritos con Entidades Estatales el Proponente deberá aportar los documentos que se enlistan a continuación: A. Certificación del subcontrato. Certificación expedida con posterioridad a la fecha de terminación del subcontrato, la cual deberá estar suscrita por el representante legal del contratista del contrato principal, del Concesionario, o del EPC o Consorcio Constructor. Así mismo, debe contener la información requerida en el Pliego de Condiciones para efectos de la acreditación de la experiencia. B. Certificación expedida por la Entidad Estatal del contrato principal del cual se derivó el subcontrato. Esta certificación debe contener la información básica del contrato principal y la siguiente: I. Alcance de las actividades de interventoría ejecutadas en el contrato principal II. Información en la cual se evidencie que la figura de la subcontratación es permitida en el marco del contrato principal. En caso de que no requiera autorización para subcontratar, el Proponente podrá aportar con su propuesta alguno de los siguientes documentos que den cuenta de esa circunstancia: i) copia del contrato o ii) certificación emitida por la Entidad, donde acredite que para subcontratar no se requería autorización. | D65: CUMPLE | E65: CUMPLE | F65: CUMPLE | G65: CUMPLE | H65: CUMPLE | I65: CUMPLE | J65: CUMPLE
B66: ACREDITACIÓN DE LA EXPERIENCIA REQUERIDA Los Proponentes acreditarán para cada uno de los contratos aportados la siguiente información, mediante alguno de los documentos señalados en la sección 10.1.5 del Pliego de Condiciones: I. Contratante. II. Objeto del contrato. III. Principales actividades ejecutadas. IV. Las longitudes, volúmenes, dimensiones, tipologías y demás condiciones de experiencia establecidas en la “Matriz 1 – Experiencia a la cual se le realizó la interventoría, si aplica. V. La fecha de iniciación de la ejecución del contrato. VI. La fecha de terminación de la ejecución del contrato. VII. Nombre y cargo de la persona que expide la certificación. VIII.El porcentaje de participación del integrante del Contratista plural, el cual corresponderá con el consignado en el Registro Único de Proponentes (RUP), o en alguno de los documentos válidos para la acreditación de experiencia en caso de que el integrante no esté obligado a tener RUP. . IX.Valor total ejecutado. Tratándose de personas obligadas a tener Registro Único de Proponentes (RUP) el valor ejecutado o facturado se tomará del valor registrado en el RUP. | D66: CUMPLE | E66: CUMPLE | F66: CUMPLE | G66: CUMPLE | H66: CUMPLE | I66: CUMPLE | J66: CUMPLE
B67: CONCEPTO POR CONTRATO | D67: =IF(D26="","N/A",IF(AND(D49="CUMPLE",D55="CUMPLE",OR(D56="CUMPLE",D56="N/A"),OR(D59="CUMPLE",D59="N/A"),D62="CUMPLE",D63="CUMPLE",OR(D64="CUMPLE",D64="N/A"),D65="CUMPLE",OR(D66="CUMPLE",D66="N/A")),"CUMPLE","NO CUMPLE")) -> CUMPLE | E67: =IF(E26="","N/A",IF(AND(E49="CUMPLE",E55="CUMPLE",OR(E56="CUMPLE",E56="N/A"),OR(E59="CUMPLE",E59="N/A"),E62="CUMPLE",E63="CUMPLE",OR(E64="CUMPLE",E64="N/A"),E65="CUMPLE",OR(E66="CUMPLE",E66="N/A")),"CUMPLE","NO CUMPLE")) -> CUMPLE | F67: =IF(F26="","N/A",IF(AND(F49="CUMPLE",F55="CUMPLE",OR(F56="CUMPLE",F56="N/A"),OR(F59="CUMPLE",F59="N/A"),F62="CUMPLE",F63="CUMPLE",OR(F64="CUMPLE",F64="N/A"),F65="CUMPLE",OR(F66="CUMPLE",F66="N/A")),"CUMPLE","NO CUMPLE")) -> CUMPLE | G67: =IF(G26="","N/A",IF(AND(G49="CUMPLE",G55="CUMPLE",OR(G56="CUMPLE",G56="N/A"),OR(G59="CUMPLE",G59="N/A"),G62="CUMPLE",G63="CUMPLE",OR(G64="CUMPLE",G64="N/A"),G65="CUMPLE",OR(G66="CUMPLE",G66="N/A")),"CUMPLE","NO CUMPLE")) -> N/A | H67: =IF(H26="","N/A",IF(AND(H49="CUMPLE",H55="CUMPLE",OR(H56="CUMPLE",H56="N/A"),OR(H59="CUMPLE",H59="N/A"),H62="CUMPLE",H63="CUMPLE",OR(H64="CUMPLE",H64="N/A"),H65="CUMPLE",OR(H66="CUMPLE",H66="N/A")),"CUMPLE","NO CUMPLE")) -> N/A | I67: =IF(I26="","N/A",IF(AND(I49="CUMPLE",I55="CUMPLE",OR(I56="CUMPLE",I56="N/A"),OR(I59="CUMPLE",I59="N/A"),I62="CUMPLE",I63="CUMPLE",OR(I64="CUMPLE",I64="N/A"),I65="CUMPLE",OR(I66="CUMPLE",I66="N/A")),"CUMPLE","NO CUMPLE")) -> N/A | J67: =IF(J26="","N/A",IF(AND(J49="CUMPLE",J55="CUMPLE",OR(J56="CUMPLE",J56="N/A"),OR(J59="CUMPLE",J59="N/A"),J62="CUMPLE",J63="CUMPLE",OR(J64="CUMPLE",J64="N/A"),J65="CUMPLE",OR(J66="CUMPLE",J66="N/A")),"CUMPLE","NO CUMPLE")) -> N/A
B69: DOCUMENTACIÓN PERSONAL
B70: REQUISITO | D70: CONCEPTO | E70: OBSERVACIONES
B71: 3.8.2 EXIGENCIAS MÍNIMAS DE EXPERIENCIA Y FORMACIÓN ACADÉMICA DEL EQUIPO DE TRABAJO (Personal Clave Evaluable) Durante el desarrollo del Proceso de Contratación NO se evaluarán los soportes de los perfiles requeridos, por lo que no serán exigidos como parte de los documentos que conformen la propuesta. En tal sentido, para habilitarse en el Proceso de Contratación, el Proponente deberá cumplir las siguientes reglas: I. Aportar y diligenciar en forma clara, completa, correcta y legible el “Formato 8 - Aceptación y cumplimiento de la formación académica y la experiencia del personal clave evaluable”, de acuerdo con los requisitos y condiciones que allí se indican y demás señaladas en el Pliego de Condiciones y sus documentos anexos. II. El “Formato 8 – Aceptación y cumplimiento de la formación académica y la experiencia del personal clave evaluable” debe suscribirlo el Proponente persona natural, representante legal de la persona jurídica o representante del Proponente Plural. Director de Interventoría Residente de interventoría Especialista en Pavimentos y Geotecnia | D71: CUMPLE
B72: CONCEPTO DOCUMENTACION PERSONAL | D72: =IF(D71="CUMPLE","CUMPLE","NO CUMPLE") -> CUMPLE

Sheet K RESIDUAL DOCUMENTOS
A2: FONDO DE DESARROLLO LOCAL DE KENNEDY
A4: ='DATOS INICIALES'!G4 -> FDLUSA-CMA-003-2025
A6: Ciudad | C6: BOGOTÁ D.C | D6: Fecha de Evaluación | G6: 44498
A7: DATOS GENERALES
A8: OBJETO DE LA CONVOCATORIA | C8: ='DATOS INICIALES'!D2 -> "INTERVENTORÍA TÉCNICA, ADMINISTRATIVA, FINANCIERA, JURÍDICA, AMBIENTAL Y SOCIAL AL CONTRATO DE OBRA PÚBLICA RESULTANTE DEL PROCESO DE LICITACIÓN PÚBLICA CUYO OBJETO ES: CONTRATAR POR EL SISTEMA DE PRECIOS UNITARIOS Y A MONTO AGOTABLE LA INTERVENCIÓN DE LOS ELEMENTOS DE LA MALLA VIAL LOCAL E INTERMEDIA Y/O ESPACIO PÚBLICO DE LA LOCALIDAD DE USAQUÉN EN BOGOTÁ CON OBRAS Y ACTIVIDADES DE CONSERVACIÓN"
A9: VALOR DEL PROCESO EN PESOS | C9: =+'DATOS INICIALES'!C6 -> 0 | F9: PLAZO DEL CONTRATO (MESES) | G9: 4
A10: VALOR DEL PROCESO EN SMMLV | C10: =C9/'DATOS INICIALES'!B50 -> 0 | F10: ANTICIPO | G10: 0
A12: No. | B12: PROPONENTE | C12: INTEGRANTE | D12: % | E12: RUP VIGENTE Y EN FIRME | F12: BALANCE GENERAL Y CERTIFICACION DE ESTADOS FINANCIEROS | G12: ESTADO DE RESULTADOS | H12: INFORME DE AUDITORIA | I12: TARJETA PROFESIONAL Y CERTIFICADO DE ANTECEDENTES DEL CONTADOR, REVISOR FISCAL Y AUDITOR | J12: FORMATO 4 - CAPACIDAD FINANCIERA Y ORGANIZACIONAL PARA EXTRANJEROS | K12: FORMATO 5 - CAPACIDAD RESIDUAL EN EL SEGMENTO 72 | L12: FORMATO 5 - CAPACIDAD TECNICA | M12: FORMATO 5 - SALDO DE CONTRATOS EN EJECUCIÓN | N12: K RESIDUAL DOCUMENTOS | O12: K RESIDUAL ACREDITADO | P12: K RESIDUAL REQUERIDO | Q12: CONCEPTO FINAL K RESIDUAL | R12: OBSERVACIONES
A13: 1 | B13: =+PROPONENTES!B10 -> GRUPO METRO COLOMBIA SAS | C13: =IF(VLOOKUP(B13,PROPONENTES!$B$10:$N$16,2,FALSE)="","",VLOOKUP(B13,PROPONENTES!$B$10:$N$16,2,FALSE)) -> GRUPO METRO COLOMBIA SAS | D13: =VLOOKUP(B13,PROPONENTES!$B$10:$N$16,3,FALSE) -> 1 | E13: CUMPLE | F13: NO CUMPLE | G13: CUMPLE | H13: CUMPLE | I13: CUMPLE | J13: N/A | K13: CUMPLE | L13: CUMPLE | M13: CUMPLE | N13: =IF(C13="","N/A",IF(AND(OR(E13="CUMPLE",E13="N/A"),OR(F13="CUMPLE",F13="N/A"),OR(G13="CUMPLE",G13="N/A"),OR(H13="CUMPLE",H13="N/A"),OR(I13="CUMPLE",I13="N/A"),OR(J13="CUMPLE",J13="N/A"),OR(K13="CUMPLE",K13="N/A"),OR(L13="CUMPLE",L13="N/A"),OR(M13="CUMPLE",M13="N/A")),"CUMPLE","NO CUMPLE")) -> NO CUMPLE | O13: =+'K RESIDUAL CALCULO'!N13 -> #DIV/0! | P13: =IF($G$9<=12,$C$9-$G$10*$C$9,(($C$9-$G$10)/$G$9)*12) -> 0 | Q13: =IF(AND(O13>=P13,OR(N13="CUMPLE",N13="N/A"),OR(N14="CUMPLE",N14="N/A"),OR(N15="CUMPLE",N15="N/A"),OR(N16="CUMPLE",N16="N/A")*OR(N17="CUMPLE",N17="N/A")),"CUMPLE","NO CUMPLE") -> #DIV/0!
C14: =IF(VLOOKUP(B13,PROPONENTES!$B$10:$N$16,4,FALSE)="","",VLOOKUP(B13,PROPONENTES!$B$10:$N$16,4,FALSE)) | D14: =VLOOKUP(B13,PROPONENTES!$B$10:$N$16,5,FALSE) -> 0 | E14: CUMPLE | F14: NO CUMPLE | G14: CUMPLE | H14: CUMPLE | I14: CUMPLE | J14: N/A | K14: CUMPLE | L14: CUMPLE | M14: CUMPLE | N14: =IF(C14="","N/A",IF(AND(OR(E14="CUMPLE",E14="N/A"),OR(F14="CUMPLE",F14="N/A"),OR(G14="CUMPLE",G14="N/A"),OR(H14="CUMPLE",H14="N/A"),OR(I14="CUMPLE",I14="N/A"),OR(J14="CUMPLE",J14="N/A"),OR(K14="CUMPLE",K14="N/A"),OR(L14="CUMPLE",L14="N/A"),OR(M14="CUMPLE",M14="N/A")),"CUMPLE","NO CUMPLE")) -> N/A
C15: =IF(VLOOKUP(B13,PROPONENTES!$B$10:$N$16,6,FALSE)="","",VLOOKUP(B13,PROPONENTES!$B$10:$N$16,6,FALSE)) | D15: =VLOOKUP(B13,PROPONENTES!$B$10:$N$16,7,FALSE) -> 0 | N15: =IF(C15="","N/A",IF(AND(OR(E15="CUMPLE",E15="N/A"),OR(F15="CUMPLE",F15="N/A"),OR(G15="CUMPLE",G15="N/A"),OR(H15="CUMPLE",H15="N/A"),OR(I15="CUMPLE",I15="N/A"),OR(J15="CUMPLE",J15="N/A"),OR(K15="CUMPLE",K15="N/A"),OR(L15="CUMPLE",L15="N/A"),OR(M15="CUMPLE",M15="N/A")),"CUMPLE","NO CUMPLE")) -> N/A
C16: =IF(VLOOKUP(B13,PROPONENTES!$B$10:$N$16,8,FALSE)="","",VLOOKUP(B13,PROPONENTES!$B$10:$N$16,8,FALSE)) | D16: =VLOOKUP(B13,PROPONENTES!$B$10:$N$16,9,FALSE) -> 0 | N16: =IF(C16="","N/A",IF(AND(OR(E16="CUMPLE",E16="N/A"),OR(F16="CUMPLE",F16="N/A"),OR(G16="CUMPLE",G16="N/A"),OR(H16="CUMPLE",H16="N/A"),OR(I16="CUMPLE",I16="N/A"),OR(J16="CUMPLE",J16="N/A"),OR(K16="CUMPLE",K16="N/A"),OR(L16="CUMPLE",L16="N/A"),OR(M16="CUMPLE",M16="N/A")),"CUMPLE","NO CUMPLE")) -> N/A
C17: =IF(VLOOKUP(B13,PROPONENTES!$B$10:$N$16,8,FALSE)="","",VLOOKUP(B13,PROPONENTES!$B$10:$N$16,10,FALSE)) | D17: =VLOOKUP(B13,PROPONENTES!$B$10:$N$16,11,FALSE) -> 0 | N17: =IF(C17="","N/A",IF(AND(OR(E17="CUMPLE",E17="N/A"),OR(F17="CUMPLE",F17="N/A"),OR(G17="CUMPLE",G17="N/A"),OR(H17="CUMPLE",H17="N/A"),OR(I17="CUMPLE",I17="N/A"),OR(J17="CUMPLE",J17="N/A"),OR(K17="CUMPLE",K17="N/A"),OR(L17="CUMPLE",L17="N/A"),OR(M17="CUMPLE",M17="N/A")),"CUMPLE","NO CUMPLE")) -> N/A
A18: 2 | B18: =+PROPONENTES!B11 -> CONSORCIO INTERVIAS USAQUEN AI | C18: =IF(VLOOKUP(B18,PROPONENTES!$B$10:$N$16,2,FALSE)="","",VLOOKUP(B18,PROPONENTES!$B$10:$N$16,2,FALSE)) -> AIRTIFICIAL CW INFRASTRUCTURES COLOMBIA S.A.S. | D18: =VLOOKUP(B18,PROPONENTES!$B$10:$N$16,3,FALSE) -> 0.7 | E18: CUMPLE | F18: N/A | G18: NO CUMPLE | H18: NO CUMPLE | I18: NO CUMPLE | J18: N/A | K18: CUMPLE | L18: CUMPLE | M18: NO CUMPLE | N18: =IF(C18="","N/A",IF(AND(OR(E18="CUMPLE",E18="N/A"),OR(F18="CUMPLE",F18="N/A"),OR(G18="CUMPLE",G18="N/A"),OR(H18="CUMPLE",H18="N/A"),OR(I18="CUMPLE",I18="N/A"),OR(J18="CUMPLE",J18="N/A"),OR(K18="CUMPLE",K18="N/A"),OR(L18="CUMPLE",L18="N/A"),OR(M18="CUMPLE",M18="N/A")),"CUMPLE","NO CUMPLE")) -> NO CUMPLE | O18: =+'K RESIDUAL CALCULO'!N18 -> #DIV/0! | P18: =IF($G$9<=12,$C$9-$G$10*$C$9,(($C$9-$G$10)/$G$9)*12) -> 0 | Q18: =IF(AND(O18>=P18,OR(N18="CUMPLE",N18="N/A"),OR(N19="CUMPLE",N19="N/A"),OR(N20="CUMPLE",N20="N/A"),OR(N21="CUMPLE",N21="N/A")*OR(N22="CUMPLE",N22="N/A")),"CUMPLE","NO CUMPLE") -> #DIV/0! | R18: - El estado de resultados aportado no cuenta con la firma del revisor fiscal según lo solicitado en el pliego de condiciones en el numeral 3.10.2 CALCULO DE LA CAPACIDAD RESIDUAL DEL PROPONENTE (CRP), literal A. CAPACIDAD DE ORGANIZACIÓN, subliteral i. Estado de resultados integral (estado de resultado o pérdida o ganancias), del año en que hayan obtenido el mayor ingreso operacional en los últimos cinco (5) años, debidamente firmado por el representante legal, contador y revisor fiscal y/o contador independiente (externo), si están obligados a tenerlos -- Se debe aportar el informe del revisor fiscal - Se deben aportar los documentos del revisor fiscal (TP y certificado de antecedentes) - Debe corregir el Formato 5 - Saldo de contratos en ejecución, toda vez que la fecha de cierre reportada en el formato no coincide con la fecha del cierre del proceso de selección.
C19: =IF(VLOOKUP(B18,PROPONENTES!$B$10:$N$16,4,FALSE)="","",VLOOKUP(B18,PROPONENTES!$B$10:$N$16,4,FALSE)) -> INNOBRAS LTDA | D19: =VLOOKUP(B18,PROPONENTES!$B$10:$N$16,5,FALSE) -> 0.3 | N19: =IF(C19="","N/A",IF(AND(OR(E19="CUMPLE",E19="N/A"),OR(F19="CUMPLE",F19="N/A"),OR(G19="CUMPLE",G19="N/A"),OR(H19="CUMPLE",H19="N/A"),OR(I19="CUMPLE",I19="N/A"),OR(J19="CUMPLE",J19="N/A"),OR(K19="CUMPLE",K19="N/A"),OR(L19="CUMPLE",L19="N/A"),OR(M19="CUMPLE",M19="N/A")),"CUMPLE","NO CUMPLE")) -> NO CUMPLE
C20: =IF(VLOOKUP(B18,PROPONENTES!$B$10:$N$16,6,FALSE)="","",VLOOKUP(B18,PROPONENTES!$B$10:$N$16,6,FALSE)) | D20: =VLOOKUP(B18,PROPONENTES!$B$10:$N$16,7,FALSE) -> 0 | N20: =IF(C20="","N/A",IF(AND(OR(E20="CUMPLE",E20="N/A"),OR(F20="CUMPLE",F20="N/A"),OR(G20="CUMPLE",G20="N/A"),OR(H20="CUMPLE",H20="N/A"),OR(I20="CUMPLE",I20="N/A"),OR(J20="CUMPLE",J20="N/A"),OR(K20="CUMPLE",K20="N/A"),OR(L20="CUMPLE",L20="N/A"),OR(M20="CUMPLE",M20="N/A")),"CUMPLE","NO CUMPLE")) -> N/A
C21: =IF(VLOOKUP(B18,PROPONENTES!$B$10:$N$16,8,FALSE)="","",VLOOKUP(B18,PROPONENTES!$B$10:$N$16,8,FALSE)) | D21: =VLOOKUP(B18,PROPONENTES!$B$10:$N$16,9,FALSE) -> 0 | N21: =IF(C21="","N/A",IF(AND(OR(E21="CUMPLE",E21="N/A"),OR(F21="CUMPLE",F21="N/A"),OR(G21="CUMPLE",G21="N/A"),OR(H21="CUMPLE",H21="N/A"),OR(I21="CUMPLE",I21="N/A"),OR(J21="CUMPLE",J21="N/A"),OR(K21="CUMPLE",K21="N/A"),OR(L21="CUMPLE",L21="N/A"),OR(M21="CUMPLE",M21="N/A")),"CUMPLE","NO CUMPLE")) -> N/A
C22: =IF(VLOOKUP(B18,PROPONENTES!$B$10:$N$16,8,FALSE)="","",VLOOKUP(B18,PROPONENTES!$B$10:$N$16,10,FALSE)) | D22: =VLOOKUP(B18,PROPONENTES!$B$10:$N$16,11,FALSE) -> 0 | N22: =IF(C22="","N/A",IF(AND(OR(E22="CUMPLE",E22="N/A"),OR(F22="CUMPLE",F22="N/A"),OR(G22="CUMPLE",G22="N/A"),OR(H22="CUMPLE",H22="N/A"),OR(I22="CUMPLE",I22="N/A"),OR(J22="CUMPLE",J22="N/A"),OR(K22="CUMPLE",K22="N/A"),OR(L22="CUMPLE",L22="N/A"),OR(M22="CUMPLE",M22="N/A")),"CUMPLE","NO CUMPLE")) -> N/A
A23: 3 | B23: =+PROPONENTES!B12 -> CONSORCIO PROYECTA VIAL | C23: =IF(VLOOKUP(B23,PROPONENTES!$B$10:$N$16,2,FALSE)="","",VLOOKUP(B23,PROPONENTES!$B$10:$N$16,2,FALSE)) -> GRUPO POSSO S.A.S. | D23: =VLOOKUP(B23,PROPONENTES!$B$10:$N$16,3,FALSE) -> 0.9 | E23: CUMPLE | F23: N/A | G23: NO CUMPLE | H23: NO CUMPLE | I23: NO CUMPLE | J23: N/A | K23: CUMPLE | L23: CUMPLE | M23: CUMPLE | N23: =IF(C23="","N/A",IF(AND(OR(E23="CUMPLE",E23="N/A"),OR(F23="CUMPLE",F23="N/A"),OR(G23="CUMPLE",G23="N/A"),OR(H23="CUMPLE",H23="N/A"),OR(I23="CUMPLE",I23="N/A"),OR(J23="CUMPLE",J23="N/A"),OR(K23="CUMPLE",K23="N/A"),OR(L23="CUMPLE",L23="N/A"),OR(M23="CUMPLE",M23="N/A")),"CUMPLE","NO CUMPLE")) -> NO CUMPLE | O23: =+'K RESIDUAL CALCULO'!N23 -> #DIV/0! | P23: =IF($G$9<=12,$C$9-$G$10*$C$9,(($C$9-$G$10)/$G$9)*12) -> 0 | Q23: =IF(AND(O23>=P23,OR(N23="CUMPLE",N23="N/A"),OR(N24="CUMPLE",N24="N/A"),OR(N25="CUMPLE",N25="N/A"),OR(N26="CUMPLE",N26="N/A")*OR(N27="CUMPLE",N27="N/A")),"CUMPLE","NO CUMPLE") -> #DIV/0! | R23: - El estado de resultados aportado no cuenta con la firma del revisor fiscal según lo solicitado en el pliego de condiciones en el numeral 3.10.2 CALCULO DE LA CAPACIDAD RESIDUAL DEL PROPONENTE (CRP), literal A. CAPACIDAD DE ORGANIZACIÓN, subliteral i. Estado de resultados integral (estado de resultado o pérdida o ganancias), del año en que hayan obtenido el mayor ingreso operacional en los últimos cinco (5) años, debidamente firmado por el representante legal, contador y revisor fiscal y/o contador independiente (externo), si están obligados a tenerlos -- Se debe aportar el informe del revisor fiscal - Se deben aportar los documentos del revisor fiscal (TP y certificado de antecedentes)
C24: =IF(VLOOKUP(B23,PROPONENTES!$B$10:$N$16,4,FALSE)="","",VLOOKUP(B23,PROPONENTES!$B$10:$N$16,4,FALSE)) -> INGENIERÍA MONCADA GONZÁLEZ Y ASOCIADOS S.A.S. | D24: =VLOOKUP(B23,PROPONENTES!$B$10:$N$16,5,FALSE) -> 0.1 | N24: =IF(C24="","N/A",IF(AND(OR(E24="CUMPLE",E24="N/A"),OR(F24="CUMPLE",F24="N/A"),OR(G24="CUMPLE",G24="N/A"),OR(H24="CUMPLE",H24="N/A"),OR(I24="CUMPLE",I24="N/A"),OR(J24="CUMPLE",J24="N/A"),OR(K24="CUMPLE",K24="N/A"),OR(L24="CUMPLE",L24="N/A"),OR(M24="CUMPLE",M24="N/A")),"CUMPLE","NO CUMPLE")) -> NO CUMPLE
C25: =IF(VLOOKUP(B23,PROPONENTES!$B$10:$N$16,6,FALSE)="","",VLOOKUP(B23,PROPONENTES!$B$10:$N$16,6,FALSE)) | D25: =VLOOKUP(B23,PROPONENTES!$B$10:$N$16,7,FALSE) -> 0 | N25: =IF(C25="","N/A",IF(AND(OR(E25="CUMPLE",E25="N/A"),OR(F25="CUMPLE",F25="N/A"),OR(G25="CUMPLE",G25="N/A"),OR(H25="CUMPLE",H25="N/A"),OR(I25="CUMPLE",I25="N/A"),OR(J25="CUMPLE",J25="N/A"),OR(K25="CUMPLE",K25="N/A"),OR(L25="CUMPLE",L25="N/A"),OR(M25="CUMPLE",M25="N/A")),"CUMPLE","NO CUMPLE")) -> N/A
C26: =IF(VLOOKUP(B23,PROPONENTES!$B$10:$N$16,8,FALSE)="","",VLOOKUP(B23,PROPONENTES!$B$10:$N$16,8,FALSE)) | D26: =VLOOKUP(B23,PROPONENTES!$B$10:$N$16,9,FALSE) -> 0 | N26: =IF(C26="","N/A",IF(AND(OR(E26="CUMPLE",E26="N/A"),OR(F26="CUMPLE",F26="N/A"),OR(G26="CUMPLE",G26="N/A"),OR(H26="CUMPLE",H26="N/A"),OR(I26="CUMPLE",I26="N/A"),OR(J26="CUMPLE",J26="N/A"),OR(K26="CUMPLE",K26="N/A"),OR(L26="CUMPLE",L26="N/A"),OR(M26="CUMPLE",M26="N/A")),"CUMPLE","NO CUMPLE")) -> N/A
C27: =IF(VLOOKUP(B23,PROPONENTES!$B$10:$N$16,8,FALSE)="","",VLOOKUP(B23,PROPONENTES!$B$10:$N$16,10,FALSE)) | D27: =VLOOKUP(B23,PROPONENTES!$B$10:$N$16,11,FALSE) -> 0 | N27: =IF(C27="","N/A",IF(AND(OR(E27="CUMPLE",E27="N/A"),OR(F27="CUMPLE",F27="N/A"),OR(G27="CUMPLE",G27="N/A"),OR(H27="CUMPLE",H27="N/A"),OR(I27="CUMPLE",I27="N/A"),OR(J27="CUMPLE",J27="N/A"),OR(K27="CUMPLE",K27="N/A"),OR(L27="CUMPLE",L27="N/A"),OR(M27="CUMPLE",M27="N/A")),"CUMPLE","NO CUMPLE")) -> N/A
A28: 4 | B28: =+PROPONENTES!B13 -> PROYECTOS E INTERVENTORIAS S.A.S. | C28: =IF(VLOOKUP(B28,PROPONENTES!$B$10:$N$16,2,FALSE)="","",VLOOKUP(B28,PROPONENTES!$B$10:$N$16,2,FALSE)) -> PROYECTOS E INTERVENTORIAS S.A.S. | D28: =VLOOKUP(B28,PROPONENTES!$B$10:$N$16,3,FALSE) -> 1 | E28: CUMPLE | F28: CUMPLE | G28: CUMPLE | H28: CUMPLE | I28: CUMPLE | J28: N/A | K28: CUMPLE | L28: CUMPLE | M28: CUMPLE | N28: =IF(C28="","N/A",IF(AND(OR(E28="CUMPLE",E28="N/A"),OR(F28="CUMPLE",F28="N/A"),OR(G28="CUMPLE",G28="N/A"),OR(H28="CUMPLE",H28="N/A"),OR(I28="CUMPLE",I28="N/A"),OR(J28="CUMPLE",J28="N/A"),OR(K28="CUMPLE",K28="N/A"),OR(L28="CUMPLE",L28="N/A"),OR(M28="CUMPLE",M28="N/A")),"CUMPLE","NO CUMPLE")) -> CUMPLE | O28: =+'K RESIDUAL CALCULO'!N28 -> #DIV/0! | P28: =IF($G$9<=12,$C$9-$G$10*$C$9,(($C$9-$G$10)/$G$9)*12) -> 0 | Q28: =IF(AND(O28>=P28,OR(N28="CUMPLE",N28="N/A"),OR(N29="CUMPLE",N29="N/A"),OR(N30="CUMPLE",N30="N/A"),OR(N31="CUMPLE",N31="N/A")*OR(N32="CUMPLE",N32="N/A")),"CUMPLE","NO CUMPLE") -> #DIV/0! | R28: El CIVIL CONSTRUCTOR SAS, no presenta el informe de auditoria correspondiente.
C29: =IF(VLOOKUP(B28,PROPONENTES!$B$10:$N$16,4,FALSE)="","",VLOOKUP(B28,PROPONENTES!$B$10:$N$16,4,FALSE)) | D29: =VLOOKUP(B28,PROPONENTES!$B$10:$N$16,5,FALSE) -> 0 | E29: CUMPLE | F29: CUMPLE | G29: CUMPLE | H29: NO CUMPLE | I29: CUMPLE | J29: N/A | K29: CUMPLE | L29: CUMPLE | M29: CUMPLE | N29: =IF(C29="","N/A",IF(AND(OR(E29="CUMPLE",E29="N/A"),OR(F29="CUMPLE",F29="N/A"),OR(G29="CUMPLE",G29="N/A"),OR(H29="CUMPLE",H29="N/A"),OR(I29="CUMPLE",I29="N/A"),OR(J29="CUMPLE",J29="N/A"),OR(K29="CUMPLE",K29="N/A"),OR(L29="CUMPLE",L29="N/A"),OR(M29="CUMPLE",M29="N/A")),"CUMPLE","NO CUMPLE")) -> N/A
C30: =IF(VLOOKUP(B28,PROPONENTES!$B$10:$N$16,6,FALSE)="","",VLOOKUP(B28,PROPONENTES!$B$10:$N$16,6,FALSE)) | D30: =VLOOKUP(B28,PROPONENTES!$B$10:$N$16,7,FALSE) -> 0 | N30: =IF(C30="","N/A",IF(AND(OR(E30="CUMPLE",E30="N/A"),OR(F30="CUMPLE",F30="N/A"),OR(G30="CUMPLE",G30="N/A"),OR(H30="CUMPLE",H30="N/A"),OR(I30="CUMPLE",I30="N/A"),OR(J30="CUMPLE",J30="N/A"),OR(K30="CUMPLE",K30="N/A"),OR(L30="CUMPLE",L30="N/A"),OR(M30="CUMPLE",M30="N/A")),"CUMPLE","NO CUMPLE")) -> N/A
C31: =IF(VLOOKUP(B28,PROPONENTES!$B$10:$N$16,8,FALSE)="","",VLOOKUP(B28,PROPONENTES!$B$10:$N$16,8,FALSE)) | D31: =VLOOKUP(B28,PROPONENTES!$B$10:$N$16,9,FALSE) -> 0 | N31: =IF(C31="","N/A",IF(AND(OR(E31="CUMPLE",E31="N/A"),OR(F31="CUMPLE",F31="N/A"),OR(G31="CUMPLE",G31="N/A"),OR(H31="CUMPLE",H31="N/A"),OR(I31="CUMPLE",I31="N/A"),OR(J31="CUMPLE",J31="N/A"),OR(K31="CUMPLE",K31="N/A"),OR(L31="CUMPLE",L31="N/A"),OR(M31="CUMPLE",M31="N/A")),"CUMPLE","NO CUMPLE")) -> N/A
C32: =IF(VLOOKUP(B28,PROPONENTES!$B$10:$N$16,8,FALSE)="","",VLOOKUP(B28,PROPONENTES!$B$10:$N$16,10,FALSE)) | D32: =VLOOKUP(B28,PROPONENTES!$B$10:$N$16,11,FALSE) -> 0 | N32: =IF(C32="","N/A",IF(AND(OR(E32="CUMPLE",E32="N/A"),OR(F32="CUMPLE",F32="N/A"),OR(G32="CUMPLE",G32="N/A"),OR(H32="CUMPLE",H32="N/A"),OR(I32="CUMPLE",I32="N/A"),OR(J32="CUMPLE",J32="N/A"),OR(K32="CUMPLE",K32="N/A"),OR(L32="CUMPLE",L32="N/A"),OR(M32="CUMPLE",M32="N/A")),"CUMPLE","NO CUMPLE")) -> N/A
A33: 5 | B33: =+PROPONENTES!B14 -> CONSORCIO GAB VIAL USAQUEN 2025 | C33: =IF(VLOOKUP(B33,PROPONENTES!$B$10:$N$16,2,FALSE)="","",VLOOKUP(B33,PROPONENTES!$B$10:$N$16,2,FALSE)) -> GAB INGENIERIA SAS | D33: =VLOOKUP(B33,PROPONENTES!$B$10:$N$16,3,FALSE) -> 0.5 | E33: CUMPLE | F33: NO CUMPLE | G33: NO CUMPLE | H33: NO CUMPLE | I33: NO CUMPLE | J33: N/A | K33: NO CUMPLE | L33: NO CUMPLE | M33: NO CUMPLE | N33: =IF(C33="","N/A",IF(AND(OR(E33="CUMPLE",E33="N/A"),OR(F33="CUMPLE",F33="N/A"),OR(G33="CUMPLE",G33="N/A"),OR(H33="CUMPLE",H33="N/A"),OR(I33="CUMPLE",I33="N/A"),OR(J33="CUMPLE",J33="N/A"),OR(K33="CUMPLE",K33="N/A"),OR(L33="CUMPLE",L33="N/A"),OR(M33="CUMPLE",M33="N/A")),"CUMPLE","NO CUMPLE")) -> NO CUMPLE | O33: =+'K RESIDUAL CALCULO'!N33 -> #DIV/0! | P33: =IF($G$9<=12,$C$9-$G$10*$C$9,(($C$9-$G$10)/$G$9)*12) -> 0 | Q33: =IF(AND(O33>=P33,OR(N33="CUMPLE",N33="N/A"),OR(N34="CUMPLE",N34="N/A"),OR(N35="CUMPLE",N35="N/A"),OR(N36="CUMPLE",N36="N/A")*OR(N37="CUMPLE",N37="N/A")),"CUMPLE","NO CUMPLE") -> #DIV/0! | R33: Los integrantes del proponenete no presentan los formatos 5, ni los documentos solicitados en el numeral 3,10, motivo por el cual es imposible calcular el K residual.
C34: =IF(VLOOKUP(B33,PROPONENTES!$B$10:$N$16,4,FALSE)="","",VLOOKUP(B33,PROPONENTES!$B$10:$N$16,4,FALSE)) -> BIA INGENIERIA SAS | D34: =VLOOKUP(B33,PROPONENTES!$B$10:$N$16,5,FALSE) -> 0.5 | E34: CUMPLE | F34: NO CUMPLE | G34: NO CUMPLE | H34: NO CUMPLE | I34: NO CUMPLE | J34: N/A | K34: NO CUMPLE | L34: NO CUMPLE | M34: CUMPLE | N34: =IF(C34="","N/A",IF(AND(OR(E34="CUMPLE",E34="N/A"),OR(F34="CUMPLE",F34="N/A"),OR(G34="CUMPLE",G34="N/A"),OR(H34="CUMPLE",H34="N/A"),OR(I34="CUMPLE",I34="N/A"),OR(J34="CUMPLE",J34="N/A"),OR(K34="CUMPLE",K34="N/A"),OR(L34="CUMPLE",L34="N/A"),OR(M34="CUMPLE",M34="N/A")),"CUMPLE","NO CUMPLE")) -> NO CUMPLE
C35: =IF(VLOOKUP(B33,PROPONENTES!$B$10:$N$16,6,FALSE)="","",VLOOKUP(B33,PROPONENTES!$B$10:$N$16,6,FALSE)) | D35: =VLOOKUP(B33,PROPONENTES!$B$10:$N$16,7,FALSE) -> 0 | N35: =IF(C35="","N/A",IF(AND(OR(E35="CUMPLE",E35="N/A"),OR(F35="CUMPLE",F35="N/A"),OR(G35="CUMPLE",G35="N/A"),OR(H35="CUMPLE",H35="N/A"),OR(I35="CUMPLE",I35="N/A"),OR(J35="CUMPLE",J35="N/A"),OR(K35="CUMPLE",K35="N/A"),OR(L35="CUMPLE",L35="N/A"),OR(M35="CUMPLE",M35="N/A")),"CUMPLE","NO CUMPLE")) -> N/A
C36: =IF(VLOOKUP(B33,PROPONENTES!$B$10:$N$16,8,FALSE)="","",VLOOKUP(B33,PROPONENTES!$B$10:$N$16,8,FALSE)) | D36: =VLOOKUP(B33,PROPONENTES!$B$10:$N$16,9,FALSE) -> 0 | N36: =IF(C36="","N/A",IF(AND(OR(E36="CUMPLE",E36="N/A"),OR(F36="CUMPLE",F36="N/A"),OR(G36="CUMPLE",G36="N/A"),OR(H36="CUMPLE",H36="N/A"),OR(I36="CUMPLE",I36="N/A"),OR(J36="CUMPLE",J36="N/A"),OR(K36="CUMPLE",K36="N/A"),OR(L36="CUMPLE",L36="N/A"),OR(M36="CUMPLE",M36="N/A")),"CUMPLE","NO CUMPLE")) -> N/A
C37: =IF(VLOOKUP(B33,PROPONENTES!$B$10:$N$16,8,FALSE)="","",VLOOKUP(B33,PROPONENTES!$B$10:$N$16,10,FALSE)) | D37: =VLOOKUP(B33,PROPONENTES!$B$10:$N$16,11,FALSE) -> 0 | N37: =IF(C37="","N/A",IF(AND(OR(E37="CUMPLE",E37="N/A"),OR(F37="CUMPLE",F37="N/A"),OR(G37="CUMPLE",G37="N/A"),OR(H37="CUMPLE",H37="N/A"),OR(I37="CUMPLE",I37="N/A"),OR(J37="CUMPLE",J37="N/A"),OR(K37="CUMPLE",K37="N/A"),OR(L37="CUMPLE",L37="N/A"),OR(M37="CUMPLE",M37="N/A")),"CUMPLE","NO CUMPLE")) -> N/A
A38: 6 | B38: =+PROPONENTES!B15 -> CONSORCIO INTER TS 03 | C38: =IF(VLOOKUP(B38,PROPONENTES!$B$10:$N$16,2,FALSE)="","",VLOOKUP(B38,PROPONENTES!$B$10:$N$16,2,FALSE)) -> TOTALL INC SAS BIC | D38: =VLOOKUP(B38,PROPONENTES!$B$10:$N$16,3,FALSE) -> 0.5 | E38: CUMPLE | F38: CUMPLE | G38: CUMPLE | H38: CUMPLE | I38: NO CUMPLE | J38: N/A | K38: CUMPLE | L38: CUMPLE | M38: CUMPLE | N38: =IF(C38="","N/A",IF(AND(OR(E38="CUMPLE",E38="N/A"),OR(F38="CUMPLE",F38="N/A"),OR(G38="CUMPLE",G38="N/A"),OR(H38="CUMPLE",H38="N/A"),OR(I38="CUMPLE",I38="N/A"),OR(J38="CUMPLE",J38="N/A"),OR(K38="CUMPLE",K38="N/A"),OR(L38="CUMPLE",L38="N/A"),OR(M38="CUMPLE",M38="N/A")),"CUMPLE","NO CUMPLE")) -> NO CUMPLE | O38: =+'K RESIDUAL CALCULO'!N38 -> #DIV/0! | P38: =IF($G$9<=12,$C$9-$G$10*$C$9,(($C$9-$G$10)/$G$9)*12) -> 0 | Q38: =IF(AND(O38>=P38,OR(N38="CUMPLE",N38="N/A"),OR(N39="CUMPLE",N39="N/A"),OR(N40="CUMPLE",N40="N/A"),OR(N41="CUMPLE",N41="N/A")*OR(N42="CUMPLE",N42="N/A")),"CUMPLE","NO CUMPLE") -> #DIV/0! | R38: El contador Neil Constantino Zarate identificado con C.C. 79.055.708 no aporta un certificado de antecedentes de contador vigente, ya que el certificado que se adjunta a la oferta tiene fecha de expedición del 9 de agosto 2021 y estos certificados solamente tienen tres (3) meses de vigencia. Por lo tanto, el certificado aportado por el contador Neil Constantino Zarate, no está vigente a la fecha de la presentación de las ofertas cuya fecha de cierre fue el 26 de noviembre de 2021. Lo anterior, se hace necesario indicar para dar cumplimiento a lo establecido en el pliego de condiciones y los demás documentos contractuales de la licitación pública FDLK-LP-12-2021.
C39: =IF(VLOOKUP(B38,PROPONENTES!$B$10:$N$16,4,FALSE)="","",VLOOKUP(B38,PROPONENTES!$B$10:$N$16,4,FALSE)) -> SISTEMA INGENIERIA, SUCURSAL COLOMBIA | D39: =VLOOKUP(B38,PROPONENTES!$B$10:$N$16,5,FALSE) -> 0.5 | N39: =IF(C39="","N/A",IF(AND(OR(E39="CUMPLE",E39="N/A"),OR(F39="CUMPLE",F39="N/A"),OR(G39="CUMPLE",G39="N/A"),OR(H39="CUMPLE",H39="N/A"),OR(I39="CUMPLE",I39="N/A"),OR(J39="CUMPLE",J39="N/A"),OR(K39="CUMPLE",K39="N/A"),OR(L39="CUMPLE",L39="N/A"),OR(M39="CUMPLE",M39="N/A")),"CUMPLE","NO CUMPLE")) -> NO CUMPLE
C40: =IF(VLOOKUP(B38,PROPONENTES!$B$10:$N$16,6,FALSE)="","",VLOOKUP(B38,PROPONENTES!$B$10:$N$16,6,FALSE)) | D40: =VLOOKUP(B38,PROPONENTES!$B$10:$N$16,7,FALSE) -> 0 | N40: =IF(C40="","N/A",IF(AND(OR(E40="CUMPLE",E40="N/A"),OR(F40="CUMPLE",F40="N/A"),OR(G40="CUMPLE",G40="N/A"),OR(H40="CUMPLE",H40="N/A"),OR(I40="CUMPLE",I40="N/A"),OR(J40="CUMPLE",J40="N/A"),OR(K40="CUMPLE",K40="N/A"),OR(L40="CUMPLE",L40="N/A"),OR(M40="CUMPLE",M40="N/A")),"CUMPLE","NO CUMPLE")) -> N/A
C41: =IF(VLOOKUP(B38,PROPONENTES!$B$10:$N$16,8,FALSE)="","",VLOOKUP(B38,PROPONENTES!$B$10:$N$16,8,FALSE)) | D41: =VLOOKUP(B38,PROPONENTES!$B$10:$N$16,9,FALSE) -> 0 | N41: =IF(C41="","N/A",IF(AND(OR(E41="CUMPLE",E41="N/A"),OR(F41="CUMPLE",F41="N/A"),OR(G41="CUMPLE",G41="N/A"),OR(H41="CUMPLE",H41="N/A"),OR(I41="CUMPLE",I41="N/A"),OR(J41="CUMPLE",J41="N/A"),OR(K41="CUMPLE",K41="N/A"),OR(L41="CUMPLE",L41="N/A"),OR(M41="CUMPLE",M41="N/A")),"CUMPLE","NO CUMPLE")) -> N/A
C42: =IF(VLOOKUP(B38,PROPONENTES!$B$10:$N$16,8,FALSE)="","",VLOOKUP(B38,PROPONENTES!$B$10:$N$16,10,FALSE)) | D42: =VLOOKUP(B38,PROPONENTES!$B$10:$N$16,11,FALSE) -> 0 | N42: =IF(C42="","N/A",IF(AND(OR(E42="CUMPLE",E42="N/A"),OR(F42="CUMPLE",F42="N/A"),OR(G42="CUMPLE",G42="N/A"),OR(H42="CUMPLE",H42="N/A"),OR(I42="CUMPLE",I42="N/A"),OR(J42="CUMPLE",J42="N/A"),OR(K42="CUMPLE",K42="N/A"),OR(L42="CUMPLE",L42="N/A"),OR(M42="CUMPLE",M42="N/A")),"CUMPLE","NO CUMPLE")) -> N/A
A43: 7 | B43: =+PROPONENTES!B16 -> CONSORCIO PB | C43: =IF(VLOOKUP(B43,PROPONENTES!$B$10:$N$16,2,FALSE)="","",VLOOKUP(B43,PROPONENTES!$B$10:$N$16,2,FALSE)) -> PROYECTO SANABRIA S.A.S. | D43: =VLOOKUP(B43,PROPONENTES!$B$10:$N$16,3,FALSE) -> 0.5 | E43: CUMPLE | F43: CUMPLE | G43: CUMPLE | H43: NO CUMPLE | I43: NO CUMPLE | J43: N/A | K43: CUMPLE | L43: CUMPLE | M43: CUMPLE | N43: =IF(C43="","N/A",IF(AND(OR(E43="CUMPLE",E43="N/A"),OR(F43="CUMPLE",F43="N/A"),OR(G43="CUMPLE",G43="N/A"),OR(H43="CUMPLE",H43="N/A"),OR(I43="CUMPLE",I43="N/A"),OR(J43="CUMPLE",J43="N/A"),OR(K43="CUMPLE",K43="N/A"),OR(L43="CUMPLE",L43="N/A"),OR(M43="CUMPLE",M43="N/A")),"CUMPLE","NO CUMPLE")) -> NO CUMPLE | O43: =+'K RESIDUAL CALCULO'!N43 -> #DIV/0! | P43: =IF($G$9<=12,$C$9-$G$10*$C$9,(($C$9-$G$10)/$G$9)*12) -> 0 | Q43: =IF(AND(O43>=P43,OR(N43="CUMPLE",N43="N/A"),OR(N44="CUMPLE",N44="N/A"),OR(N45="CUMPLE",N45="N/A"),OR(N46="CUMPLE",N46="N/A")*OR(N47="CUMPLE",N47="N/A")),"CUMPLE","NO CUMPLE") -> #DIV/0! | R43: Los proponentes que conforman la UNION TEMPORAL KENNEDY VEHICULAR, NO aportan el informe de auditoría de los estados financieros debidamente suscrito por un revisor fiscal o un contador independiente. Por otro lado, los dos proponentes que conforman al oferente UNION TEMPORAL KENNEDY VEHICULAR NO aportan la tarjeta profesional de los contadores que firman los documentos presentados en la propuesta, ni tampoco el certificado de antecedentes profesionales vigente de los contadores (certificado de la junta de contadores). Lo anterior, se hace necesario indicar para dar cumplimiento a lo establecido en el pliego de condiciones y los demás documentos contractuales de la licitación pública FDLK-LP-12-2021.
C44: =IF(VLOOKUP(B43,PROPONENTES!$B$10:$N$16,4,FALSE)="","",VLOOKUP(B43,PROPONENTES!$B$10:$N$16,4,FALSE)) -> BALANCE & INGENERIA S.A.S. | D44: =VLOOKUP(B43,PROPONENTES!$B$10:$N$16,5,FALSE) -> 0.5 | E44: CUMPLE | F44: CUMPLE | G44: CUMPLE | H44: NO CUMPLE | I44: NO CUMPLE | J44: N/A | K44: CUMPLE | L44: CUMPLE | M44: CUMPLE | N44: =IF(C44="","N/A",IF(AND(OR(E44="CUMPLE",E44="N/A"),OR(F44="CUMPLE",F44="N/A"),OR(G44="CUMPLE",G44="N/A"),OR(H44="CUMPLE",H44="N/A"),OR(I44="CUMPLE",I44="N/A"),OR(J44="CUMPLE",J44="N/A"),OR(K44="CUMPLE",K44="N/A"),OR(L44="CUMPLE",L44="N/A"),OR(M44="CUMPLE",M44="N/A")),"CUMPLE","NO CUMPLE")) -> NO CUMPLE
C45: =IF(VLOOKUP(B43,PROPONENTES!$B$10:$N$16,6,FALSE)="","",VLOOKUP(B43,PROPONENTES!$B$10:$N$16,6,FALSE)) | D45: =VLOOKUP(B43,PROPONENTES!$B$10:$N$16,7,FALSE) -> 0 | N45: =IF(C45="","N/A",IF(AND(OR(E45="CUMPLE",E45="N/A"),OR(F45="CUMPLE",F45="N/A"),OR(G45="CUMPLE",G45="N/A"),OR(H45="CUMPLE",H45="N/A"),OR(I45="CUMPLE",I45="N/A"),OR(J45="CUMPLE",J45="N/A"),OR(K45="CUMPLE",K45="N/A"),OR(L45="CUMPLE",L45="N/A"),OR(M45="CUMPLE",M45="N/A")),"CUMPLE","NO CUMPLE")) -> N/A
C46: =IF(VLOOKUP(B43,PROPONENTES!$B$10:$N$16,8,FALSE)="","",VLOOKUP(B43,PROPONENTES!$B$10:$N$16,8,FALSE)) | D46: =VLOOKUP(B43,PROPONENTES!$B$10:$N$16,9,FALSE) -> 0 | N46: =IF(C46="","N/A",IF(AND(OR(E46="CUMPLE",E46="N/A"),OR(F46="CUMPLE",F46="N/A"),OR(G46="CUMPLE",G46="N/A"),OR(H46="CUMPLE",H46="N/A"),OR(I46="CUMPLE",I46="N/A"),OR(J46="CUMPLE",J46="N/A"),OR(K46="CUMPLE",K46="N/A"),OR(L46="CUMPLE",L46="N/A"),OR(M46="CUMPLE",M46="N/A")),"CUMPLE","NO CUMPLE")) -> N/A
C47: =IF(VLOOKUP(B43,PROPONENTES!$B$10:$N$16,8,FALSE)="","",VLOOKUP(B43,PROPONENTES!$B$10:$N$16,10,FALSE)) | D47: =VLOOKUP(B43,PROPONENTES!$B$10:$N$16,11,FALSE) -> 0 | N47: =IF(C47="","N/A",IF(AND(OR(E47="CUMPLE",E47="N/A"),OR(F47="CUMPLE",F47="N/A"),OR(G47="CUMPLE",G47="N/A"),OR(H47="CUMPLE",H47="N/A"),OR(I47="CUMPLE",I47="N/A"),OR(J47="CUMPLE",J47="N/A"),OR(K47="CUMPLE",K47="N/A"),OR(L47="CUMPLE",L47="N/A"),OR(M47="CUMPLE",M47="N/A")),"CUMPLE","NO CUMPLE")) -> N/A

Sheet K RESIDUAL CALCULO
A2: FONDO DE DESARROLLO LOCAL DE KENNEDY
A4: ='DATOS INICIALES'!G4 -> FDLUSA-CMA-003-2025
A6: Ciudad | C6: BOGOTÁ D.C | D6: Fecha de Evaluación | G6: 44498
A7: DATOS GENERALES
A8: OBJETO DE LA CONVOCATORIA | C8: ='DATOS INICIALES'!D2 -> "INTERVENTORÍA TÉCNICA, ADMINISTRATIVA, FINANCIERA, JURÍDICA, AMBIENTAL Y SOCIAL AL CONTRATO DE OBRA PÚBLICA RESULTANTE DEL PROCESO DE LICITACIÓN PÚBLICA CUYO OBJETO ES: CONTRATAR POR EL SISTEMA DE PRECIOS UNITARIOS Y A MONTO AGOTABLE LA INTERVENCIÓN DE LOS ELEMENTOS DE LA MALLA VIAL LOCAL E INTERMEDIA Y/O ESPACIO PÚBLICO DE LA LOCALIDAD DE USAQUÉN EN BOGOTÁ CON OBRAS Y ACTIVIDADES DE CONSERVACIÓN"
A9: VALOR DEL PROCESO EN PESOS | C9: =+'DATOS INICIALES'!C6 -> 0 | F9: PLAZO DEL CONTRATO (MESES) | G9: 4
A10: VALOR DEL PROCESO EN SMMLV | C10: =C9/'DATOS INICIALES'!B50 -> 0 | F10: ANTICIPO | G10: 0
A12: No. | B12: PROPONENTE | C12: INTEGRANTE | D12: % | E12: INDICE DE LIQUIDEZ | F12: MEJOR INGRESO OPERACIONAL DE LOS ULTIMOS 5 AÑOS | G12: VALOR TOTAL CONTRATOS CODIGO 72 | H12: CANTIDAD DE SOCIOS Y PROFESIONALES DE LA ARQUITECTURA, INGENIERÍA Y GEOLOGÍA VINCULADOS | I12: SALDO DE CONTRATOS EN EJECUCIÓN | J12: PUNTAJE EXPERIENCIA (E) | K12: CAPACIDAD FINANCIERA (CF) | L12: CAPACIDAD TECNICA (CT) | M12: K RESIDUAL | N12: K RESIDUAL ACREDITADO | O12: K RESIDUAL REQUERIDO | P12: CONCEPTO
A13: 1 | B13: =+PROPONENTES!B10 -> GRUPO METRO COLOMBIA SAS | C13: =IF(VLOOKUP(B13,PROPONENTES!$B$10:$N$16,2,FALSE)="","",VLOOKUP(B13,PROPONENTES!$B$10:$N$16,2,FALSE)) -> GRUPO METRO COLOMBIA SAS | D13: =VLOOKUP(B13,PROPONENTES!$B$10:$N$16,3,FALSE) -> 1 | E13: 7.69 | F13: 1143587893 | G13: 4.7581519e+10 | H13: 1 | I13: 114692409 | J13: =IF(C13="","",IF(AND((G13/($C$9*D13))>0,(G13/($C$9*D13))<=3),60,IF(AND((G13/($C$9*D13))>3,(G13/($C$9*D13))<=6),80,IF(AND((G13/($C$9*D13))>6,(G13/($C$9*D13))<=10),100,IF((G13/($C$9*D13))>10,120,))))) -> #DIV/0! | K13: =IF(C13="","",IF(AND(E13>0,E13<=0.5),20,IF(AND(E13>0.5,E13<=0.75),25,IF(AND(E13>0.75,E13<=1),30,IF(AND(E13>1,E13<=1.5),35,IF(E13>1.5,40)))))) -> 40 | L13: =IF(C13="","",IF(AND(H13>=1,H13<=5),20,IF(AND(H13>=6,H13<=10),30,IF(H13>=11,40,)))) -> 20 | M13: =+IF(C13="","",(F13*(J13+K13+L13)/100)-I13) -> #DIV/0! | N13: =SUM(M13:M17) -> #DIV/0! | O13: =IF($G$9<=12,$C$9-$G$10*$C$9,(($C$9-$G$10)/$G$9)*12) -> 0 | P13: =IF(N13>=O13,"CUMPLE","NO CUMPLE") -> #DIV/0!
C14: =IF(VLOOKUP(B13,PROPONENTES!$B$10:$N$16,4,FALSE)="","",VLOOKUP(B13,PROPONENTES!$B$10:$N$16,4,FALSE)) | D14: =VLOOKUP(B13,PROPONENTES!$B$10:$N$16,5,FALSE) -> 0 | E14: 4.93 | F14: 1.2605074e+08 | G14: 2.0725185e+10 | H14: 1 | I14: 473451635 | J14: =IF(C14="","",IF(AND((G14/($C$9*D14))>0,(G14/($C$9*D14))<=3),60,IF(AND((G14/($C$9*D14))>3,(G14/($C$9*D14))<=6),80,IF(AND((G14/($C$9*D14))>6,(G14/($C$9*D14))<=10),100,IF((G14/($C$9*D14))>10,120,))))) | K14: =IF(C14="","",IF(AND(E14>0,E14<=0.5),20,IF(AND(E14>0.5,E14<=0.75),25,IF(AND(E14>0.75,E14<=1),30,IF(AND(E14>1,E14<=1.5),35,IF(E14>1.5,40)))))) | L14: =IF(C14="","",IF(AND(H14>=1,H14<=5),20,IF(AND(H14>=6,H14<=10),30,IF(H14>=11,40,)))) | M14: =+IF(C14="","",(F14*(J14+K14+L14)/100)-I14)
C15: =IF(VLOOKUP(B13,PROPONENTES!$B$10:$N$16,6,FALSE)="","",VLOOKUP(B13,PROPONENTES!$B$10:$N$16,6,FALSE)) | D15: =VLOOKUP(B13,PROPONENTES!$B$10:$N$16,7,FALSE) -> 0 | J15: =IF(C15="","",IF(AND((G15/($C$9*D15))>0,(G15/($C$9*D15))<=3),60,IF(AND((G15/($C$9*D15))>3,(G15/($C$9*D15))<=6),80,IF(AND((G15/($C$9*D15))>6,(G15/($C$9*D15))<=10),100,IF((G15/($C$9*D15))>10,120,))))) | K15: =IF(C15="","",IF(AND(E15>0,E15<=0.5),20,IF(AND(E15>0.5,E15<=0.75),25,IF(AND(E15>0.75,E15<=1),30,IF(AND(E15>1,E15<=1.5),35,IF(E15>1.5,40)))))) | L15: =IF(C15="","",IF(AND(H15>=1,H15<=5),20,IF(AND(H15>=6,H15<=10),30,IF(H15>=11,40,)))) | M15: =+IF(C15="","",(F15*(J15+K15+L15)/100)-I15)
C16: =IF(VLOOKUP(B13,PROPONENTES!$B$10:$N$16,8,FALSE)="","",VLOOKUP(B13,PROPONENTES!$B$10:$N$16,8,FALSE)) | D16: =VLOOKUP(B13,PROPONENTES!$B$10:$N$16,9,FALSE) -> 0 | J16: =IF(C16="","",IF(AND((G16/($C$9*D16))>0,(G16/($C$9*D16))<=3),60,IF(AND((G16/($C$9*D16))>3,(G16/($C$9*D16))<=6),80,IF(AND((G16/($C$9*D16))>6,(G16/($C$9*D16))<=10),100,IF((G16/($C$9*D16))>10,120,))))) | K16: =IF(C16="","",IF(AND(E16>0,E16<=0.5),20,IF(AND(E16>0.5,E16<=0.75),25,IF(AND(E16>0.75,E16<=1),30,IF(AND(E16>1,E16<=1.5),35,IF(E16>1.5,40)))))) | L16: =IF(C16="","",IF(AND(H16>=1,H16<=5),20,IF(AND(H16>=6,H16<=10),30,IF(H16>=11,40,)))) | M16: =+IF(C16="","",(F16*(J16+K16+L16)/100)-I16)
C17: =IF(VLOOKUP(B13,PROPONENTES!$B$10:$N$16,8,FALSE)="","",VLOOKUP(B13,PROPONENTES!$B$10:$N$16,10,FALSE)) | D17: =VLOOKUP(B13,PROPONENTES!$B$10:$N$16,11,FALSE) -> 0 | J17: =IF(C17="","",IF(AND((G17/($C$9*D17))>0,(G17/($C$9*D17))<=3),60,IF(AND((G17/($C$9*D17))>3,(G17/($C$9*D17))<=6),80,IF(AND((G17/($C$9*D17))>6,(G17/($C$9*D17))<=10),100,IF((G17/($C$9*D17))>10,120,))))) | K17: =IF(C17="","",IF(AND(E17>0,E17<=0.5),20,IF(AND(E17>0.5,E17<=0.75),25,IF(AND(E17>0.75,E17<=1),30,IF(AND(E17>1,E17<=1.5),35,IF(E17>1.5,40)))))) | L17: =IF(C17="","",IF(AND(H17>=1,H17<=5),20,IF(AND(H17>=6,H17<=10),30,IF(H17>=11,40,)))) | M17: =+IF(C17="","",(F17*(J17+K17+L17)/100)-I17)
A18: 2 | B18: =+PROPONENTES!B11 -> CONSORCIO INTERVIAS USAQUEN AI | C18: =IF(VLOOKUP(B18,PROPONENTES!$B$10:$N$16,2,FALSE)="","",VLOOKUP(B18,PROPONENTES!$B$10:$N$16,2,FALSE)) -> AIRTIFICIAL CW INFRASTRUCTURES COLOMBIA S.A.S. | D18: =VLOOKUP(B18,PROPONENTES!$B$10:$N$16,3,FALSE) -> 0.7 | E18: 9.36 | F18: 3939642522 | G18: 2.2662094e+10 | H18: 9 | I18: 0 | J18: =IF(C18="","",IF(AND((G18/($C$9*D18))>0,(G18/($C$9*D18))<=3),60,IF(AND((G18/($C$9*D18))>3,(G18/($C$9*D18))<=6),80,IF(AND((G18/($C$9*D18))>6,(G18/($C$9*D18))<=10),100,IF((G18/($C$9*D18))>10,120,))))) -> #DIV/0! | K18: =IF(C18="","",IF(AND(E18>0,E18<=0.5),20,IF(AND(E18>0.5,E18<=0.75),25,IF(AND(E18>0.75,E18<=1),30,IF(AND(E18>1,E18<=1.5),35,IF(E18>1.5,40)))))) -> 40 | L18: =IF(C18="","",IF(AND(H18>=1,H18<=5),20,IF(AND(H18>=6,H18<=10),30,IF(H18>=11,40,)))) -> 30 | M18: =+IF(C18="","",(F18*(J18+K18+L18)/100)-I18) -> #DIV/0! | N18: =SUM(M18:M22) -> #DIV/0! | O18: =IF($G$9<=12,$C$9-$G$10*$C$9,(($C$9-$G$10)/$G$9)*12) -> 0 | P18: =IF(B18="","",IF(N18>=O18,"CUMPLE","NO CUMPLE")) -> #DIV/0!
C19: =IF(VLOOKUP(B18,PROPONENTES!$B$10:$N$16,4,FALSE)="","",VLOOKUP(B18,PROPONENTES!$B$10:$N$16,4,FALSE)) -> INNOBRAS LTDA | D19: =VLOOKUP(B18,PROPONENTES!$B$10:$N$16,5,FALSE) -> 0.3 | J19: =IF(C19="","",IF(AND((G19/($C$9*D19))>0,(G19/($C$9*D19))<=3),60,IF(AND((G19/($C$9*D19))>3,(G19/($C$9*D19))<=6),80,IF(AND((G19/($C$9*D19))>6,(G19/($C$9*D19))<=10),100,IF((G19/($C$9*D19))>10,120,))))) -> #DIV/0! | K19: =IF(C19="","",IF(AND(E19>0,E19<=0.5),20,IF(AND(E19>0.5,E19<=0.75),25,IF(AND(E19>0.75,E19<=1),30,IF(AND(E19>1,E19<=1.5),35,IF(E19>1.5,40)))))) -> FALSE | L19: =IF(C19="","",IF(AND(H19>=1,H19<=5),20,IF(AND(H19>=6,H19<=10),30,IF(H19>=11,40,)))) -> 0 | M19: =+IF(C19="","",(F19*(J19+K19+L19)/100)-I19) -> #DIV/0!
C20: =IF(VLOOKUP(B18,PROPONENTES!$B$10:$N$16,6,FALSE)="","",VLOOKUP(B18,PROPONENTES!$B$10:$N$16,6,FALSE)) | D20: =VLOOKUP(B18,PROPONENTES!$B$10:$N$16,7,FALSE) -> 0 | J20: =IF(C20="","",IF(AND((G20/($C$9*D20))>0,(G20/($C$9*D20))<=3),60,IF(AND((G20/($C$9*D20))>3,(G20/($C$9*D20))<=6),80,IF(AND((G20/($C$9*D20))>6,(G20/($C$9*D20))<=10),100,IF((G20/($C$9*D20))>10,120,))))) | K20: =IF(C20="","",IF(AND(E20>0,E20<=0.5),20,IF(AND(E20>0.5,E20<=0.75),25,IF(AND(E20>0.75,E20<=1),30,IF(AND(E20>1,E20<=1.5),35,IF(E20>1.5,40)))))) | L20: =IF(C20="","",IF(AND(H20>=1,H20<=5),20,IF(AND(H20>=6,H20<=10),30,IF(H20>=11,40,)))) | M20: =+IF(C20="","",(F20*(J20+K20+L20)/100)-I20)
C21: =IF(VLOOKUP(B18,PROPONENTES!$B$10:$N$16,8,FALSE)="","",VLOOKUP(B18,PROPONENTES!$B$10:$N$16,8,FALSE)) | D21: =VLOOKUP(B18,PROPONENTES!$B$10:$N$16,9,FALSE) -> 0 | J21: =IF(C21="","",IF(AND((G21/($C$9*D21))>0,(G21/($C$9*D21))<=3),60,IF(AND((G21/($C$9*D21))>3,(G21/($C$9*D21))<=6),80,IF(AND((G21/($C$9*D21))>6,(G21/($C$9*D21))<=10),100,IF((G21/($C$9*D21))>10,120,))))) | K21: =IF(C21="","",IF(AND(E21>0,E21<=0.5),20,IF(AND(E21>0.5,E21<=0.75),25,IF(AND(E21>0.75,E21<=1),30,IF(AND(E21>1,E21<=1.5),35,IF(E21>1.5,40)))))) | L21: =IF(C21="","",IF(AND(H21>=1,H21<=5),20,IF(AND(H21>=6,H21<=10),30,IF(H21>=11,40,)))) | M21: =+IF(C21="","",(F21*(J21+K21+L21)/100)-I21)
C22: =IF(VLOOKUP(B18,PROPONENTES!$B$10:$N$16,8,FALSE)="","",VLOOKUP(B18,PROPONENTES!$B$10:$N$16,10,FALSE)) | D22: =VLOOKUP(B18,PROPONENTES!$B$10:$N$16,11,FALSE) -> 0 | J22: =IF(C22="","",IF(AND((G22/($C$9*D22))>0,(G22/($C$9*D22))<=3),60,IF(AND((G22/($C$9*D22))>3,(G22/($C$9*D22))<=6),80,IF(AND((G22/($C$9*D22))>6,(G22/($C$9*D22))<=10),100,IF((G22/($C$9*D22))>10,120,))))) | K22: =IF(C22="","",IF(AND(E22>0,E22<=0.5),20,IF(AND(E22>0.5,E22<=0.75),25,IF(AND(E22>0.75,E22<=1),30,IF(AND(E22>1,E22<=1.5),35,IF(E22>1.5,40)))))) | L22: =IF(C22="","",IF(AND(H22>=1,H22<=5),20,IF(AND(H22>=6,H22<=10),30,IF(H22>=11,40,)))) | M22: =+IF(C22="","",(F22*(J22+K22+L22)/100)-I22)
A23: 3 | B23: =+PROPONENTES!B12 -> CONSORCIO PROYECTA VIAL | C23: =IF(VLOOKUP(B23,PROPONENTES!$B$10:$N$16,2,FALSE)="","",VLOOKUP(B23,PROPONENTES!$B$10:$N$16,2,FALSE)) -> GRUPO POSSO S.A.S. | D23: =VLOOKUP(B23,PROPONENTES!$B$10:$N$16,3,FALSE) -> 0.9 | E23: 61.61 | F23: 2950600000 | G23: 1.8288205e+10 | H23: 1 | I23: 3.7016722e+08 | J23: =IF(C23="","",IF(AND((G23/($C$9*D23))>0,(G23/($C$9*D23))<=3),60,IF(AND((G23/($C$9*D23))>3,(G23/($C$9*D23))<=6),80,IF(AND((G23/($C$9*D23))>6,(G23/($C$9*D23))<=10),100,IF((G23/($C$9*D23))>10,120,))))) -> #DIV/0! | K23: =IF(C23="","",IF(AND(E23>0,E23<=0.5),20,IF(AND(E23>0.5,E23<=0.75),25,IF(AND(E23>0.75,E23<=1),30,IF(AND(E23>1,E23<=1.5),35,IF(E23>1.5,40)))))) -> 40 | L23: =IF(C23="","",IF(AND(H23>=1,H23<=5),20,IF(AND(H23>=6,H23<=10),30,IF(H23>=11,40,)))) -> 20 | M23: =+IF(C23="","",(F23*(J23+K23+L23)/100)-I23) -> #DIV/0! | N23: =SUM(M23:M27) -> #DIV/0! | O23: =IF($G$9<=12,$C$9-$G$10*$C$9,(($C$9-$G$10)/$G$9)*12) -> 0 | P23: =IF(N23>=O23,"CUMPLE","NO CUMPLE") -> #DIV/0!
C24: =IF(VLOOKUP(B23,PROPONENTES!$B$10:$N$16,4,FALSE)="","",VLOOKUP(B23,PROPONENTES!$B$10:$N$16,4,FALSE)) -> INGENIERÍA MONCADA GONZÁLEZ Y ASOCIADOS S.A.S. | D24: =VLOOKUP(B23,PROPONENTES!$B$10:$N$16,5,FALSE) -> 0.1 | J24: =IF(C24="","",IF(AND((G24/($C$9*D24))>0,(G24/($C$9*D24))<=3),60,IF(AND((G24/($C$9*D24))>3,(G24/($C$9*D24))<=6),80,IF(AND((G24/($C$9*D24))>6,(G24/($C$9*D24))<=10),100,IF((G24/($C$9*D24))>10,120,))))) -> #DIV/0! | K24: =IF(C24="","",IF(AND(E24>0,E24<=0.5),20,IF(AND(E24>0.5,E24<=0.75),25,IF(AND(E24>0.75,E24<=1),30,IF(AND(E24>1,E24<=1.5),35,IF(E24>1.5,40)))))) -> FALSE | L24: =IF(C24="","",IF(AND(H24>=1,H24<=5),20,IF(AND(H24>=6,H24<=10),30,IF(H24>=11,40,)))) -> 0 | M24: =+IF(C24="","",(F24*(J24+K24+L24)/100)-I24) -> #DIV/0!
C25: =IF(VLOOKUP(B23,PROPONENTES!$B$10:$N$16,6,FALSE)="","",VLOOKUP(B23,PROPONENTES!$B$10:$N$16,6,FALSE)) | D25: =VLOOKUP(B23,PROPONENTES!$B$10:$N$16,7,FALSE) -> 0 | J25: =IF(C25="","",IF(AND((G25/($C$9*D25))>0,(G25/($C$9*D25))<=3),60,IF(AND((G25/($C$9*D25))>3,(G25/($C$9*D25))<=6),80,IF(AND((G25/($C$9*D25))>6,(G25/($C$9*D25))<=10),100,IF((G25/($C$9*D25))>10,120,))))) | K25: =IF(C25="","",IF(AND(E25>0,E25<=0.5),20,IF(AND(E25>0.5,E25<=0.75),25,IF(AND(E25>0.75,E25<=1),30,IF(AND(E25>1,E25<=1.5),35,IF(E25>1.5,40)))))) | L25: =IF(C25="","",IF(AND(H25>=1,H25<=5),20,IF(AND(H25>=6,H25<=10),30,IF(H25>=11,40,)))) | M25: =+IF(C25="","",(F25*(J25+K25+L25)/100)-I25)
C26: =IF(VLOOKUP(B23,PROPONENTES!$B$10:$N$16,8,FALSE)="","",VLOOKUP(B23,PROPONENTES!$B$10:$N$16,8,FALSE)) | D26: =VLOOKUP(B23,PROPONENTES!$B$10:$N$16,9,FALSE) -> 0 | J26: =IF(C26="","",IF(AND((G26/($C$9*D26))>0,(G26/($C$9*D26))<=3),60,IF(AND((G26/($C$9*D26))>3,(G26/($C$9*D26))<=6),80,IF(AND((G26/($C$9*D26))>6,(G26/($C$9*D26))<=10),100,IF((G26/($C$9*D26))>10,120,))))) | K26: =IF(C26="","",IF(AND(E26>0,E26<=0.5),20,IF(AND(E26>0.5,E26<=0.75),25,IF(AND(E26>0.75,E26<=1),30,IF(AND(E26>1,E26<=1.5),35,IF(E26>1.5,40)))))) | L26: =IF(C26="","",IF(AND(H26>=1,H26<=5),20,IF(AND(H26>=6,H26<=10),30,IF(H26>=11,40,)))) | M26: =+IF(C26="","",(F26*(J26+K26+L26)/100)-I26)
C27: =IF(VLOOKUP(B23,PROPONENTES!$B$10:$N$16,8,FALSE)="","",VLOOKUP(B23,PROPONENTES!$B$10:$N$16,10,FALSE)) | D27: =VLOOKUP(B23,PROPONENTES!$B$10:$N$16,11,FALSE) -> 0 | J27: =IF(C27="","",IF(AND((G27/($C$9*D27))>0,(G27/($C$9*D27))<=3),60,IF(AND((G27/($C$9*D27))>3,(G27/($C$9*D27))<=6),80,IF(AND((G27/($C$9*D27))>6,(G27/($C$9*D27))<=10),100,IF((G27/($C$9*D27))>10,120,))))) | K27: =IF(C27="","",IF(AND(E27>0,E27<=0.5),20,IF(AND(E27>0.5,E27<=0.75),25,IF(AND(E27>0.75,E27<=1),30,IF(AND(E27>1,E27<=1.5),35,IF(E27>1.5,40)))))) | L27: =IF(C27="","",IF(AND(H27>=1,H27<=5),20,IF(AND(H27>=6,H27<=10),30,IF(H27>=11,40,)))) | M27: =+IF(C27="","",(F27*(J27+K27+L27)/100)-I27)
A28: 4 | B28: =+PROPONENTES!B13 -> PROYECTOS E INTERVENTORIAS S.A.S. | C28: =IF(VLOOKUP(B28,PROPONENTES!$B$10:$N$16,2,FALSE)="","",VLOOKUP(B28,PROPONENTES!$B$10:$N$16,2,FALSE)) -> PROYECTOS E INTERVENTORIAS S.A.S. | D28: =VLOOKUP(B28,PROPONENTES!$B$10:$N$16,3,FALSE) -> 1 | E28: 64.51 | F28: 626253000 | G28: 6.722154e+08 | H28: 1 | I28: 0 | J28: =IF(C28="","",IF(AND((G28/($C$9*D28))>0,(G28/($C$9*D28))<=3),60,IF(AND((G28/($C$9*D28))>3,(G28/($C$9*D28))<=6),80,IF(AND((G28/($C$9*D28))>6,(G28/($C$9*D28))<=10),100,IF((G28/($C$9*D28))>10,120,))))) -> #DIV/0! | K28: =IF(C28="","",IF(AND(E28>0,E28<=0.5),20,IF(AND(E28>0.5,E28<=0.75),25,IF(AND(E28>0.75,E28<=1),30,IF(AND(E28>1,E28<=1.5),35,IF(E28>1.5,40)))))) -> 40 | L28: =IF(C28="","",IF(AND(H28>=1,H28<=5),20,IF(AND(H28>=6,H28<=10),30,IF(H28>=11,40,)))) -> 20 | M28: =+IF(C28="","",(F28*(J28+K28+L28)/100)-I28) -> #DIV/0! | N28: =SUM(M28:M32) -> #DIV/0! | O28: =IF($G$9<=12,$C$9-$G$10*$C$9,(($C$9-$G$10)/$G$9)*12) -> 0 | P28: =IF(N28>=O28,"CUMPLE","NO CUMPLE") -> #DIV/0!
C29: =IF(VLOOKUP(B28,PROPONENTES!$B$10:$N$16,4,FALSE)="","",VLOOKUP(B28,PROPONENTES!$B$10:$N$16,4,FALSE)) | D29: =VLOOKUP(B28,PROPONENTES!$B$10:$N$16,5,FALSE) -> 0 | E29: 0 | F29: 12710667 | G29: 50115776593 | H29: 11 | I29: 0 | J29: =IF(C29="","",IF(AND((G29/($C$9*D29))>0,(G29/($C$9*D29))<=3),60,IF(AND((G29/($C$9*D29))>3,(G29/($C$9*D29))<=6),80,IF(AND((G29/($C$9*D29))>6,(G29/($C$9*D29))<=10),100,IF((G29/($C$9*D29))>10,120,))))) | K29: =IF(C29="","",IF(AND(E29>0,E29<=0.5),20,IF(AND(E29>0.5,E29<=0.75),25,IF(AND(E29>0.75,E29<=1),30,IF(AND(E29>1,E29<=1.5),35,IF(E29>1.5,40)))))) | L29: =IF(C29="","",IF(AND(H29>=1,H29<=5),20,IF(AND(H29>=6,H29<=10),30,IF(H29>=11,40,)))) | M29: =+IF(C29="","",(F29*(J29+K29+L29)/100)-I29)
C30: =IF(VLOOKUP(B28,PROPONENTES!$B$10:$N$16,6,FALSE)="","",VLOOKUP(B28,PROPONENTES!$B$10:$N$16,6,FALSE)) | D30: =VLOOKUP(B28,PROPONENTES!$B$10:$N$16,7,FALSE) -> 0 | J30: =IF(C30="","",IF(AND((G30/($C$9*D30))>0,(G30/($C$9*D30))<=3),60,IF(AND((G30/($C$9*D30))>3,(G30/($C$9*D30))<=6),80,IF(AND((G30/($C$9*D30))>6,(G30/($C$9*D30))<=10),100,IF((G30/($C$9*D30))>10,120,))))) | K30: =IF(C30="","",IF(AND(E30>0,E30<=0.5),20,IF(AND(E30>0.5,E30<=0.75),25,IF(AND(E30>0.75,E30<=1),30,IF(AND(E30>1,E30<=1.5),35,IF(E30>1.5,40)))))) | L30: =IF(C30="","",IF(AND(H30>=1,H30<=5),20,IF(AND(H30>=6,H30<=10),30,IF(H30>=11,40,)))) | M30: =+IF(C30="","",(F30*(J30+K30+L30)/100)-I30)
C31: =IF(VLOOKUP(B28,PROPONENTES!$B$10:$N$16,8,FALSE)="","",VLOOKUP(B28,PROPONENTES!$B$10:$N$16,8,FALSE)) | D31: =VLOOKUP(B28,PROPONENTES!$B$10:$N$16,9,FALSE) -> 0 | J31: =IF(C31="","",IF(AND((G31/($C$9*D31))>0,(G31/($C$9*D31))<=3),60,IF(AND((G31/($C$9*D31))>3,(G31/($C$9*D31))<=6),80,IF(AND((G31/($C$9*D31))>6,(G31/($C$9*D31))<=10),100,IF((G31/($C$9*D31))>10,120,))))) | K31: =IF(C31="","",IF(AND(E31>0,E31<=0.5),20,IF(AND(E31>0.5,E31<=0.75),25,IF(AND(E31>0.75,E31<=1),30,IF(AND(E31>1,E31<=1.5),35,IF(E31>1.5,40)))))) | L31: =IF(C31="","",IF(AND(H31>=1,H31<=5),20,IF(AND(H31>=6,H31<=10),30,IF(H31>=11,40,)))) | M31: =+IF(C31="","",(F31*(J31+K31+L31)/100)-I31)
C32: =IF(VLOOKUP(B28,PROPONENTES!$B$10:$N$16,8,FALSE)="","",VLOOKUP(B28,PROPONENTES!$B$10:$N$16,10,FALSE)) | D32: =VLOOKUP(B28,PROPONENTES!$B$10:$N$16,11,FALSE) -> 0 | J32: =IF(C32="","",IF(AND((G32/($C$9*D32))>0,(G32/($C$9*D32))<=3),60,IF(AND((G32/($C$9*D32))>3,(G32/($C$9*D32))<=6),80,IF(AND((G32/($C$9*D32))>6,(G32/($C$9*D32))<=10),100,IF((G32/($C$9*D32))>10,120,))))) | K32: =IF(C32="","",IF(AND(E32>0,E32<=0.5),20,IF(AND(E32>0.5,E32<=0.75),25,IF(AND(E32>0.75,E32<=1),30,IF(AND(E32>1,E32<=1.5),35,IF(E32>1.5,40)))))) | L32: =IF(C32="","",IF(AND(H32>=1,H32<=5),20,IF(AND(H32>=6,H32<=10),30,IF(H32>=11,40,)))) | M32: =+IF(C32="","",(F32*(J32+K32+L32)/100)-I32)
A33: 5 | B33: =+PROPONENTES!B14 -> CONSORCIO GAB VIAL USAQUEN 2025 | C33: =IF(VLOOKUP(B33,PROPONENTES!$B$10:$N$16,2,FALSE)="","",VLOOKUP(B33,PROPONENTES!$B$10:$N$16,2,FALSE)) -> GAB INGENIERIA SAS | D33: =VLOOKUP(B33,PROPONENTES!$B$10:$N$16,3,FALSE) -> 0.5 | J33: =IF(C33="","",IF(AND((G33/($C$9*D33))>0,(G33/($C$9*D33))<=3),60,IF(AND((G33/($C$9*D33))>3,(G33/($C$9*D33))<=6),80,IF(AND((G33/($C$9*D33))>6,(G33/($C$9*D33))<=10),100,IF((G33/($C$9*D33))>10,120,))))) -> #DIV/0! | K33: =IF(C33="","",IF(AND(E33>0,E33<=0.5),20,IF(AND(E33>0.5,E33<=0.75),25,IF(AND(E33>0.75,E33<=1),30,IF(AND(E33>1,E33<=1.5),35,IF(E33>1.5,40)))))) -> FALSE | L33: =IF(C33="","",IF(AND(H33>=1,H33<=5),20,IF(AND(H33>=6,H33<=10),30,IF(H33>=11,40,)))) -> 0 | M33: =+IF(C33="","",(F33*(J33+K33+L33)/100)-I33) -> #DIV/0! | N33: =SUM(M33:M37) -> #DIV/0! | O33: =IF($G$9<=12,$C$9-$G$10*$C$9,(($C$9-$G$10)/$G$9)*12) -> 0 | P33: =IF(N33>=O33,"CUMPLE","NO CUMPLE") -> #DIV/0!
